Workbook
Name _: 'Budget form-original'!$AD$4
Name Acad._Aff.: 'Non Tax-Levy'!$A$3:$A$5
Name Acad._Aff.: 'Non Tax-Levy'!$A$3:$A$5
Name Acad._Aff.: 'Budget form-NTL updated'!$AO$5:$AO$8
Name Acad._Aff.: 'Non Tax-Levy'!$A$3:$A$5
Name Acad._Aff.: 'Budget form-ALL'!$AJ$6:$AJ$17
Name AcctInfo: '[1]Budget form'!#REF!
Name AcctInfo: 'Budget form-NTL updated'!#REF!
Name AcctInfo: 'Budget form-original'!#REF!
Name AcctInfo: '[1]Budget form'!#REF!
Name AcctInfo: '[1]Budget form'!#REF!
Name Allen_Aaronson_Dept_of_Mkt\Ib: 'Non Tax-Levy'!$B$54:$B$55
Name Athletic_and_Recreation_ARC: 'Non Tax-Levy'!$B$34:$B$36
Name BCTC_Computing_and_Tech_Ctr: 'Non Tax-Levy'!$B$26:$B$28
Name Bert_Wasserman_Dept_Eco_and_Fin: 'Budget form_SAMPLE PAGE'!#REF!
Name Bert_Wasserman_Dept_Eco_and_Fin: 'Budget Modification Form'!#REF!
Name Bert_Wasserman_Dept_Eco_and_Fin: 'Budget form-ALL'!#REF!
Name Bert_Wasserman_Dept_of_Eco_and_Fin: 'Non Tax-Levy'!$B$56:$B$58
Name Campus_Facilities_and_Operations: 'Non Tax-Levy'!$B$16
Name Career_Development_Center: 'Non Tax-Levy'!$B$37
Name Career_Services_Operations: 'Non Tax-Levy'!$B$59
Name Center_Performing_Arts: 'Non Tax-Levy'!$B$41:$B$42
Name CodeDescr: OptCodes[Program, Spec Init, OU Description]
Name College: 'Non Tax-Levy'!$A$47
Name College_Advancement: 'Non Tax-Levy'!$B$20:$B$21
Name College_Now_Program: 'Non Tax-Levy'!$B$3
Name Communication_Studies: 'Non Tax-Levy'!$B$43
Name Conference_Center: 'Non Tax-Levy'!$B$17
Name Controllers_Office: 'Non Tax-Levy'!$B$18
Name DateRange: Date_Range_for_Forms[Date]
Name Deans_Office_MSPIA: 'Non Tax-Levy'!$B$10:$B$11
Name Deans_Office_WSAS: 'Non Tax-Levy'!$B$44:$B$48
Name Deans_Office_ZSB: 'Non Tax-Levy'!$B$60:$B$75
Name Executive_Programs_ZSB: 'Non Tax-Levy'!$B$76:$B$82
Name EXPCODES: '[1]Budget form'!#REF!
Name EXPCODES: 'Budget form-NTL updated'!#REF!
Name EXPCODES: 'Budget form-original'!#REF!
Name EXPCODES: '[1]Budget form'!#REF!
Name EXPCODES: '[1]Budget form'!#REF!
Name Financial_Aid: 'Non Tax-Levy'!$B$23
Name Fine_and_Performing_Arts: 'Non Tax-Levy'!$B$49
Name Fundhead: 'Budget form_SAMPLE PAGE'!#REF!
Name Fundhead: 'Budget form-ALL'!#REF!
Name Fundhead: 'Budget form-NTL updated'!#REF!
Name Fundhead: 'Budget form-ALL'!#REF!
Name Fundhead: 'Budget Modification Form'!#REF!
Name Fundhead: '[2]Budget form-ALL'!#REF!
Name Graduate_Programs_ZSB: 'Non Tax-Levy'!$B$83:$B$86
Name Heading: 'Budget form_SAMPLE PAGE'!#REF!
Name Heading: 'Budget form-ALL'!#REF!
Name Heading: 'Budget form-NTL updated'!#REF!
Name Heading: 'Budget form-ALL'!#REF!
Name Heading: 'Budget Modification Form'!#REF!
Name Heading: '[2]Budget form-ALL'!#REF!
Name IFR: [3]IFR!$B$5:$B$11
Name IFR: IFR!$B$5:$B$11
Name IFR_Acad_Aff: IFR!$F$7
Name IFR_Coll_Wide: IFR!$F$8
Name IFR_VPAF: IFR!$F$9:$F$11
Name IFR_VPEM: IFR!$F$12

Sheet Budget form-original
F1: Send all Budget Change Requests to: | J1: BudgetChangeRequest@baruch.cuny.edu
F2: All requests will be processed ASAP, and an updated Budget file will be saved in the Tax-Levy_&_IFR Resources drive at the end of the day.
A3: FY20 BUDGET CHANGE REQUEST | AD3: Division | AE3: Category | AF3: Affected Fiscal year(s): | AG3: Action | AH3: Allocation | AI3: Program | AJ3: CUNYFIRST HCM Local Dept. Description | AK3: CUNYFIRST DEPT | AL3: FAS DEPT | AM3: DEPT NAME (LOCAL usage) | AN3: Division | AO3: Date
A4: (TAX-LEVY ONLY) | AJ4: Please Select a Department | AK4: −−−−► | AL4: −−−−► | AM4: Please Select a Department | AN4: −−−−►
AD5: Acad. Aff. | AE5: Adjunct | AF5: Current YR only | AG5: Adjustment | AH5: Base | AI5: ACT Testing | AJ5: Dean For Academic Affairs | AK5: 10377 | AL5: 8601 | AM5: Provost-Faculty Operations | AN5: Acad Aff | AO5: 43592
AD6: OCM | AE6: Non-Teaching Adjuncts | AF6: Permanent | AG6: Initiative | AH6: Excellence Fee | AI6: Adjunct Extra Hour | AJ6: Center, Computer Visually Imp | AK6: 60024 | AL6: 9501 | AM6: Computer Ctr Visually Impaired | AN6: Acad Aff | AO6: 43593
A7: 1 | B7: *Action: | M7: *Requested By: | Q7: Type your name here | AD7: President | AE7: OTPS | AG7: Modification | AH7: Lump Sum | AI7: Athletics | AJ7: Center, Writing | AK7: 60083 | AL7: 88501 | AM7: Writing Center | AN7: Acad Aff | AO7: 43594
B8: Program: | M8: *Date | AD8: MSPIA | AE8: PS Regular | AG8: New CUNY Funding | AH8: Intra-Univ | AI8: Base & All PY Base | AJ8: Institute, Schwartz Commun | AK8: 60196 | AL8: 10901 | AM8: Schwartz Communication Center | AN8: Acad Aff | AO8: 43595
AD9: VPAF | AE9: Temp Services | AI9: Center for Student Entrepreneurship FY15 funds | AJ9: College Now Program | AK9: 65017 | AL9: 20701 | AM9: College Now Program | AN9: Acad Aff | AO9: 43596
AD10: VPCA | AI10: Childcare | AJ10: Honors/Experimental | AK10: 65054 | AL10: 68601 | AM10: Honors Program | AN10: Acad Aff | AO10: 43597
AD11: VPEM | AI11: Cluster Hire | AJ11: Acad. Aff. Teaching Operations | AK11: 70001 | AL11: 10701 | AM11: Provost-Teaching Operations | AN11: Acad Aff | AO11: 43598
B12: 2. Select a Division | D12: FAS Dept. Code | F12: CUNYFIRST Dept. Code | I12: 3. Select a CUNYFIRST HCM Local Dept. | L12: 4. Account Type | Q12: 5. Allocation | R12: 6. CF Program Code/ Funding Source/ Special Intiative/ Optional | T12: 7. Increase/ (Decrease) | W12: 8. Current YR only or Permanent | Y12: Comments (Optional) | AD12: VPISD | AI12: College Now & Collaborative Programs | AJ12: Office for Teaching & Learning | AK12: 70062 | AL12: 8301 | AM12: Ctr. Teaching and Learning | AN12: Acad Aff | AO12: 43599
A13: 1 | B13: President | D13: =IF(I13="","−−−−►",VLOOKUP(F13,$AK$4:$AL$97,2,FALSE)) -> 31701 | F13: =IF(I13="","−−−−►",VLOOKUP(I13,$AJ:$AN,2,FALSE)) -> 80250 | I13: President | T13: $ | AD13: VPSA | AI13: College Now Summer Program | AJ13: Office for Teaching & Learning- Strategic Investment Initiative | AK13: 70062 | AL13: 8301 | AM13: Ctr. Teaching and Learning | AN13: Acad Aff | AO13: 43600
A14: 2 | D14: =IF(I14="","−−−−►",VLOOKUP(F14,$AK$4:$AL$97,2,FALSE)) -> −−−−► | F14: =IF(I14="","−−−−►",VLOOKUP(I14,$AJ:$AN,2,FALSE)) -> −−−−► | T14: $ | AD14: WSAS | AI14: Coordinated undergraduate Education CUE | AJ14: Grants And Research Admin | AK14: 80170 | AL14: 26301 | AM14: Sponsored Prgs/Research (SPAR) | AN14: Acad Aff | AO14: 43601
A15: 3 | D15: =IF(I15="","−−−−►",VLOOKUP(F15,$AK$4:$AL$97,2,FALSE)) -> −−−−► | F15: =IF(I15="","−−−−►",VLOOKUP(I15,$AJ:$AN,2,FALSE)) -> −−−−► | T15: $ | AD15: ZSB | AI15: CUNY CAP | AJ15: Instructional Services | AK15: 80188 | AL15: 41601 | AM15: Student Acad Consult Ctr(SACC) | AN15: Acad Aff | AO15: 43602
A16: 4 | D16: =IF(I16="","−−−−►",VLOOKUP(F16,$AK$4:$AL$97,2,FALSE)) -> −−−−► | F16: =IF(I16="","−−−−►",VLOOKUP(I16,$AJ:$AN,2,FALSE)) -> −−−−► | T16: $ | AI16: CUNY Grant Tax Levy | AJ16: Provost Operations | AK16: 80259 | AL16: 37801 | AM16: VP Academic Affairs & Provost | AN16: Acad Aff | AO16: 43603
A17: 5 | D17: =IF(I17="","−−−−►",VLOOKUP(F17,$AK$4:$AL$97,2,FALSE)) -> −−−−► | F17: =IF(I17="","−−−−►",VLOOKUP(I17,$AJ:$AN,2,FALSE)) -> −−−−► | T17: $ | AI17: CUNY LEADS Funding | AJ17: Communications & Marketing | AK17: 80070 | AL17: 32601 | AM17: Communications & Marketing | AN17: OCM | AO17: 43604
A18: 6 | D18: =IF(I18="","−−−−►",VLOOKUP(F18,$AK$4:$AL$97,2,FALSE)) -> −−−−► | F18: =IF(I18="","−−−−►",VLOOKUP(I18,$AJ:$AN,2,FALSE)) -> −−−−► | T18: $ | AI18: CUNY Study Abroad Honors College | AJ18: President | AK18: 80250 | AL18: 31701 | AM18: President's Office | AN18: President | AO18: 43605
A19: 7 | D19: =IF(I19="","−−−−►",VLOOKUP(F19,$AK$4:$AL$97,2,FALSE)) -> −−−−► | F19: =IF(I19="","−−−−►",VLOOKUP(I19,$AJ:$AN,2,FALSE)) -> −−−−► | T19: $ | AI19: Degree Differential | AJ19: Public and International Affairs | AK19: 10250 | AL19: 78201 | AM19: Public Affairs | AN19: SPIA | AO19: 43606
A20: 8 | D20: =IF(I20="","−−−−►",VLOOKUP(F20,$AK$4:$AL$97,2,FALSE)) -> −−−−► | F20: =IF(I20="","−−−−►",VLOOKUP(I20,$AJ:$AN,2,FALSE)) -> −−−−► | T20: $ | AI20: Department Chair Summer Pay | AJ20: MSPIA Dean's Office | AK20: 10405 | AL20: 22701 | AM20: Dean's Office - MSPIA | AN20: SPIA | AO20: 43607
AI21: ECF/GCF Adjunct Replacement Funding | AJ21: CIDR | AK21: 60203 | AL21: 23701 | AM21: Inst-Demographic Resrch (CIDR) | AN21: SPIA | AO21: 43608
O22: TOTAL: | T22: $ | U22: =SUM(U13:U20) -> 0 | AI22: FY16 Senior College Strategic Technology Initiatives (STI) Revenue Transfers | AJ22: Student Recruitment- MSPIA | AK22: 75071 | AL22: 13601 | AM22: Grad Admission/Student Svc-MSPIA | AN22: SPIA | AO22: 43609
AI23: FY17 Base Budget Adjustment | AJ23: Accounting Operations | AK23: 80002 | AL23: 11401 | AM23: Controller's Office | AN23: VPAF | AO23: 43610
AI24: GC OTPS Science Allocation | AJ24: Budget and Planning Operations | AK24: 80037 | AL24: 17001 | AM24: Budget And Planning Operations | AN24: VPAF | AO24: 43611
AI25: Global Initiatives | AJ25: Bursar Operations | AK25: 80042 | AL25: 17501 | AM25: Bursar's Office | AN25: VPAF | AO25: 43612
A26: * | B26: Modification: Must Net to "0", with the same Allocation | AI26: Graduate Center Expense Journal | AJ26: Credit Card Fees | AK26: 80045 | AL26: 16601 | AM26: Credit Card Fees | AN26: VPAF | AO26: 43613
A27: * | B27: New CUNY Funding: Must Provide Budget Document | AI27: Hobson Admission Software | AJ27: Business Office/Fin Operations | AK27: 80045 | AL27: 18401 | AM27: Business Office/Fin Operations | AN27: VPAF | AO27: 43614
A28: ** | B28: Intra-University: Funds Provided by other CUNY Entities on a One-time Basis. | AI28: IBM Challenge Supplement | AJ28: Facility Maintenance Operation | AK28: 80048 | AL28: 17701 | AM28: Buildings & Grounds | AN28: VPAF | AO28: 43615
A29: *** | B29: N/A Means that the HCM Dept. is not active in CUNYfirst | AI29: Improving Undergrad/Grad Education | AJ29: Conference Center | AK29: 80049 | AL29: 17601 | AM29: Conference Center | AN29: VPAF | AO29: 43616
AI30: Library | AJ30: Central Receiving and Stores | AK30: 80054 | AL30: 34101 | AM30: Receiving & Stores | AN30: VPAF | AO30: 43617
AI31: Library Matching Funds | AJ31: Facilities Planning Operations | AK31: 80149 | AL31: 18701 | AM31: Campus Facilities & Operations | AN31: VPAF | AO31: 43618
AI32: Macaulay Honors College | AJ32: Human Resources Operations | AK32: 80174 | AL32: 30501 | AM32: Human Resources | AN32: VPAF | AO32: 43619
AI33: MBA Decline/MS Increase | AJ33: Mail and Messenger Services | AK33: 80203 | AL33: 28901 | AM33: Mailroom | AN33: VPAF | AO33: 43620
AI34: Pathways Committee Payments | AJ34: Purchasing | AK34: 80264 | AL34: 33101 | AM34: Purchasing | AN34: VPAF | AO34: 43621
AI35: PSC CUNY Travel-Article 28 | AJ35: Security Operations | AK35: 80274 | AL35: 34801 | AM35: Public Safety | AN35: VPAF | AO35: 43622
AI36: PSC Paid Parental Leaves | AJ36: VP Finance and Administration | AK36: 80299 | AL36: 22001 | AM36: VP for Admin & Finance | AN36: VPAF | AO36: 43623
AI37: PSC Reassigned Time | AJ37: College Relations Operations | AK37: 80069 | AL37: 19401 | AM37: College Advancement | AN37: VPCA | AO37: 43624
AI38: Sabbatical | AJ38: Dean Of Student Services | AK38: 10393 | AL38: 35901 | AM38: VP for Student Affairs-Enroll | AN38: VPEM | AO38: 43625
AI39: School Revenue Increases | AJ39: SEEK - Special Programs | AK39: 65100 | AL39: 38408 | AM39: SEEK | AN39: VPEM | AO39: 43626
AI40: SEEK | AJ40: Academic Advisement | AK40: 75001 | AL40: 8201 | AM40: Academic Advisement | AN40: VPEM | AO40: 43627
AI41: Services for Students with Disabilities | AJ41: Admissions Services | AK41: 75002 | AL41: 13501 | AM41: Undergraduate Admissions | AN41: VPEM | AO41: 43628
... AI51: Workforce Development Initiative(WDI) | AJ51: Physical Education | AK51: 10134 | AL51: 67501 | AM51: Physical Education | AN51: VPSA | AO51: 43638
AJ52: Center, Child Care | AK52: 60021 | AL52: 17101 | AM52: Early Learning Center (ELC) | AN52: VPSA | AO52: 43639
AJ53: Athletics & Recreation | AK53: 75012 | AL53: 14801 | AM53: Athletic & Recreation (ARC) | AN53: VPSA | AO53: 43640
AJ54: Counseling Center | AK54: 75022 | AL54: 41701 | AM54: Counseling & Psychological Svc | AN54: VPSA | AO54: 43641
AJ55: Student Affairs & Serv | AK55: 75056 | AL55: 42801 | AM55: Student Affairs & Serv | AN55: VPSA | AO55: 43642
AJ56: Student Affairs-Life/Devel | AK56: 75060 | AL56: 42101 | AM56: Student Life | AN56: VPSA | AO56: 43643
AJ57: Student Placement Office | AK57: 75070 | AL57: 38801 | AM57: Career Development Center | AN57: VPSA | AO57: 43644
AJ58: Ofc Students w/ Disabilities | AK58: 75126 | AL58: 43401 | AM58: Svcs for Students w/Disability | AN58: VPSA | AO58: 43645
AJ59: Anthro & Sociology | AK59: 10014 | AL59: 51001 | AM59: Anthropology & Sociology | AN59: WSAS | AO59: 43646
AJ60: Communications | AK60: 10060 | AL60: 59501 | AM60: Communication Studies | AN60: WSAS | AO60: 43647
AJ61: English Language/Literature | AK61: 10105 | AL61: 65001 | AM61: English | AN61: WSAS | AO61: 43648
AJ62: Fine & Performing Arts | AK62: 10115 | AL62: 60601 | AM62: Fine & Performing Arts | AN62: WSAS | AO62: 43649
AJ63: History & Contemporary Civil | AK63: 10148 | AL63: 68001 | AM63: History | AN63: WSAS | AO63: 43650
... AJ94: Graduate Programs | AK94: 80101 | AL94: 22301 | AM94: Graduate Programs - ZSB | AN94: ZSB | AO94: 43681
AO95: 43682
AO96: 43683
AO97: 43684
AO98: 43685
AO99: 43686
AO100: 43687
AO101: 43688
AO102: 43689
AO103: 43690
AO104: 43691
AO105: 43692
AO106: 43693
... AO425: 44012

Sheet Budget form-NTL updated
F1: Send all Budget Change Requests to: | J1: BudgetChangeRequest@baruch.cuny.edu
F2: All requests will be processed ASAP, and an updated Budget file will be saved in the Tax-Levy_&_IFR Resources drive at the end of the day.
A3: FY20 BUDGET CHANGE REQUEST | AJ3: Division | AK3: Category | AL3: Affected Fiscal year(s): | AM3: Action | AN3: Allocation | AO3: Program Description | AP3: CUNYFIRST HCM Local Dept. Description | AQ3: CUNYFIRST DEPT | AR3: FAS DEPT | AS3: DEPT NAME (LOCAL usage) | AT3: Division | AU3: Program Code | AV3: Major Purpose | AW3: Special Init. | AX3: Fund Src | AY3: Operating Unit | AZ3: Fund Code | BA3: Date
A4: (TAX-LEVY ONLY) | AP4: Please Select a Department | AQ4: −−−−► | AR4: −−−−► | AS4: Please Select a Department | AT4: −−−−►
AJ5: Acad. Aff. | AK5: Adjunct | AL5: Current YR only | AM5: Adjustment | AN5: Base | AO5: College Now Program | AP5: College Now Program | AQ5: 65017 | AR5: 8601 | AS5: College Now Program | AT5: Acad Aff | AU5: 40020 | AV5: 100 | AW5: 9999 | AX5: 201000 | AY5: 9999 | AZ5: 12 | BA5: 43592
AJ6: OCM | AK6: Non-Teaching Adjuncts | AL6: Permanent | AM6: Initiative | AN6: Excellence Fee | AO6: Global Initiatives | AP6: Provost-Teaching Operations | AQ6: 70001 | AR6: 9501 | AS6: Provost-Teaching Operations | AT6: Acad Aff | AU6: 40023 | AV6: 100 | AW6: 9999 | AX6: 201000 | AY6: 9999 | AZ6: 12 | BA6: 43593
A7: 1 | B7: *Action: | S7: *Requested By: | W7: Type your name here | AJ7: President | AK7: OTPS | AM7: Modification | AN7: Lump Sum | AO7: Provost | AP7: VP Academic Affairs & Provost | AQ7: 80259 | AR7: 88501 | AS7: VP Academic Affairs & Provost | AT7: Acad Aff | AU7: 40021 | AV7: 355 | AW7: 9999 | AX7: 201000 | AY7: 9999 | AZ7: 12 | BA7: 43594
B8: Program: | S8: *Date | AJ8: MSPIA | AK8: PS Regular | AM8: New CUNY Funding | AN8: Intra-Univ | AO8: Tools for Clear Speech | AP8: VP Academic Affairs & Provost | AQ8: 80259 | AR8: 10901 | AS8: VP Academic Affairs & Provost | AT8: Acad Aff | AU8: 40024 | AV8: 355 | AW8: 9999 | AX8: 201000 | AY8: 9999 | AZ8: 12 | BA8: 43595
AJ9: VPAF | AK9: Temp Services | AO9: Administrative Overhead | AP9: President | AQ9: 80250 | AR9: 31701 | AS9: President's Office | AT9: President | AU9: 40003 | AV9: 355 | AW9: 9999 | AX9: 200300 | AY9: 9999 | AZ9: 12 | BA9: 43596
AJ10: VPCA | AO10: Legal Office | AP10: President | AQ10: 80250 | AS10: President's Office | AT10: President | AU10: 40004 | AV10: 355 | AW10: 9999 | AX10: 200300 | AY10: 9999 | AZ10: 12 | BA10: 43597
AJ11: VPEM | AO11: President | AP11: President | AQ11: 80250 | AS11: President's Office | AT11: President | AU11: 40001 | AV11: 355 | AW11: 9999 | AX11: 200300 | AY11: 9999 | AZ11: 12 | BA11: 43598
B12: 2. Select a Division | D12: FAS Dept. Code | F12: CUNYFIRST Dept. Code | I12: 3.Program Description | K12: 4. Department Description | L12: 5. Program Code | M12: 6. Major Purpose Code | N12: 7. Funding Source | O12: 8. Special Initiatives | P12: 9. Operating Unit | Q12: 10. Fund Code | R12: 11. Account Type | W12: 12. Allocation | X12: 13. CF Program Code/ Funding Source/ Special Intiative/ Optional | Z12: 14. Increase/ (Decrease) | AC12: 15. Current YR only or Permanent | AE12: Comments (Optional) | AJ12: VPISD | AO12: Acad Administration & Programs | AP12: Dean's Office - MSPIA | AQ12: 10405 | AR12: 78201 | AS12: Dean's Office - MSPIA | AT12: SPIA | AU12: 40236 | AV12: 100 | AW12: 9999 | AX12: 203500 | AY12: 9999 | AZ12: 12 | BA12: 43599
A13: 1 | B13: WSAS | D13: =IF(I13="","−−−−►",VLOOKUP(F13,$AQ$4:$AR$11,2,FALSE)) -> #N/A | F13: =IF(I13="","−−−−►",VLOOKUP(I13,AO:AQ,3,FALSE)) -> 10060 | I13: Corporate Communications Inst | K13: =IF(I13="","−−−−►",VLOOKUP(I13,AO:AS,5,FALSE)) -> Communication Studies | L13: =IF(I13="","−−−−►",VLOOKUP(I13,AO:AU,7,FALSE)) -> 40208 | M13: =IF(I13="","−−−−►",VLOOKUP(I13,AO:AV,8,FALSE)) -> 100 | N13: =IF(I13="","−−−−►",VLOOKUP(I13,AO:AX,10,FALSE)) -> 203000 | O13: =IF(I13="","−−−−►",VLOOKUP(I13,AO:AW,9,FALSE)) -> 9999 | P13: =IF(I13="","−−−−►",VLOOKUP(I13,AO:AY,11,FALSE)) -> 9999 | Q13: =IF(I13="","−−−−►",VLOOKUP(I13,AO:AZ,12,FALSE)) -> 12 | Z13: $ | AJ13: VPSA | AO13: Dean Marxe School | AP13: Dean's Office - MSPIA | AQ13: 10405 | AR13: 22701 | AS13: Dean's Office - MSPIA | AT13: SPIA | AU13: 40230 | AV13: 100 | AW13: 9999 | AX13: 203500 | AY13: 9999 | AZ13: 12 | BA13: 43600
A14: 2 | D14: =IF(I14="","−−−−►",VLOOKUP(F14,$AQ$4:$AR$11,2,FALSE)) -> −−−−► | F14: =IF(I14="","−−−−►",VLOOKUP(I14,$AP:$AT,2,FALSE)) -> −−−−► | Z14: $ | AJ14: WSAS | AO14: Executive MPA | AP14: Public Affairs | AQ14: 10250 | AR14: 23701 | AS14: Public Affairs | AT14: SPIA | AU14: 40330 | AV14: 100 | AW14: 9999 | AX14: 303500 | AY14: 9999 | AZ14: 12 | BA14: 43601
A15: 3 | D15: =IF(I15="","−−−−►",VLOOKUP(F15,$AQ$4:$AR$11,2,FALSE)) -> −−−−► | F15: =IF(I15="","−−−−►",VLOOKUP(I15,$AP:$AT,2,FALSE)) -> −−−−► | Z15: $ | AJ15: ZSB | AO15: Non-Degree Domestic Program | AP15: Public Affairs | AQ15: 10250 | AR15: 13601 | AS15: Public Affairs | AT15: SPIA | AU15: 40234 | AV15: 100 | AW15: 9999 | AX15: 203500 | AY15: 9999 | AZ15: 12 | BA15: 43602
A16: 4 | D16: =IF(I16="","−−−−►",VLOOKUP(F16,$AQ$4:$AR$11,2,FALSE)) -> −−−−► | F16: =IF(I16="","−−−−►",VLOOKUP(I16,$AP:$AT,2,FALSE)) -> −−−−► | Z16: $ | AO16: Non-Degree International Prgm | AP16: Public Affairs | AQ16: 10250 | AR16: 11401 | AS16: Public Affairs | AT16: SPIA | AU16: 40235 | AV16: 100 | AW16: 9999 | AX16: 203500 | AY16: 9999 | AZ16: 12 | BA16: 43603
A17: 5 | D17: =IF(I17="","−−−−►",VLOOKUP(F17,$AQ$4:$AR$11,2,FALSE)) -> −−−−► | F17: =IF(I17="","−−−−►",VLOOKUP(I17,$AP:$AT,2,FALSE)) -> −−−−► | Z17: $ | AO17: Administrative Management | AP17: VP for Admin & Finance | AQ17: 80299 | AR17: 17001 | AS17: VP for Admin & Finance | AT17: VPAF | AU17: 40042 | AV17: 355 | AW17: 9999 | AX17: 201500 | AY17: 9999 | AZ17: 12 | BA17: 43604
A18: 6 | D18: =IF(I18="","−−−−►",VLOOKUP(F18,$AQ$4:$AR$11,2,FALSE)) -> −−−−► | F18: =IF(I18="","−−−−►",VLOOKUP(I18,$AP:$AT,2,FALSE)) -> −−−−► | Z18: $ | AO18: Campus Operations | AP18: Campus Facilities & Operations | AQ18: 80149 | AR18: 17501 | AS18: Campus Facilities & Operations | AT18: VPAF | AU18: 40043 | AV18: 355 | AW18: 9999 | AX18: 201500 | AY18: 9999 | AZ18: 12 | BA18: 43605
A19: 7 | D19: =IF(I19="","−−−−►",VLOOKUP(F19,$AQ$4:$AR$11,2,FALSE)) -> −−−−► | F19: =IF(I19="","−−−−►",VLOOKUP(I19,$AP:$AT,2,FALSE)) -> −−−−► | Z19: $ | AO19: Conference Center | AP19: Conference Center | AQ19: 80049 | AR19: 16601 | AS19: Conference Center | AT19: VPAF | AU19: 40040 | AV19: 400 | AW19: 9999 | AX19: 201500 | AY19: 9999 | AZ19: 12 | BA19: 43606
A20: 8 | D20: =IF(I20="","−−−−►",VLOOKUP(F20,$AQ$4:$AR$11,2,FALSE)) -> −−−−► | F20: =IF(I20="","−−−−►",VLOOKUP(I20,$AP:$AT,2,FALSE)) -> −−−−► | Z20: $ | AO20: Controller's Office | AP20: Controller's Office | AQ20: 80002 | AR20: 18401 | AS20: Controller's Office | AT20: VPAF | AU20: 40041 | AV20: 355 | AW20: 9999 | AX20: 201500 | AY20: 9999 | AZ20: 12 | BA20: 43607
AO21: Public Safety | AP21: Public Safety | AQ21: 80274 | AR21: 17701 | AS21: Public Safety | AT21: VPAF | AU21: 40044 | AV21: 350 | AW21: 9999 | AX21: 201500 | AY21: 9999 | AZ21: 12 | BA21: 43608
U22: TOTAL: | Z22: $ | AA22: =SUM(AA13:AA20) -> 0 | AO22: Alumni Events | AP22: Alumni Events | AQ22: 80069 | AS22: College Advancement | AT22: VPCA | AU22: 40012 | AV22: 350 | AW22: 9999 | AX22: 200800 | AY22: 9999 | AZ22: 12 | BA22: 43609
AO23: Real Estate Club | AP23: Real Estate Club | AQ23: 80069 | AR23: 19401 | AS23: College Advancement | AT23: VPCA | AU23: 40014 | AV23: 350 | AW23: 9999 | AX23: 200800 | AY23: 9999 | AZ23: 12 | BA23: 43610
AO24: Academic Support Services | AP24: VP for Student Affairs-Enroll | AQ24: 10393 | AR24: 35901 | AS24: VP for Student Affairs-Enroll | AT24: VPEM | AU24: 40061 | AV24: 300 | AW24: 9999 | AX24: 202001 | AY24: 9999 | AZ24: 12 | BA24: 43611
AO25: Pell Admin/Enrollment Services | AP25: Financial Aid | AQ25: 75065 | AR25: 38408 | AS25: Financial Aid | AT25: VPEM | AU25: 40060 | AV25: 300 | AW25: 9999 | AX25: 202001 | AY25: 9999 | AZ25: 12 | BA25: 43612
A26: * | B26: Modification: Must Net to "0", with the same Allocation | AO26: Summer Leadership Academy | AP26: Undergraduate Admissions | AQ26: 75002 | AR26: 8201 | AS26: Undergraduate Admissions | AT26: VPEM | AU26: 40062 | AV26: 300 | AW26: 9999 | AX26: 202001 | AY26: 9999 | AZ26: 12 | BA26: 43613
A27: * | B27: New CUNY Funding: Must Provide Budget Document | AO27: SWUFE--EM Support Services | AP27: International Student Services | AQ27: 75037 | AR27: 13501 | AS27: International Student Services | AT27: VPEM | AU27: 40063 | AV27: 300 | AW27: 9999 | AX27: 202001 | AY27: 9999 | AZ27: 12 | BA27: 43614
A28: ** | B28: Intra-University: Funds Provided by other CUNY Entities on a One-time Basis. | AO28: BCTC Hardware Replacement | AP28: BCTC - Computing & Tech Ctr | AQ28: 80073 | AR28: 14701 | AS28: BCTC - Computing & Tech Ctr | AT28: VPISD | AU28: 40256 | AV28: 350 | AW28: 9999 | AX28: 204000 | AY28: 9999 | AZ28: 12 | BA28: 43615
A29: *** | B29: N/A Means that the HCM Dept. is not active in CUNYfirst | AO29: BCTC Media Support | AP29: BCTC - Computing & Tech Ctr | AQ29: 80073 | AR29: 38701 | AS29: BCTC - Computing & Tech Ctr | AT29: VPISD | AU29: 40255 | AV29: 350 | AW29: 9999 | AX29: 204000 | AY29: 9999 | AZ29: 12 | BA29: 43616
AO30: BCTC Staff Development | AP30: BCTC - Computing & Tech Ctr | AQ30: 80073 | AR30: 40201 | AS30: BCTC - Computing & Tech Ctr | AT30: VPISD | AU30: 40250 | AV30: 350 | AW30: 9999 | AX30: 204000 | AY30: 9999 | AZ30: 12 | BA30: 43617
AO31: GIS & Data Services Support | AP31: Library | AQ31: 70054 | AR31: 34501 | AS31: Library | AT31: VPISD | AU31: 40257 | AV31: 251 | AW31: 9999 | AX31: 204000 | AY31: 9999 | AZ31: 12 | BA31: 43618
AO32: Library Corporation | AP32: Library | AQ32: 70054 | AR32: 45501 | AS32: Library | AT32: VPISD | AU32: 40254 | AV32: 251 | AW32: 9999 | AX32: 204000 | AY32: 9999 | AZ32: 12 | BA32: 43619
AO33: Library Miscellaneous | AP33: Library | AQ33: 70054 | AR33: 4001 | AS33: Library | AT33: VPISD | AU33: 40253 | AV33: 251 | AW33: 9999 | AX33: 204000 | AY33: 9999 | AZ33: 12 | BA33: 43620
AO34: Library, Friends of | AP34: Library | AQ34: 70054 | AR34: 21201 | AS34: Library | AT34: VPISD | AU34: 40252 | AV34: 251 | AW34: 9999 | AX34: 204000 | AY34: 9999 | AZ34: 12 | BA34: 43621
AO35: Library, PCMH | AP35: Library | AQ35: 70054 | AR35: 28001 | AS35: Library | AT35: VPISD | AU35: 40251 | AV35: 251 | AW35: 9999 | AX35: 204000 | AY35: 9999 | AZ35: 12 | BA35: 43622
AO36: Athletic Swimming Program | AP36: Athletic & Recreation (ARC) | AQ36: 75012 | AR36: 50901 | AS36: Athletic & Recreation (ARC) | AT36: VPSA | AU36: 40081 | AV36: 300 | AW36: 9999 | AX36: 202000 | AY36: 9999 | AZ36: 12 | BA36: 43623
AO37: Athletics & Recreation Complex | AP37: Athletic & Recreation (ARC) | AQ37: 75012 | AR37: 67501 | AS37: Athletic & Recreation (ARC) | AT37: VPSA | AU37: 40083 | AV37: 300 | AW37: 9999 | AX37: 202000 | AY37: 9999 | AZ37: 12 | BA37: 43624
AO38: Summer Camp | AP38: Athletic & Recreation (ARC) | AQ38: 75012 | AR38: 17101 | AS38: Athletic & Recreation (ARC) | AT38: VPSA | AU38: 40080 | AV38: 300 | AW38: 9999 | AX38: 202000 | AY38: 9999 | AZ38: 12 | BA38: 43625
AO39: Career Services | AP39: Career Development Center | AQ39: 75070 | AR39: 14801 | AS39: Career Development Center | AT39: VPSA | AU39: 40082 | AV39: 300 | AW39: 9999 | AX39: 202000 | AY39: 9999 | AZ39: 12 | BA39: 43626
AO40: Student Affairs Division | AP40: Student Affairs & Serv | AQ40: 75056 | AR40: 41701 | AS40: Student Affairs & Serv | AT40: VPSA | AU40: 40086 | AV40: 300 | AW40: 9999 | AX40: 202000 | AY40: 9999 | AZ40: 12 | BA40: 43627
AO41: Students w/ Disabilities Srvcs | AP41: Student Disability Services | AQ41: 75126 | AR41: 42801 | AS41: Student Disability Services | AT41: VPSA | AU41: 40084 | AV41: 300 | AW41: 9999 | AX41: 202000 | AY41: 9999 | AZ41: 12 | BA41: 43628
... AO78: Custom Executive Programs | AP78: Executive Programs - ZSB | AQ78: 65040 | AR78: 22301 | AS78: Executive Programs - ZSB | AT78: ZSB | AU78: 40137 | AV78: 100 | AW78: 9999 | AX78: 202500 | AY78: 9999 | AZ78: 12 | BA78: 43665
AO79: Exe MBA Healthcare Admin | AP79: Executive Programs - ZSB | AQ79: 65040 | AS79: Executive Programs - ZSB | AT79: ZSB | AU79: 40309 | AV79: 100 | AW79: 9999 | AX79: 302500 | AY79: 9999 | AZ79: 12 | BA79: 43666
AO80: Executive Business DPS | AP80: Executive Programs - ZSB | AQ80: 65040 | AS80: Executive Programs - ZSB | AT80: ZSB | AU80: 40305 | AV80: 100 | AW80: 9999 | AX80: 302500 | AY80: 9999 | AZ80: 12 | BA80: 43667
AO81: Executive MBA | AP81: Executive Programs - ZSB | AQ81: 65040 | AS81: Executive Programs - ZSB | AT81: ZSB | AU81: 40300 | AV81: 100 | AW81: 9999 | AX81: 302500 | AY81: 9999 | AZ81: 12 | BA81: 43668
AO82: Executive MS Finance | AP82: Executive Programs - ZSB | AQ82: 65040 | AS82: Executive Programs - ZSB | AT82: ZSB | AU82: 40301 | AV82: 100 | AW82: 9999 | AX82: 302500 | AY82: 9999 | AZ82: 12 | BA82: 43669
AO83: Executive MS HR Management | AP83: Executive Programs - ZSB | AQ83: 65040 | AS83: Executive Programs - ZSB | AT83: ZSB | AU83: 40308 | AV83: 100 | AW83: 9999 | AX83: 302500 | AY83: 9999 | AZ83: 12 | BA83: 43670
AO84: Executive MS-ILR | AP84: Executive Programs - ZSB | AQ84: 65040 | AS84: Executive Programs - ZSB | AT84: ZSB | AU84: 40302 | AV84: 100 | AW84: 9999 | AX84: 302500 | AY84: 9999 | AZ84: 12 | BA84: 43671
AO85: Graduate Academic Advising ZSB | AP85: Graduate Programs - ZSB | AQ85: 80101 | AS85: Graduate Programs - ZSB | AT85: ZSB | AU85: 40127 | AV85: 100 | AW85: 9999 | AX85: 202500 | AY85: 9999 | AZ85: 12 | BA85: 43672
AO86: SWUFE 3+1 - Chengdu China | AP86: Graduate Programs - ZSB | AQ86: 80101 | AS86: Graduate Programs - ZSB | AT86: ZSB | AU86: 40143 | AV86: 100 | AW86: 9999 | AX86: 202500 | AY86: 9999 | AZ86: 12 | BA86: 43673
AO87: SWUFE PhD Program | AP87: Graduate Programs - ZSB | AQ87: 80101 | AS87: Graduate Programs - ZSB | AT87: ZSB | AU87: 40133 | AV87: 100 | AW87: 9999 | AX87: 202500 | AY87: 9999 | AZ87: 12 | BA87: 43674
AO88: Zicklin-Graduate Admissions | AP88: Graduate Programs - ZSB | AQ88: 80101 | AS88: Graduate Programs - ZSB | AT88: ZSB | AU88: 40121 | AV88: 100 | AW88: 9999 | AX88: 202500 | AY88: 9999 | AZ88: 12 | BA88: 43675
AO89: Law Department | AP89: Law | AQ89: 10181 | AS89: Law | AT89: ZSB | AU89: 40148 | AV89: 100 | AW89: 9999 | AX89: 202500 | AY89: 9999 | AZ89: 12 | BA89: 43676
AO90: Field Center-CUNY IVE | AP90: Lawrence Field Ctr Ent/Sm Bus | AQ90: 60198 | AS90: Lawrence Field Ctr Ent/Sm Bus | AT90: ZSB | AU90: 40134 | AV90: 100 | AW90: 9999 | AX90: 202500 | AY90: 9999 | AZ90: 12 | BA90: 43677
... AO100: Weissman Center Intntnl Prgrm | AP100: Weissman Ctr for Intl Business | AQ100: 60200 | AS100: Weissman Ctr for Intl Business | AT100: ZSB | AU100: 40117 | AV100: 100 | AW100: 9999 | AX100: 202500 | AY100: 9999 | AZ100: 12 | BA100: 43687
BA101: 43688
BA102: 43689
BA103: 43690
BA104: 43691
BA105: 43692
BA106: 43693
BA107: 43694
BA108: 43695
BA109: 43696
BA110: 43697
BA111: 43698
BA112: 43699
... BA425: 44012

Sheet INSTRUCTIONS
B2: Accessing Tax-Levy Funds the University Describes as:
B3: Interdisciplinary/ Internal/ Special Project/ Research Grant Funding
B4: The following is a guide to help you get started on your project.
C5: While acceptance letters from the University typically indicate that you must wait until you receive further communication from a sponsoring office, Baruch can usually provide you with access to project funds based on the confirmation you already have. In most cases, The Baruch Budget office simply needs your written award confirmation and the following actions in order to get you started.
B6: Upon receipt of a written award confirmation (e-mail, memo, letter, etc.) please take the following steps:
B7: 1 | C7: Send your school or divisional business manager a copy of your award confirmation along with a summary of how you plan to spend the funds (separate amounts for part-time staff, purchases or goods or services, travel, etc.).
B9: 2 | C9: Schedule a meeting with your school or divisional business manager at which you will:
C11: a. Review your spending plan.
C13: b. Work together to complete a Budget Modification Form that your business manager will electronically submit this completed form to Baruch’s budget office, along with your written award confirmation.
C15: c. If compensating employees is part of your spending plan, your business manager must also work with the Budget Office to set up the necessary part-time positions in CUNYfirst with the codes required in your award letter (make sure you review this with your business).
C17: d. Work with your business manager to make sure that the part-time individuals your hire for your project are appointed to the specific CUNYfirst position numbers set up and coded for your project.
C19: e. Review with your business manager how you will ensure that you use the mandated codes for any and all OTPS activity related to your project.
B20: TRAVEL & EXPENSE REIMBURSEMENTS: If your project spending will include travel or other related business expenses, you are required to follow all standard CUNYfirst travel and expense policies and procedures -- including obtaining Travel Authorization in the CUNYfirst system prior to travel. Speak with your school or divisional business manager for more information.
B21: Congratulations on the grant!
B23: Recent examples of such University grant funding include: Open Educational Resource Grants and Stewart Travel Awards.
B24: These instructions do not apply to Federal, State, or Private Grant funds. If you receive one of these more traditional types of Grant awards, please contact Baruch’s Office of Sponsored Research, which provides administrative support for external Grants run through the Research Foundation of the City of New York.

Sheet Budget Modification Form
F2: Internal / Interdiscipliniary / Special Project / Research Grant from a CUNY Central Office or CUNY School
L3: FY20 BUDGET CHANGE REQUEST | V3: Ledger | X3: Action | Y3: Business Unit | Z3: Division | AA3: Account Type | AB3: Affected Fiscal year(s): | AC3: Allocation | AD3: Date
I4: Send all Budget Change Requests to: | J4: BudgetChangeRequest@baruch.cuny.edu
G5: All requests will be processed ASAP, and an updated Budget file will be saved in the All-Funds Budget & Budget Information drive at the end of the day. | V5: IFR | X5: Modification | Y5: Bar 01 | Z5: Acad. Aff. | AA5: PS Adjunct | AB5: Current YR only | AC5: BASE-Unrestricted | AD5: 44317
V6: Tax Levy | X6: New CUNY Funding | Y6: Bar 55 | Z6: OCM | AA6: PS Non-Teaching Adjunct | AB6: Permanent | AC6: BASE-Restricted | AD6: 44318
A7: 1. | B7: Ledger: | C7: Tax Levy | J7: Requested By: | K7: Type your name here | X7: Permanent Mods | Y7: Bar 04 | Z7: President | AA7: OTPS | AC7: INTRA-UNIVERSITY (CUNY Transfers) | AD7: 44319
A8: 2. | B8: Business Unit: | C8: =IF(C7="IFR", "BAR01", IF(C7="Tax Levy", "BAR01", IF(C7="Non Tax-Levy", "BAR55", " "))) -> BAR01 | J8: Date: | V8: Non Tax-Levy | X8: Initial Allocation | Z8: MSPIA | AA8: PS Regular (F/T) | AD8: 44320
A9: 3. | B9: Action: | C9: New CUNY Funding | X9: Budget Realignment | Z9: VPAF | AA9: PS Temp Svcs (Part-Time) | AD9: 44321
A10: 4. | B10: Allocation: | C10: Intra-Univ | Z10: VPCA | AD10: 44322
Z11: VPEM | AD11: 44323
B12: 5. Select Division | E12: 6. Department Description | F12: 7. Program, Special Initiative Description, or Funding Source | G12: 8. Account Type (see notes below) | H12: 9. Increase/ (Decrease) | J12: Comments (Optional) | K12: CUNYFIRST Dept. Code | M12: Program Code | N12: Major Purpose Code | O12: Funding Source | P12: Special Initiative | Q12: Operating Unit | R12: Fund Code | Z12: VPISD | AD12: 44324
A13: 1 | H13: $ | K13: =IFERROR(IF($C$7=" ","−−−−−−−►", VLOOKUP(E13,Chartfields!C:G,5,FALSE)), "−−−−−−−►") -> −−−−−−−► | M13: =IFERROR(IF(OR(K13="", E13=""), "−−−−−−−►", IF(LEFT(F13, 19)="Program: Tutor Corp", 30040,IF(OR(P13=114, P13=116, P13=100, P13=102), 99999,IF(AND(K13=65040, LEFT(F13,11) ="Funding Src"), 40300,IF(Q13=3017, 99999, IF(AND(F13="", $C$7="Tax Levy"), 99999,IF($C$7="Tax Levy",VLOOKUP(F13,'Tax Levy'!$G$4:$H$11,2,FALSE),"−−−−−−−►"))))))), "−−−−−−−►") -> −−−−−−−► | N13: =IFERROR(IF($C$7=" ","−−−−−−−►",VLOOKUP(K13,Chartfields!J:L,3,FALSE)),"−−−−−−−►") -> −−−−−−−► | O13: =IFERROR( IF(AND(M13=40300, K13=65040), VLOOKUP(M13,'Budget Tree updated'!$Q:$S,3,FALSE), IF(LEFT(F13,15)="Program: CARES", 802109,IF($C$7=" ", "−−−−−−−►",VLOOKUP(M13,Chartfields!Q:S,3,FALSE)))), "−−−−−−−►") -> −−−−−−−► | P13: =IFERROR(IF(LEFT(F13, 4)="Spec", VLOOKUP(F13,'Tax Levy'!G5:H23,2,FALSE), IF(F13="Program: Tutor Corp-30040", 100, IF($C$7=" ","−−−−−−−►", VLOOKUP(K13,Chartfields!H:U,14,FALSE)))), "−−−−−−−►") -> −−−−−−−► | Q13: =IFERROR(IF(LEFT(F13, 4)="Oper", VLOOKUP(F13,'Tax Levy'!G4:H22,2,FALSE), IF($C$7="","−−−−−−−►", VLOOKUP(K13,Chartfields!H:O,8,FALSE ))), "−−−−−−−►") -> −−−−−−−► | R13: =IFERROR(IF(OR($C$7="",B13=""), "−−−−−−−►", 10), "−−−−−−−►") -> −−−−−−−► | Z13: VPSA | AD13: 44325
A14: 2 | H14: $ | K14: =IFERROR(IF($C$7=" ","−−−−−−−►", VLOOKUP(E14,Chartfields!C:G,5,FALSE)), "−−−−−−−►") -> −−−−−−−► | M14: =IFERROR(IF(OR(K14="", E14=""), "−−−−−−−►", IF(LEFT(F14, 19)="Program: Tutor Corp", 30040,IF(OR(P14=114, P14=116, P14=100, P14=102), 99999,IF(AND(K14=65040, LEFT(F14,11) ="Funding Src"), 40300,IF(Q14=3017, 99999, IF(AND(F14="", $C$7="Tax Levy"), 99999,IF($C$7="Tax Levy",VLOOKUP(F14,'Tax Levy'!$G$4:$H$11,2,FALSE),"−−−−−−−►"))))))), "−−−−−−−►") -> −−−−−−−► | N14: =IFERROR(IF($C$7=" ","−−−−−−−►",VLOOKUP(K14,Chartfields!J:L,3,FALSE)),"−−−−−−−►") -> −−−−−−−► | O14: =IFERROR( IF(AND(M14=40300, K14=65040), VLOOKUP(M14,'Budget Tree updated'!$Q:$S,3,FALSE), IF(LEFT(F14,15)="Program: CARES", 802109,IF($C$7=" ", "−−−−−−−►",VLOOKUP(M14,Chartfields!Q:S,3,FALSE)))), "−−−−−−−►") -> −−−−−−−► | P14: =IFERROR(IF(LEFT(F14, 4)="Spec", VLOOKUP(F14,'Tax Levy'!G6:H24,2,FALSE), IF(F14="Program: Tutor Corp-30040", 100, IF($C$7=" ","−−−−−−−►", VLOOKUP(K14,Chartfields!H:U,14,FALSE)))), "−−−−−−−►") -> −−−−−−−► | Q14: =IFERROR(IF(LEFT(F14, 4)="Oper", VLOOKUP(F14,'Tax Levy'!G5:H23,2,FALSE), IF($C$7="","−−−−−−−►", VLOOKUP(K14,Chartfields!H:O,8,FALSE ))), "−−−−−−−►") -> −−−−−−−► | R14: =IFERROR(IF(OR($C$7="",B14=""), "−−−−−−−►", 10), "−−−−−−−►") -> −−−−−−−► | Z14: WSAS | AA14: Unassigned | AD14: 44326
A15: 3 | H15: $ | K15: =IFERROR(IF($C$7=" ","−−−−−−−►", VLOOKUP(E15,Chartfields!C:G,5,FALSE)), "−−−−−−−►") -> −−−−−−−► | M15: =IFERROR(IF(OR(K15="", E15=""), "−−−−−−−►", IF(LEFT(F15, 19)="Program: Tutor Corp", 30040,IF(OR(P15=114, P15=116, P15=100, P15=102), 99999,IF(AND(K15=65040, LEFT(F15,11) ="Funding Src"), 40300,IF(Q15=3017, 99999, IF(AND(F15="", $C$7="Tax Levy"), 99999,IF($C$7="Tax Levy",VLOOKUP(F15,'Tax Levy'!$G$4:$H$11,2,FALSE),"−−−−−−−►"))))))), "−−−−−−−►") -> −−−−−−−► | N15: =IFERROR(IF($C$7=" ","−−−−−−−►",VLOOKUP(K15,Chartfields!J:L,3,FALSE)),"−−−−−−−►") -> −−−−−−−► | O15: =IFERROR( IF(AND(M15=40300, K15=65040), VLOOKUP(M15,'Budget Tree updated'!$Q:$S,3,FALSE), IF(LEFT(F15,15)="Program: CARES", 802109,IF($C$7=" ", "−−−−−−−►",VLOOKUP(M15,Chartfields!Q:S,3,FALSE)))), "−−−−−−−►") -> −−−−−−−► | P15: =IFERROR(IF(LEFT(F15, 4)="Spec", VLOOKUP(F15,'Tax Levy'!G7:H25,2,FALSE), IF(F15="Program: Tutor Corp-30040", 100, IF($C$7=" ","−−−−−−−►", VLOOKUP(K15,Chartfields!H:U,14,FALSE)))), "−−−−−−−►") -> −−−−−−−► | Q15: =IFERROR(IF(LEFT(F15, 4)="Oper", VLOOKUP(F15,'Tax Levy'!G6:H24,2,FALSE), IF($C$7="","−−−−−−−►", VLOOKUP(K15,Chartfields!H:O,8,FALSE ))), "−−−−−−−►") -> −−−−−−−► | R15: =IFERROR(IF(OR($C$7="",B15=""), "−−−−−−−►", 10), "−−−−−−−►") -> −−−−−−−► | Z15: ZSB | AD15: 44327
A16: 4 | H16: $ | K16: =IFERROR(IF($C$7=" ","−−−−−−−►", VLOOKUP(E16,Chartfields!C:G,5,FALSE)), "−−−−−−−►") -> −−−−−−−► | M16: =IFERROR(IF(OR(K16="", E16=""), "−−−−−−−►", IF(LEFT(F16, 19)="Program: Tutor Corp", 30040,IF(OR(P16=114, P16=116, P16=100, P16=102), 99999,IF(AND(K16=65040, LEFT(F16,11) ="Funding Src"), 40300,IF(Q16=3017, 99999, IF(AND(F16="", $C$7="Tax Levy"), 99999,IF($C$7="Tax Levy",VLOOKUP(F16,'Tax Levy'!$G$4:$H$11,2,FALSE),"−−−−−−−►"))))))), "−−−−−−−►") -> −−−−−−−► | N16: =IFERROR(IF($C$7=" ","−−−−−−−►",VLOOKUP(K16,Chartfields!J:L,3,FALSE)),"−−−−−−−►") -> −−−−−−−► | O16: =IFERROR( IF(AND(M16=40300, K16=65040), VLOOKUP(M16,'Budget Tree updated'!$Q:$S,3,FALSE), IF(LEFT(F16,15)="Program: CARES", 802109,IF($C$7=" ", "−−−−−−−►",VLOOKUP(M16,Chartfields!Q:S,3,FALSE)))), "−−−−−−−►") -> −−−−−−−► | P16: =IFERROR(IF(LEFT(F16, 4)="Spec", VLOOKUP(F16,'Tax Levy'!G8:H26,2,FALSE), IF(F16="Program: Tutor Corp-30040", 100, IF($C$7=" ","−−−−−−−►", VLOOKUP(K16,Chartfields!H:U,14,FALSE)))), "−−−−−−−►") -> −−−−−−−► | Q16: =IFERROR(IF(LEFT(F16, 4)="Oper", VLOOKUP(F16,'Tax Levy'!G7:H25,2,FALSE), IF($C$7="","−−−−−−−►", VLOOKUP(K16,Chartfields!H:O,8,FALSE ))), "−−−−−−−►") -> −−−−−−−► | R16: =IFERROR(IF(OR($C$7="",B16=""), "−−−−−−−►", 10), "−−−−−−−►") -> −−−−−−−► | Z16: College | AD16: 44328
A17: 5 | H17: $ | K17: =IFERROR(IF($C$7=" ","−−−−−−−►", VLOOKUP(E17,Chartfields!C:G,5,FALSE)), "−−−−−−−►") -> −−−−−−−► | M17: =IFERROR(IF(OR(K17="", E17=""), "−−−−−−−►", IF(LEFT(F17, 19)="Program: Tutor Corp", 30040,IF(OR(P17=114, P17=116, P17=100, P17=102), 99999,IF(AND(K17=65040, LEFT(F17,11) ="Funding Src"), 40300,IF(Q17=3017, 99999, IF(AND(F17="", $C$7="Tax Levy"), 99999,IF($C$7="Tax Levy",VLOOKUP(F17,'Tax Levy'!$G$4:$H$11,2,FALSE),"−−−−−−−►"))))))), "−−−−−−−►") -> −−−−−−−► | N17: =IFERROR(IF($C$7=" ","−−−−−−−►",VLOOKUP(K17,Chartfields!J:L,3,FALSE)),"−−−−−−−►") -> −−−−−−−► | O17: =IFERROR( IF(AND(M17=40300, K17=65040), VLOOKUP(M17,'Budget Tree updated'!$Q:$S,3,FALSE), IF(LEFT(F17,15)="Program: CARES", 802109,IF($C$7=" ", "−−−−−−−►",VLOOKUP(M17,Chartfields!Q:S,3,FALSE)))), "−−−−−−−►") -> −−−−−−−► | P17: =IFERROR(IF(LEFT(F17, 4)="Spec", VLOOKUP(F17,'Tax Levy'!G9:H27,2,FALSE), IF(F17="Program: Tutor Corp-30040", 100, IF($C$7=" ","−−−−−−−►", VLOOKUP(K17,Chartfields!H:U,14,FALSE)))), "−−−−−−−►") -> −−−−−−−► | Q17: =IFERROR(IF(LEFT(F17, 4)="Oper", VLOOKUP(F17,'Tax Levy'!G8:H26,2,FALSE), IF($C$7="","−−−−−−−►", VLOOKUP(K17,Chartfields!H:O,8,FALSE ))), "−−−−−−−►") -> −−−−−−−► | R17: =IFERROR(IF(OR($C$7="",B17=""), "−−−−−−−►", 10), "−−−−−−−►") -> −−−−−−−► | AD17: 44329
A18: 6 | H18: $ | K18: =IFERROR(IF($C$7=" ","−−−−−−−►", VLOOKUP(E18,Chartfields!C:G,5,FALSE)), "−−−−−−−►") -> −−−−−−−► | M18: =IFERROR(IF(OR(K18="", E18=""), "−−−−−−−►", IF(LEFT(F18, 19)="Program: Tutor Corp", 30040,IF(OR(P18=114, P18=116, P18=100, P18=102), 99999,IF(AND(K18=65040, LEFT(F18,11) ="Funding Src"), 40300,IF(Q18=3017, 99999, IF(AND(F18="", $C$7="Tax Levy"), 99999,IF($C$7="Tax Levy",VLOOKUP(F18,'Tax Levy'!$G$4:$H$11,2,FALSE),"−−−−−−−►"))))))), "−−−−−−−►") -> −−−−−−−► | N18: =IFERROR(IF($C$7=" ","−−−−−−−►",VLOOKUP(K18,Chartfields!J:L,3,FALSE)),"−−−−−−−►") -> −−−−−−−► | O18: =IFERROR( IF(AND(M18=40300, K18=65040), VLOOKUP(M18,'Budget Tree updated'!$Q:$S,3,FALSE), IF(LEFT(F18,15)="Program: CARES", 802109,IF($C$7=" ", "−−−−−−−►",VLOOKUP(M18,Chartfields!Q:S,3,FALSE)))), "−−−−−−−►") -> −−−−−−−► | P18: =IFERROR(IF(LEFT(F18, 4)="Spec", VLOOKUP(F18,'Tax Levy'!G10:H28,2,FALSE), IF(F18="Program: Tutor Corp-30040", 100, IF($C$7=" ","−−−−−−−►", VLOOKUP(K18,Chartfields!H:U,14,FALSE)))), "−−−−−−−►") -> −−−−−−−► | Q18: =IFERROR(IF(LEFT(F18, 4)="Oper", VLOOKUP(F18,'Tax Levy'!G9:H27,2,FALSE), IF($C$7="","−−−−−−−►", VLOOKUP(K18,Chartfields!H:O,8,FALSE ))), "−−−−−−−►") -> −−−−−−−► | R18: =IFERROR(IF(OR($C$7="",B18=""), "−−−−−−−►", 10), "−−−−−−−►") -> −−−−−−−► | AD18: 44330
A19: 7 | H19: $ | K19: =IFERROR(IF($C$7=" ","−−−−−−−►", VLOOKUP(E19,Chartfields!C:G,5,FALSE)), "−−−−−−−►") -> −−−−−−−► | M19: =IFERROR(IF(OR(K19="", E19=""), "−−−−−−−►", IF(LEFT(F19, 19)="Program: Tutor Corp", 30040,IF(OR(P19=114, P19=116, P19=100, P19=102), 99999,IF(AND(K19=65040, LEFT(F19,11) ="Funding Src"), 40300,IF(Q19=3017, 99999, IF(AND(F19="", $C$7="Tax Levy"), 99999,IF($C$7="Tax Levy",VLOOKUP(F19,'Tax Levy'!$G$4:$H$11,2,FALSE),"−−−−−−−►"))))))), "−−−−−−−►") -> −−−−−−−► | N19: =IFERROR(IF($C$7=" ","−−−−−−−►",VLOOKUP(K19,Chartfields!J:L,3,FALSE)),"−−−−−−−►") -> −−−−−−−► | O19: =IFERROR( IF(AND(M19=40300, K19=65040), VLOOKUP(M19,'Budget Tree updated'!$Q:$S,3,FALSE), IF(LEFT(F19,15)="Program: CARES", 802109,IF($C$7=" ", "−−−−−−−►",VLOOKUP(M19,Chartfields!Q:S,3,FALSE)))), "−−−−−−−►") -> −−−−−−−► | P19: =IFERROR(IF(LEFT(F19, 4)="Spec", VLOOKUP(F19,'Tax Levy'!G11:H29,2,FALSE), IF(F19="Program: Tutor Corp-30040", 100, IF($C$7=" ","−−−−−−−►", VLOOKUP(K19,Chartfields!H:U,14,FALSE)))), "−−−−−−−►") -> −−−−−−−► | Q19: =IFERROR(IF(LEFT(F19, 4)="Oper", VLOOKUP(F19,'Tax Levy'!G10:H28,2,FALSE), IF($C$7="","−−−−−−−►", VLOOKUP(K19,Chartfields!H:O,8,FALSE ))), "−−−−−−−►") -> −−−−−−−► | R19: =IFERROR(IF(OR($C$7="",B19=""), "−−−−−−−►", 10), "−−−−−−−►") -> −−−−−−−► | AD19: 44331
A20: 8 | H20: $ | K20: =IFERROR(IF($C$7=" ","−−−−−−−►", VLOOKUP(E20,Chartfields!C:G,5,FALSE)), "−−−−−−−►") -> −−−−−−−► | M20: =IFERROR(IF(OR(K20="", E20=""), "−−−−−−−►", IF(LEFT(F20, 19)="Program: Tutor Corp", 30040,IF(OR(P20=114, P20=116, P20=100, P20=102), 99999,IF(AND(K20=65040, LEFT(F20,11) ="Funding Src"), 40300,IF(Q20=3017, 99999, IF(AND(F20="", $C$7="Tax Levy"), 99999,IF($C$7="Tax Levy",VLOOKUP(F20,'Tax Levy'!$G$4:$H$11,2,FALSE),"−−−−−−−►"))))))), "−−−−−−−►") -> −−−−−−−► | N20: =IFERROR(IF($C$7=" ","−−−−−−−►",VLOOKUP(K20,Chartfields!J:L,3,FALSE)),"−−−−−−−►") -> −−−−−−−► | O20: =IFERROR( IF(AND(M20=40300, K20=65040), VLOOKUP(M20,'Budget Tree updated'!$Q:$S,3,FALSE), IF(LEFT(F20,15)="Program: CARES", 802109,IF($C$7=" ", "−−−−−−−►",VLOOKUP(M20,Chartfields!Q:S,3,FALSE)))), "−−−−−−−►") -> −−−−−−−► | P20: =IFERROR(IF(LEFT(F20, 4)="Spec", VLOOKUP(F20,'Tax Levy'!G12:H30,2,FALSE), IF(F20="Program: Tutor Corp-30040", 100, IF($C$7=" ","−−−−−−−►", VLOOKUP(K20,Chartfields!H:U,14,FALSE)))), "−−−−−−−►") -> −−−−−−−► | Q20: =IFERROR(IF(LEFT(F20, 4)="Oper", VLOOKUP(F20,'Tax Levy'!G11:H29,2,FALSE), IF($C$7="","−−−−−−−►", VLOOKUP(K20,Chartfields!H:O,8,FALSE ))), "−−−−−−−►") -> −−−−−−−► | R20: =IFERROR(IF(OR($C$7="",B20=""), "−−−−−−−►", 10), "−−−−−−−►") -> −−−−−−−► | AD20: 44332
AD21: 44333
G22: Total: | H22: =SUM(H13:H20) -> 0 | AD22: 44334
B23: Revised Date: 10/18/2022 | K23: If your award notification indicates that special coding is required for your project spending, and that coding is not available on the dropdown menu above, please indicate need for new code(s) in the comments box. Baruch’s Budget Office will refer to the copy of the award notification that you are submitting along with this Budget Modification Form and let you know if additional steps are required. | AD23: 44335
AD24: 44336
B25: ACCOUNT TYPE DEFINITIONS | AD25: 44337
B26: PS Regular - Full-Time Compensation | AD26: 44338
B27: PS Adjunct - Adjunct Compensation | AD27: 44339
B28: PS Temp Services - Part-Time and Non-Teaching Adjunct Compensation | AD28: 44340
B29: OTPS - Other Than Personal Services = Materials, Supplies & Equipment, Travel, Contractual Services (anything other than employee compensation) | AD29: 44341
AD30: 44342
AD31: 44343
AD32: 44344
AD33: 44345
AD34: 44346
AD35: 44347
AD36: 44348
AD37: 44349
AD38: 44350
AD39: 44351
AD40: 44352
AD41: 44353
... AD431: 44743

Sheet Chartfields
A1: Data.Ledger | B1: Data.Division | C1: Data.CUNYFIRST GL Dept. Description (University Shared) | D1: Data.Fund | E1: Data.Business Unit | F1: Data.use for Vlookup Division | G1: Data.CUNYFIRST GL Dept Code | H1: Data.CUNYFIRST GL Dept Code2 | I1: Data.CUNYFIRST GL Dept. Description (University Shared)3 | J1: Data.CUNYFIRST HCM Dept Code | K1: Data.CUNYFIRST HCM Dept Description | L1: Data.Major Purpose | M1: Data.Major Purpose Descr | N1: Data.Opearting Unit Descr | O1: Data.Operating Unit | P1: Data.Program Code Descr | Q1: Data.Program | R1: Data.Funding Source Descr | S1: Data.Funding Source | T1: Data. Special Initiatives Descr | U1: Data.Special Initiatives
A2: Tax Levy | B2: Acad Aff | C2: Dean For Academic Affairs | D2: 10 | E2: BAR01 | F2: Tax Levy10377 | G2: 10377 | H2: 10377 | I2: Dean For Academic Affairs | J2: 10377 | K2: Provost-Faculty Operations | L2: 100 | M2: Instruction | O2: 9999 | Q2: 99999 | R2: FS not applicable | S2: 999999 | U2: 9999
A3: Tax Levy | B3: Acad Aff | C3: Center, Computer Visually Imp | D3: 10 | E3: BAR01 | F3: Tax Levy60024 | G3: 60024 | H3: 60024 | I3: Center, Computer Visually Imp | J3: 60024 | K3: Computer Ctr Visually Impaired | L3: 350 | M3: Institutional Support | O3: 9999 | Q3: 99999 | R3: FS not applicable | S3: 999999 | U3: 9999
A4: Tax Levy | B4: Acad Aff | C4: Center, Writing | D4: 10 | E4: BAR01 | F4: Tax Levy60083 | G4: 60083 | H4: 60083 | I4: Center, Writing | J4: 60083 | K4: Writing Center | L4: 100 | M4: Instruction | O4: 9999 | Q4: 99999 | R4: FS not applicable | S4: 999999 | U4: 9999
A5: Tax Levy | B5: Acad Aff | C5: Institute, Schwartz Commun | D5: 10 | E5: BAR01 | F5: Tax Levy60196 | G5: 60196 | H5: 60196 | I5: Institute, Schwartz Commun | J5: 60196 | K5: Schwartz Communication Center | L5: 100 | M5: Instruction | O5: 9999 | Q5: 99999 | R5: FS not applicable | S5: 999999 | U5: 9999
A6: Tax Levy | B6: VPEM | C6: College Now Program | D6: 10 | E6: BAR01 | F6: Tax Levy65017 | G6: 65017 | H6: 65017 | I6: College Now Program | J6: 65017 | K6: College Now Program | L6: 100 | M6: Instruction | O6: 9999 | Q6: 99999 | R6: FS not applicable | S6: 999999 | U6: 9999
A7: Tax Levy | B7: Acad Aff | C7: Honors/Experimental | D7: 10 | E7: BAR01 | F7: Tax Levy65054 | G7: 65054 | H7: 65054 | I7: Honors/Experimental | J7: 65054 | K7: Honors Program | L7: 100 | M7: Instruction | O7: 9999 | Q7: 99999 | R7: FS not applicable | S7: 999999 | U7: 9999
A8: Tax Levy | B8: Acad Aff | C8: Academic Affairs | D8: 10 | E8: BAR01 | F8: Tax Levy70001 | G8: 70001 | H8: 70001 | I8: Academic Affairs | J8: 70001 | K8: Provost-Teaching Operations | L8: 100 | M8: Instruction | O8: 9999 | Q8: 99999 | R8: FS not applicable | S8: 999999 | U8: 9999
A9: Tax Levy | B9: Acad Aff | C9: Office for Teaching & Learning | D9: 10 | E9: BAR01 | F9: Tax Levy70062 | G9: 70062 | H9: 70062 | I9: Office for Teaching & Learning | J9: 70062 | K9: Ctr. Teaching and Learning | L9: 100 | M9: Instruction | O9: 9999 | Q9: 99999 | R9: FS not applicable | S9: 999999 | U9: 9999
A10: Tax Levy | B10: Acad Aff | C10: Grants And Research Admin | D10: 10 | E10: BAR01 | F10: Tax Levy80170 | G10: 80170 | H10: 80170 | I10: Grants And Research Admin | J10: 80170 | K10: Sponsored Prgs/Research (SPAR) | L10: 355 | M10: General Administration | O10: 9999 | Q10: 99999 | R10: FS not applicable | S10: 999999 | U10: 9999
A11: Tax Levy | B11: Acad Aff | C11: Instructional Services | D11: 10 | E11: BAR01 | F11: Tax Levy80188 | G11: 80188 | H11: 80188 | I11: Instructional Services | J11: 80188 | K11: Student Acad Consult Ctr(SACC) | L11: 100 | M11: Instruction | O11: 9999 | Q11: 99999 | R11: FS not applicable | S11: 999999 | U11: 9999
A12: Tax Levy | B12: Acad Aff | C12: Provost Operations | D12: 10 | E12: BAR01 | F12: Tax Levy80259 | G12: 80259 | H12: 80259 | I12: Provost Operations | J12: 80259 | K12: VP Academic Affairs & Provost | L12: 355 | M12: General Administration | O12: 9999 | Q12: 99999 | R12: FS not applicable | S12: 999999 | U12: 9999
A13: Tax Levy | B13: Acad Aff | C13: VP Strategic Planning, Assessm | D13: 10 | E13: BAR01 | F13: Tax Levy80522 | G13: 80522 | H13: 80522 | I13: VP Strategic Planning, Assessm | J13: 80522 | K13: Assmnt, Acred, Inst Effctvness | L13: 355 | O13: 9999 | Q13: 99999 | R13: FS not applicable | S13: 999999 | U13: 9999
A14: Tax Levy | B14: Acad Aff | C14: English & Speech | D14: 10 | E14: BAR01 | F14: Tax Levy10103 | G14: 10103 | H14: 10103 | I14: English & Speech | J14: 10103 | K14: Tools for Clear Speech | L14: 100 | O14: 9999 | Q14: 99999 | R14: FS not applicable | S14: 999999 | U14: 9999
A15: Tax Levy | B15: Acad Aff | C15: Curric. & Teaching | D15: 10 | E15: BAR01 | F15: Tax Levy70027 | G15: 70027 | H15: 70027 | I15: Curric. & Teaching | J15: 70027 | K15: Assc Provost-Teaching&Learning | L15: 100 | O15: 9999 | Q15: 99999 | R15: FS not applicable | S15: 999999 | U15: 9999
A16: Tax Levy | B16: MSPIA | C16: Public Affairs | D16: 10 | E16: BAR01 | F16: Tax Levy10250 | G16: 10250 | H16: 10250 | I16: Public Affairs | J16: 10250 | K16: Public Affairs | L16: 100 | M16: Instruction | O16: 9999 | Q16: 99999 | R16: FS not applicable | S16: 999999 | U16: 9999
A17: Tax Levy | B17: MSPIA | C17: Dean School of Public Affairs | D17: 10 | E17: BAR01 | F17: Tax Levy10405 | G17: 10405 | H17: 10405 | I17: Dean School of Public Affairs | J17: 10405 | K17: Dean's Office - SPA | L17: 100 | M17: Instruction | O17: 9999 | Q17: 99999 | R17: FS not applicable | S17: 999999 | U17: 9999
A18: Tax Levy | B18: MSPIA | C18: CIDR | D18: 10 | E18: BAR01 | F18: Tax Levy60203 | G18: 60203 | H18: 60203 | I18: CIDR | J18: 60203 | K18: Inst-Demographic Resrch (CIDR) | L18: 100 | M18: Instruction | O18: 9999 | Q18: 99999 | R18: FS not applicable | S18: 999999 | U18: 9999
A19: Tax Levy | B19: MSPIA | C19: Student Recruitment | D19: 10 | E19: BAR01 | F19: Tax Levy75071 | G19: 75071 | H19: 75071 | I19: Student Recruitment | J19: 75071 | K19: Grad Admission/Student Svc-SPA | L19: 300 | M19: Student Services | O19: 9999 | Q19: 99999 | R19: FS not applicable | S19: 999999 | U19: 9999
A20: Tax Levy | B20: OCM | C20: Communications | D20: 10 | E20: BAR01 | F20: Tax Levy80070 | G20: 80070 | H20: 80070 | I20: Communications | J20: 80070 | K20: OCMPA | L20: 350 | M20: Institutional Support | O20: 9999 | Q20: 99999 | R20: FS not applicable | S20: 999999 | U20: 9999
A21: Tax Levy | B21: President | C21: President | D21: 10 | E21: BAR01 | F21: Tax Levy80250 | G21: 80250 | H21: 80250 | I21: President | J21: 80250 | K21: President's Office | L21: 355 | M21: General Administration | O21: 9999 | Q21: 99999 | R21: FS not applicable | S21: 999999 | U21: 9999
A22: Tax Levy | B22: VPAF | C22: Accounting Operations | D22: 10 | E22: BAR01 | F22: Tax Levy80002 | G22: 80002 | H22: 80002 | I22: Accounting Operations | J22: 80002 | K22: Controller's Office | L22: 355 | M22: General Administration | O22: 9999 | Q22: 99999 | R22: FS not applicable | S22: 999999 | U22: 9999
A23: Tax Levy | B23: VPAF | C23: Budget and Planning Operations | D23: 10 | E23: BAR01 | F23: Tax Levy80037 | G23: 80037 | H23: 80037 | I23: Budget and Planning Operations | J23: 80037 | K23: Budget And Planning Operations | L23: 355 | M23: General Administration | O23: 9999 | Q23: 99999 | R23: FS not applicable | S23: 999999 | U23: 9999
A24: Tax Levy | B24: VPAF | C24: Bursar Operations | D24: 10 | E24: BAR01 | F24: Tax Levy80042 | G24: 80042 | H24: 80042 | I24: Bursar Operations | J24: 80042 | K24: Bursar's Office | L24: 355 | M24: General Administration | O24: 9999 | Q24: 99999 | R24: FS not applicable | S24: 999999 | U24: 9999
A25: Tax Levy | B25: VPAF | C25: Business Office/Fin Operations | D25: 10 | E25: BAR01 | F25: Tax Levy80045 | G25: 80045 | H25: 80045 | I25: Business Office/Fin Operations | J25: 80045 | K25: Business Office/Fin Operations | L25: 355 | M25: General Administration | O25: 9999 | Q25: 99999 | R25: FS not applicable | S25: 999999 | U25: 9999
A26: Tax Levy | B26: VPAF | C26: Business Office/Fin Operations | D26: 10 | E26: BAR01 | F26: Tax Levy80045 | G26: 80045 | H26: 80045 | I26: Business Office/Fin Operations | J26: 80045 | K26: Business Office/Fin Operations | L26: 355 | M26: General Administration | O26: 9999 | P26: Vendor Services | Q26: 10454 | R26: FS not applicable | S26: 999999 | U26: 9999
A27: Tax Levy | B27: VPAF | C27: Facility Maintenance Operation | D27: 10 | E27: BAR01 | F27: Tax Levy80048 | G27: 80048 | H27: 80048 | I27: Facility Maintenance Operation | J27: 80048 | K27: Buildings & Grounds | L27: 400 | M27: Operation & Maintence of Plant | O27: 9999 | Q27: 99999 | R27: FS not applicable | S27: 999999 | U27: 9999
A28: Tax Levy | B28: VPAF | C28: Facility Maintenance Operation | D28: 10 | E28: BAR01 | F28: Tax Levy80048 | G28: 80048 | H28: 80048 | I28: Facility Maintenance Operation | J28: 80048 | K28: Buildings & Grounds | L28: 403 | M28: Utilities | O28: 9999 | Q28: 99999 | R28: FS not applicable | S28: 999999 | U28: 9999
A29: Tax Levy | B29: VPAF | C29: Campus Planning & Operations | D29: 10 | E29: BAR01 | F29: Tax Levy80049 | G29: 80049 | H29: 80049 | I29: Campus Planning & Operations | J29: 80049 | K29: Conference Center | L29: 400 | M29: Operation & Maintence of Plant | O29: 9999 | Q29: 99999 | R29: FS not applicable | S29: 999999 | U29: 9999
A30: Tax Levy | B30: VPAF | C30: Central Receiving and Stores | D30: 10 | E30: BAR01 | F30: Tax Levy80054 | G30: 80054 | H30: 80054 | I30: Central Receiving and Stores | J30: 80054 | K30: Receiving & Stores | L30: 350 | M30: Institutional Support | O30: 9999 | Q30: 99999 | R30: FS not applicable | S30: 999999 | U30: 9999
A31: Tax Levy | B31: VPAF | C31: Facilities Planning Operations | D31: 10 | E31: BAR01 | F31: Tax Levy80149 | G31: 80149 | H31: 80149 | I31: Facilities Planning Operations | J31: 80149 | K31: Campus Facilities & Operations | L31: 355 | M31: General Administration | O31: 9999 | Q31: 99999 | R31: FS not applicable | S31: 999999 | U31: 9999
A32: Tax Levy | B32: VPAF | C32: Human Resources Operations | D32: 10 | E32: BAR01 | F32: Tax Levy80174 | G32: 80174 | H32: 80174 | I32: Human Resources Operations | J32: 80174 | K32: Human Resources | L32: 355 | M32: General Administration | O32: 9999 | Q32: 99999 | R32: FS not applicable | S32: 999999 | U32: 9999
A33: Tax Levy | B33: VPAF | C33: Mail and Messenger Services | D33: 10 | E33: BAR01 | F33: Tax Levy80203 | G33: 80203 | H33: 80203 | I33: Mail and Messenger Services | J33: 80203 | K33: Mailroom | L33: 350 | M33: Institutional Support | O33: 9999 | Q33: 99999 | R33: FS not applicable | S33: 999999 | U33: 9999
A34: Tax Levy | B34: VPAF | C34: Purchasing | D34: 10 | E34: BAR01 | F34: Tax Levy80264 | G34: 80264 | H34: 80264 | I34: Purchasing | J34: 80264 | K34: Purchasing | L34: 355 | M34: General Administration | O34: 9999 | Q34: 99999 | R34: FS not applicable | S34: 999999 | U34: 9999
A35: Tax Levy | B35: VPAF | C35: Security Operations | D35: 10 | E35: BAR01 | F35: Tax Levy80274 | G35: 80274 | H35: 80274 | I35: Security Operations | J35: 80274 | K35: Public Safety | L35: 350 | M35: Institutional Support | O35: 9999 | Q35: 99999 | R35: FS not applicable | S35: 999999 | U35: 9999
A36: Tax Levy | B36: VPAF | C36: VP Finance and Administration | D36: 10 | E36: BAR01 | F36: Tax Levy80299 | G36: 80299 | H36: 80299 | I36: VP Finance and Administration | J36: 80299 | K36: VP for Admin & Finance | L36: 355 | M36: General Administration | O36: 9999 | Q36: 99999 | R36: FS not applicable | S36: 999999 | U36: 9999
A37: Tax Levy | B37: VPCA | C37: College Relations Operations | D37: 10 | E37: BAR01 | F37: Tax Levy80069 | G37: 80069 | H37: 80069 | I37: College Relations Operations | J37: 80069 | K37: College Advancement | L37: 350 | M37: Institutional Support | O37: 9999 | Q37: 99999 | R37: FS not applicable | S37: 999999 | U37: 9999
A38: Tax Levy | B38: VPEM | C38: Dean Of Student Services | D38: 10 | E38: BAR01 | F38: Tax Levy10393 | G38: 10393 | H38: 10393 | I38: Dean Of Student Services | J38: 10393 | K38: VP-Enrollment Management | L38: 300 | M38: Student Services | O38: 9999 | Q38: 99999 | R38: FS not applicable | S38: 999999 | U38: 9999
... A41: Tax Levy | B41: VPEM | C41: Admissions Services | D41: 10 | E41: BAR01 | F41: Tax Levy75002 | G41: 75002 | H41: 75002 | I41: Admissions Services | J41: 75002 | K41: Undergraduate Admissions | L41: 300 | M41: Student Services | O41: 9999 | Q41: 99999 | R41: FS not applicable | S41: 999999 | U41: 9999
A42: Tax Levy | B42: VPEM | C42: Admissions Services | D42: 10 | E42: BAR01 | F42: Tax Levy75002 | G42: 75002 | H42: 75002 | I42: Admissions Services | J42: 75002 | K42: Undergraduate Admissions | L42: 300 | M42: Student Services | O42: 9999 | P42: Welcome Center Program | Q42: 10486 | R42: FS not applicable | S42: 999999 | U42: 9999
A43: Tax Levy | B43: VPEM | C43: International Student Services | D43: 10 | E43: BAR01 | F43: Tax Levy75037 | G43: 75037 | H43: 75037 | I43: International Student Services | J43: 75037 | K43: International Student Services | L43: 300 | M43: Student Services | O43: 9999 | Q43: 99999 | R43: FS not applicable | S43: 999999 | U43: 9999
A44: Tax Levy | B44: VPEM | C44: Student Financial Aid | D44: 10 | E44: BAR01 | F44: Tax Levy75065 | G44: 75065 | H44: 75065 | I44: Student Financial Aid | J44: 75065 | K44: Financial Aid | L44: 300 | M44: Student Services | O44: 9999 | Q44: 99999 | R44: FS not applicable | S44: 999999 | U44: 9999
A45: Tax Levy | B45: VPEM | C45: Testing and Evaluation | D45: 10 | E45: BAR01 | F45: Tax Levy75078 | G45: 75078 | H45: 75078 | I45: Testing and Evaluation | J45: 75078 | K45: Skills Assessment Testing | L45: 300 | M45: Student Services | O45: 9999 | Q45: 99999 | R45: FS not applicable | S45: 999999 | U45: 9999
A46: Tax Levy | B46: VPEM | C46: Registrar | D46: 10 | E46: BAR01 | F46: Tax Levy80268 | G46: 80268 | H46: 80268 | I46: Registrar | J46: 80268 | K46: Office of the Registrar | L46: 300 | M46: Student Services | O46: 9999 | Q46: 99999 | R46: FS not applicable | S46: 999999 | U46: 9999
A47: Tax Levy | B47: VPISD | C47: Library | D47: 10 | E47: BAR01 | F47: Tax Levy70054 | G47: 70054 | H47: 70054 | I47: Library | J47: 70054 | K47: Library | L47: 251 | M47: Library | O47: 9999 | Q47: 99999 | R47: FS not applicable | S47: 999999 | U47: 9999
A48: Tax Levy | B48: VPISD | C48: Information Services Admin | D48: 10 | E48: BAR01 | F48: Tax Levy80022 | G48: 80022 | H48: 80022 | I48: Information Services Admin | J48: 80022 | K48: VP Information Svcs/Dn Library | L48: 350 | M48: Institutional Support | O48: 9999 | Q48: 99999 | R48: FS not applicable | S48: 999999 | U48: 9999
A49: Tax Levy | B49: VPISD | C49: Computer Center Operations | D49: 10 | E49: BAR01 | F49: Tax Levy80073 | G49: 80073 | H49: 80073 | I49: Computer Center Operations | J49: 80073 | K49: BCTC - Computing & Tech Ctr | L49: 350 | M49: Institutional Support | O49: 9999 | Q49: 99999 | R49: FS not applicable | S49: 999999 | U49: 9999
A50: Tax Levy | B50: Acad Aff | C50: Institutional Research/Analys | D50: 10 | E50: BAR01 | F50: Tax Levy80185 | G50: 80185 | H50: 80185 | I50: Institutional Research/Analys | J50: 80185 | K50: Institutional Research & Analy | L50: 350 | M50: Institutional Support | O50: 9999 | Q50: 99999 | R50: FS not applicable | S50: 999999 | U50: 9999
A51: Tax Levy | B51: VPSA | C51: Counseling & Comm Skills | D51: 10 | E51: BAR01 | F51: Tax Levy10071 | G51: 10071 | H51: 10071 | I51: Counseling & Comm Skills | J51: 10071 | K51: Student Development/Counseling | L51: 100 | M51: Instruction | O51: 9999 | Q51: 99999 | R51: FS not applicable | S51: 999999 | U51: 9999
A52: Tax Levy | B52: VPSA | C52: Physical Education | D52: 10 | E52: BAR01 | F52: Tax Levy10134 | G52: 10134 | H52: 10134 | I52: Physical Education | J52: 10134 | K52: Physical Education | L52: 100 | M52: Instruction | O52: 9999 | Q52: 99999 | R52: FS not applicable | S52: 999999 | U52: 9999
A53: Tax Levy | B53: VPSA | C53: Center, Child Care | D53: 10 | E53: BAR01 | F53: Tax Levy60021 | G53: 60021 | H53: 60021 | I53: Center, Child Care | J53: 60021 | K53: Early Learning Center (ELC) | L53: 300 | M53: Student Services | O53: 9999 | Q53: 99999 | R53: FS not applicable | S53: 999999 | U53: 9999
A54: Tax Levy | B54: VPSA | C54: Athletics & Recreation | D54: 10 | E54: BAR01 | F54: Tax Levy75012 | G54: 75012 | H54: 75012 | I54: Athletics & Recreation | J54: 75012 | K54: Athletic & Recreation (ARC) | L54: 300 | M54: Student Services | O54: 9999 | Q54: 99999 | R54: FS not applicable | S54: 999999 | U54: 9999
... A96: Tax Levy | B96: ZSB | C96: Graduate Programs | D96: 10 | E96: BAR01 | F96: Tax Levy80101 | G96: 80101 | H96: 80101 | I96: Graduate Programs | J96: 80101 | K96: Graduate Programs - ZSB | L96: 100 | M96: Instruction | O96: 9999 | Q96: 99999 | R96: FS not applicable | S96: 999999 | U96: 9999
A97: Tax Levy | B97: VPEM | C97: College Now Program | D97: 10 | E97: BAR01 | F97: Tax Levy65017 | G97: 65017 | H97: 65017 | I97: College Now Program | J97: 65017 | K97: College Now Program | L97: 100 | M97: Instruction | O97: 9999 | P97: Tutor Corp | Q97: 30040 | R97: FS not applicable | S97: 999999 | T97: Academic Affairs Initiatives | U97: 100
A98: Tax Levy | B98: Acad Aff | C98: ACE Administrative | D98: 10 | E98: BAR01 | F98: Tax Levy15004 | G98: 15004 | H98: 15004 | I98: ACE Administrative | J98: 15004 | K98: Continuing & Profl Studies | L98: 100 | M98: Instruction | N98: Adult and Continuing Education | O98: 9999 | Q98: 99999 | R98: FS not applicable | S98: 999999 | U98: 9999
A99: Tax Levy | B99: MSPIA | C99: Public Affairs | D99: 10 | E99: BAR01 | F99: Tax Levy10250 | G99: 10250 | H99: 10250 | I99: Public Affairs | J99: 10250 | K99: Public Affairs | L99: 100 | M99: Instruction | O99: 9999 | P99: NYC Agency Programs | Q99: 10576 | S99: 999999 | U99: 9999
A100: Tax Levy | B100: Acad Aff | C100: Education Service Admin | D100: 10 | E100: BAR01 | F100: Tax Levy70033 | G100: 70033 | H100: 70033 | I100: Education Service Admin | J100: 70033 | K100: Digital Learning Hub | L100: 250 | M100: Instruction | N100: NA | O100: 9999 | P100: NA | Q100: 99999 | R100: NA | S100: 999999 | T100: NA | U100: 9999
A101: Tax Levy | B101: WSAS | C101: Psychology | D101: 10 | E101: BAR01 | F101: Tax Levy10245 | G101: 10245 | H101: 10245 | I101: Psychology | J101: 10245 | K101: Psychology | L101: 100 | M101: Instruction | O101: 9999 | P101: Exe MS Ind & Org Psychology | Q101: 40360 | S101: 303000 | U101: 9999
A102: Tax Levy | B102: ZSB | C102: Executive Programs | D102: 10 | E102: BAR01 | G102: 65040 | H102: 65040 | I102: Executive Programs | J102: 65040 | K102: Executive Programs | L102: 100 | O102: 9999 | P102: Executive MBA | Q102: 40300 | S102: 302500 | U102: 9999
A103: Tax Levy | B103: ZSB | C103: Executive Programs | D103: 10 | E103: BAR01 | G103: 65040 | H103: 65040 | I103: Executive Programs | J103: 65040 | K103: Executive Programs | L103: 100 | O103: 9999 | P103: Executive Business DPS | Q103: 40305 | S103: 302500 | U103: 9999
A104: Tax Levy | B104: ZSB | C104: Executive Programs | D104: 10 | E104: BAR01 | G104: 65040 | H104: 65040 | I104: Executive Programs | J104: 65040 | K104: Executive Programs | L104: 100 | O104: 9999 | P104: Executive MS HR Management | Q104: 40308 | S104: 302500 | U104: 9999

Sheet Date Range for Forms
A1: Date
A3: 44743
A4: 44744
A5: 44745
A6: 44746
A7: 44747
A8: 44748
A9: 44749
A10: 44750
A11: 44751
A12: 44752
A13: 44753
A14: 44754
... A552: 45292

Sheet OptCodes
A1: Program, Spec Init, OU Description | B1: Codes | C1: Type | D1: Code Descriptions | E1: Description
B2: 999999 | E2: This table has codes and descriptions specifically for the CUNY Interdisciplinary Internal Special Project Grant Budget Mod form
A3: Spec. Initiative: Open Education Rsrc.- 116 | B3: 116 | C3: Spec. Initiative | D3: Open Education Rsrc.
A4: Spec. Initiative: Black Male Initiative-102 | B4: 102 | C4: Spec. Initiative | D4: Black Male Initiative
A5: Operating Unit: High School-3017 | B5: 3017 | C5: Operating Unit | D5: High School
A6: Program: Tutor Corp-30040 | B6: 30040 | C6: Program | D6: Tutor Corp
A7: Program: CARES | B7: 80431 | C7: Program | D7: CARES
A8: Special Coding Not Mentioned Award Confirmation | B8: 999999 | D8: Special Coding Not Mentioned Award Confirmation
A9: Special Coding Needs Provided in Attached Award Confirmation | B9: 999999 | D9: Special Coding Needs Provided in Attached Award Confirmation

Sheet Budget Tree updated
A1: Ledger | B1: Fund | C1: Business Unit | D1: use for Vlookup Division | E1: CUNYFIRST GL Dept Code | F1: CUNYFIRST GL Dept. Description (University Shared) | G1: Division | H1: CUNYFIRST GL Dept Code | I1: CUNYFIRST GL Dept. Description (University Shared) | J1: CUNYFIRST HCM Dept Code | K1: CUNYFIRST HCM Dept Description | L1: Major Purpose | M1: Major Purpose Descr | N1: Opearting Unit Descr | O1: Operating Unit | P1: Program Code Descr | Q1: Program | R1: Funding Source Descr | S1: Funding Source | T1: Special Initiatives Descr | U1: Special Initiatives | V1: NTL BU | W1: NTL Prgrm Descr | X1: NTL Prgrm Code | Y1: NTL Fund Code | Z1: OTPS | AA1: Ledger | AB1: Fund | AC1: Business Unit | AD1: Account Number | AG1: Account | AH1: Account Number | AI1: Fund&Dept Code | AJ1: CUNYFIRST GL Dept. Description (University Shared)
A2: IFR | B2: 11 | C2: BAR01 | D2: =+A2&""&E2 -> IFR15004 | E2: 15004 | F2: ACE Administrative | G2: Acad Aff | H2: 15004 | I2: ACE Administrative | J2: 15004 | K2: Continuing & Profl Studies | L2: 100 | M2: Instruction | N2: Adult and Continuing Education | O2: 4001 | Q2: 99999 | S2: 999999 | U2: 9999 | Z2: OTPS- Indirect Cost | AA2: =A2 -> IFR | AB2: =B2 -> 11 | AC2: =C2 -> BAR01 | AD2: 80125 | AE2: =AF2&AG2 -> BAR01OTPS | AF2: BAR01 | AG2: OTPS | AH2: 80200 | AI2: =B2&E2 -> 1115004 | AJ2: =I2 -> ACE Administrative
A3: IFR | B3: 11 | C3: BAR01 | D3: =+A3&""&E3 -> IFR80045 | E3: 80045 | F3: Business Office/Fin Operations | G3: VPAF | H3: 80045 | I3: Business Office/Fin Operations | J3: 80045 | K3: Business Office/Fin Operations | L3: 355 | M3: General Administration | N3: IFR Senior Colleges | O3: 3012 | Q3: 99999 | S3: 999999 | U3: 9999 | Z3: NON-TEACHING ADJ | AA3: =A3 -> IFR | AB3: =B3 -> 11 | AC3: =C3 -> BAR01 | AD3: 80003 | AE3: =AF3&AG3 -> BAR01OTPS - Indirect Cost | AF3: BAR01 | AG3: OTPS - Indirect Cost | AH3: 80200 | AI3: =B3&E3 -> 1180045 | AJ3: =I3 -> Business Office/Fin Operations
A4: IFR | B4: 11 | C4: BAR01 | D4: =+A4&""&E4 -> IFR80045 | E4: 80045 | F4: Business Office/Fin Operations | G4: VPAF | H4: 80045 | I4: Business Office/Fin Operations | J4: 80045 | K4: Business Office/Fin Operations | L4: 400 | M4: Operation & Maintence of Plant | N4: IFR Senior Colleges | O4: 3012 | Q4: 99999 | S4: 999999 | U4: 9999 | Z4: PSR | AA4: =A4 -> IFR | AB4: =B4 -> 11 | AC4: =C4 -> BAR01 | AD4: 80002 | AE4: =AF4&AG4 -> BAR01NON-TEACHING ADJ | AF4: BAR01 | AG4: NON-TEACHING ADJ | AH4: 80003 | AI4: =B4&E4 -> 1180045 | AJ4: =I4 -> Business Office/Fin Operations
A5: IFR | B5: 11 | C5: BAR01 | D5: =+A5&""&E5 -> IFR80049 | E5: 80049 | F5: Conference Center | G5: VPAF | H5: 80049 | I5: Conference Center | J5: 80049 | K5: Conference Center | L5: 400 | M5: Operation & Maintence of Plant | N5: Adult and Continuing Education | O5: 4001 | Q5: 99999 | S5: 999999 | U5: 9999 | Z5: OTPS- Indirect Cost | AA5: =A5 -> IFR | AB5: =B5 -> 11 | AC5: =C5 -> BAR01 | AE5: =AF5&AG5 -> BAR01PSR | AF5: BAR01 | AG5: PSR | AH5: 80002 | AI5: =B5&E5 -> 1180049 | AJ5: =I5 -> Conference Center
A6: IFR | B6: 11 | C6: BAR01 | D6: =+A6&""&E6 -> IFR65011 | E6: 65011 | F6: Black Male Initiative | G6: VPEM | H6: 65011 | I6: Black Male Initiative | J6: 65011 | K6: Black Male Initiative | L6: 300 | M6: Student Services | N6: IFR Senior Colleges | O6: 3012 | Q6: 99999 | S6: 999999 | U6: 102 | Z6: Adj | AA6: =A6 -> IFR | AB6: =B6 -> 11 | AC6: =C6 -> BAR01 | AD6: 80029 | AE6: =AF6&AG6 -> BAR01Adj | AF6: BAR01 | AG6: Adj | AH6: 80029 | AI6: =B6&E6 -> 1165011 | AJ6: =I6 -> Black Male Initiative
A7: IFR | B7: 11 | C7: BAR01 | D7: =+A7&""&E7 -> IFR65146 | E7: 65146 | F7: High school | G7: VPISD | H7: 65146 | I7: High school | J7: 65146 | K7: #N/A | L7: 101 | M7: Collaborative Programs | N7: IFR High Schools | O7: 3017 | Q7: 99999 | S7: 999999 | U7: 9999 | AA7: =A7 -> IFR | AB7: =B7 -> 11 | AC7: =C7 -> BAR01 | AE7: =AF7&AG7 -> BAR01TEMP | AF7: BAR01 | AG7: TEMP | AH7: 80003 | AI7: =B7&E7 -> 1165146 | AJ7: =I7 -> High school
A8: IFR | B8: 11 | C8: BAR01 | D8: =+A8&""&E8 -> IFR80291 | E8: 80291 | F8: UWI | G8: UWI | H8: 80291 | I8: UWI | J8: 80291 | K8: UWI | L8: 352 | N8: Technology Fees | O8: 3019 | Q8: 99999 | S8: 999999 | U8: 108 | AA8: =A8 -> IFR | AB8: =B8 -> 11 | AC8: =C8 -> BAR01 | AE8: =AF8&AG8 -> BAR55PSR | AF8: BAR55 | AG8: PSR | AH8: 80001 | AI8: =B8&E8 -> 1180291 | AJ8: =I8 -> UWI
A9: IFR | B9: 11 | C9: BAR01 | D9: =+A9&""&E9 -> IFR80073 | E9: 80073 | F9: Computer Center Operations | G9: VPISD | H9: 80073 | I9: Computer Center Operations | J9: 80073 | K9: BCTC - Computing & Tech Ctr | L9: 300 | M9: Student Services | N9: Technology Fees | O9: 3019 | Q9: 99999 | S9: 999999 | U9: 9999 | AA9: =A9 -> IFR | AB9: =B9 -> 11 | AC9: =C9 -> BAR01 | AE9: =AF9&AG9 -> BAR55OTPS | AF9: BAR55 | AG9: OTPS | AH9: 80050 | AI9: =B9&E9 -> 1180073 | AJ9: =I9 -> Computer Center Operations
A10: IFR | B10: 11 | C10: BAR01 | D10: =+A10&""&E10 -> IFR60021 | E10: 60021 | F10: Center, Child Care | G10: VPSA | H10: 60021 | I10: Center, Child Care | J10: 60021 | K10: Early Learning Center (ELC) | L10: 200 | M10: Public Service | N10: IFR Senior Colleges | O10: 3012 | Q10: 99999 | S10: 999999 | U10: 9999 | AA10: =A10 -> IFR | AB10: =B10 -> 11 | AC10: =C10 -> BAR01 | AE10: =AF10&AG10 -> BAR55Admin O/H | AF10: BAR55 | AG10: Admin O/H | AH10: 80050 | AI10: =B10&E10 -> 1160021 | AJ10: =I10 -> Center, Child Care
A11: IFR | B11: 11 | C11: BAR01 | D11: =+A11&""&E11 -> IFR75012 | E11: 75012 | F11: Athletics & Recreation | G11: VPSA | H11: 75012 | I11: Athletics & Recreation | J11: 75012 | K11: Athletic & Recreation (ARC) | L11: 300 | M11: Student Services | N11: IFR High Schools | O11: 3017 | Q11: 99999 | S11: 999999 | U11: 9999 | AA11: =A11 -> IFR | AB11: =B11 -> 11 | AC11: =C11 -> BAR01 | AE11: =AF11&AG11 -> BAR04PSR | AF11: BAR04 | AG11: PSR | AH11: 80001 | AI11: =B11&E11 -> 1175012 | AJ11: =I11 -> Athletics & Recreation
A12: IFR | B12: 11 | C12: BAR01 | D12: =+A12&""&E12 -> IFR10195 | E12: 10195 | F12: Mathematics | G12: WSAS | H12: 10195 | I12: Mathematics | J12: 10195 | K12: Mathematics | L12: 100 | M12: Instruction | N12: IFR Senior Colleges | O12: 3012 | Q12: 99999 | S12: 999999 | U12: 9999 | AA12: =A12 -> IFR | AB12: =B12 -> 11 | AC12: =C12 -> BAR01 | AE12: =AF12&AG12 -> BAR04OTPS | AF12: BAR04 | AG12: OTPS | AH12: 80050 | AI12: =B12&E12 -> 1110195 | AJ12: =I12 -> Mathematics
A13: IFR | B13: 11 | C13: BAR01 | D13: =+A13&""&E13 -> IFR10208 | E13: 10208 | F13: Natural Sciences | G13: WSAS | H13: 10208 | I13: Natural Sciences | J13: 10208 | K13: Natural Sciences | L13: 100 | M13: Instruction | N13: IFR Senior Colleges | O13: 3012 | Q13: 99999 | S13: 999999 | U13: 9999 | AA13: =A13 -> IFR | AB13: =B13 -> 11 | AC13: =C13 -> BAR01 | AE13: =AF13&AG13 -> BAR04Admin O/H | AF13: BAR04 | AG13: Admin O/H | AH13: 80050 | AI13: =B13&E13 -> 1110208 | AJ13: =I13 -> Natural Sciences
A14: IFR | B14: 11 | C14: BAR01 | D14: =+A14&""&E14 -> IFR10381 | E14: 10381 | F14: Dean Of Business | G14: ZSB | H14: 10381 | I14: Dean Of Business | J14: 10381 | K14: Dean's Office - ZSB | L14: 100 | M14: Instruction | N14: Adult and Continuing Education | O14: 4001 | Q14: 99999 | S14: 999999 | U14: 9999 | AA14: =A14 -> IFR | AB14: =B14 -> 11 | AC14: =C14 -> BAR01 | AE14: =AF14&AG14 -> BAR01FB | AF14: BAR01 | AG14: FB | AH14: 80200 | AI14: =B14&E14 -> 1110381 | AJ14: =I14 -> Dean Of Business
A15: IFR | B15: 11 | C15: BAR01 | D15: =+A15&""&E15 -> IFR80101 | E15: 80101 | F15: Graduate Programs | G15: ZSB | H15: 80101 | I15: Graduate Programs | J15: 80101 | K15: Graduate Programs - ZSB | L15: 100 | M15: Instruction | N15: Adult and Continuing Education | O15: 4001 | Q15: 99999 | S15: 999999 | U15: 9999 | AA15: =A15 -> IFR | AB15: =B15 -> 11 | AC15: =C15 -> BAR01 | AE15: =AF15&AG15 -> BAR01OH | AF15: BAR01 | AG15: OH | AH15: 80200 | AI15: =B15&E15 -> 1180101 | AJ15: =I15 -> Graduate Programs
A16: IFR | B16: 11 | C16: BAR01 | D16: =+A16&""&E16 -> IFR80048 | E16: 80048 | F16: Facility Maintenance Operation | G16: VPAF | H16: 80048 | I16: Facility Maintenance Operation | J16: 80048 | K16: Buildings & Grounds | L16: 400 | M16: Operation & Maintence of Plant | O16: 3012 | Q16: 99999 | S16: 999999 | U16: 9999 | AA16: =A16 -> IFR | AB16: =B16 -> 11 | AC16: =C16 -> BAR01 | AE16: =AF16&AG16 -> BAR01Cost Rec | AF16: BAR01 | AG16: Cost Rec | AH16: 80200 | AI16: =B16&E16 -> 1180048 | AJ16: =I16 -> Facility Maintenance Operation
A17: IFR | B17: 11 | C17: BAR01 | D17: =+A17&""&E17 -> IFR80274 | E17: 80274 | F17: Security Operations | G17: VPAF | H17: 80274 | I17: Security Operations | J17: 80274 | K17: Public Safety | L17: 350 | M17: Institutional Support | O17: 4001 | Q17: 99999 | S17: 999999 | U17: 9999 | AA17: =A17 -> IFR | AB17: =B17 -> 11 | AC17: =C17 -> BAR01 | AE17: =AF17&AG17 -> BAR01ADJ - SU & SU II | AF17: BAR01 | AG17: ADJ - SU & SU II | AH17: 80029 | AI17: =B17&E17 -> 1180274 | AJ17: =I17 -> Security Operations
A18: IFR | B18: 11 | C18: BAR01 | D18: =+A18&""&E18 -> IFR70054 | E18: 70054 | F18: Library | G18: VPISD | H18: 70054 | I18: Library | J18: 70054 | K18: Library | L18: 251 | M18: Library | O18: 4001 | Q18: 99999 | S18: 999999 | U18: 9999 | AA18: =A18 -> IFR | AB18: =B18 -> 11 | AC18: =C18 -> BAR01 | AE18: =AF18&AG18 -> BAR01NON-TEACHING ADJ - SU & SU II | AF18: BAR01 | AG18: NON-TEACHING ADJ - SU & SU II | AH18: 80003 | AI18: =B18&E18 -> 1170054 | AJ18: =I18 -> Library
A19: IFR | B19: 11 | C19: BAR01 | D19: =+A19&""&E19 -> IFR60195 | E19: 60195 | F19: Institute, Newman RE | G19: ZSB | H19: 60195 | I19: Institute, Newman RE | J19: 60195 | K19: Newman Real Estate Inst (NREI) | L19: 100 | M19: Instruction | O19: 4001 | Q19: 99999 | S19: 999999 | U19: 9999 | AA19: =A19 -> IFR | AB19: =B19 -> 11 | AC19: =C19 -> BAR01 | AE19: =AF19&AG19 -> BAR02PSR | AF19: BAR02 | AG19: PSR | AH19: 80001 | AI19: =B19&E19 -> 1160195 | AJ19: =I19 -> Institute, Newman RE
A20: IFR | B20: 11 | C20: BAR01 | D20: =+A20&""&E20 -> IFR10221 | E20: 10221 | F20: Philosophy | G20: WSAS | H20: 10221 | I20: Philosophy | J20: 10221 | K20: Philosophy | L20: 100 | M20: Instruction | O20: 3012 | Q20: 99999 | S20: 999999 | U20: 9999 | AA20: =A20 -> IFR | AB20: =B20 -> 11 | AC20: =C20 -> BAR01 | AE20: =AF20&AG20 -> BAR02OTPS | AF20: BAR02 | AG20: OTPS | AH20: 80050 | AI20: =B20&E20 -> 1110221 | AJ20: =I20 -> Philosophy
A21: IFR | B21: 11 | C21: BAR01 | D21: =+A21&""&E21 -> IFR10148 | E21: 10148 | F21: History & Contemporary Civil | G21: WSAS | H21: 10148 | I21: History & Contemporary Civil | J21: 10148 | K21: History | L21: 100 | M21: Instruction | O21: 3012 | Q21: 99999 | S21: 999999 | U21: 9999 | AA21: =A21 -> IFR | AB21: =B21 -> 11 | AC21: =C21 -> BAR01 | AE21: =AF21&AG21 -> BAR02Admin O/H | AF21: BAR02 | AG21: Admin O/H | AH21: 80050 | AI21: =B21&E21 -> 1110148 | AJ21: =I21 -> History & Contemporary Civil
A22: IFR | B22: 11 | C22: BAR01 | D22: =+A22&""&E22 -> IFRNA | E22: NA | F22: NA | G22: NA | H22: NA | I22: NA | J22: NA | K22: NA | L22: NA | M22: NA | N22: IFR Senior Colleges | O22: 3012 | P22: NA | Q22: NA | R22: NA | S22: NA | T22: NA | U22: NA | AA22: =A22 -> IFR | AB22: =B22 -> 11 | AC22: =C22 -> BAR01 | AE22: =AF22&AG22 -> BAR03PSR | AF22: BAR03 | AG22: PSR | AH22: 80001 | AI22: =B22&E22 -> 11NA | AJ22: =I22 -> NA
A23: IFR | B23: 11 | C23: BAR01 | D23: =+A23&""&E23 -> IFRNA | E23: NA | F23: NA | G23: NA | H23: NA | I23: NA | J23: NA | K23: NA | L23: NA | M23: NA | N23: IFR High Schools | O23: 3017 | P23: NA | Q23: NA | R23: NA | S23: NA | T23: NA | U23: NA | AA23: =A23 -> IFR | AB23: =B23 -> 11 | AC23: =C23 -> BAR01 | AE23: =AF23&AG23 -> BAR03OTPS | AF23: BAR03 | AG23: OTPS | AH23: 80050 | AI23: =B23&E23 -> 11NA | AJ23: =I23 -> NA
A24: IFR | B24: 11 | C24: BAR01 | D24: =+A24&""&E24 -> IFRNA | E24: NA | F24: NA | G24: NA | H24: NA | I24: NA | J24: NA | K24: NA | L24: NA | M24: NA | N24: Technology Fees | O24: 3019 | P24: NA | Q24: NA | R24: NA | S24: NA | T24: NA | U24: NA | AA24: =A24 -> IFR | AB24: =B24 -> 11 | AC24: =C24 -> BAR01 | AE24: =AF24&AG24 -> BAR03Admin O/H | AF24: BAR03 | AG24: Admin O/H | AH24: 80050 | AI24: =B24&E24 -> 11NA | AJ24: =I24 -> NA
A25: IFR | B25: 11 | C25: BAR01 | D25: =+A25&""&E25 -> IFRNA | E25: NA | F25: NA | G25: NA | H25: NA | I25: NA | J25: NA | K25: NA | L25: NA | M25: NA | N25: Adult and Continuing Education | O25: 4001 | P25: NA | Q25: NA | R25: NA | S25: NA | T25: NA | U25: NA | AA25: =A25 -> IFR | AB25: =B25 -> 11 | AC25: =C25 -> BAR01 | AE25: =AF25&AG25 -> BAR01ADJ - FA | AF25: BAR01 | AG25: ADJ - FA | AH25: 80029 | AI25: =B25&E25 -> 11NA | AJ25: =I25 -> NA
A26: IFR | B26: 11 | C26: BAR01 | D26: =+A26&""&E26 -> IFRNA | E26: NA | F26: NA | G26: NA | H26: NA | I26: NA | J26: NA | K26: NA | L26: NA | M26: NA | N26: OU not applicable | O26: 9999 | P26: NA | Q26: NA | R26: NA | S26: NA | T26: NA | U26: NA | AA26: =A26 -> IFR | AB26: =B26 -> 11 | AC26: =C26 -> BAR01 | AE26: =AF26&AG26 -> BAR01NON-TEACHING ADJ - FA | AF26: BAR01 | AG26: NON-TEACHING ADJ - FA | AH26: 80003 | AI26: =B26&E26 -> 11NA | AJ26: =I26 -> NA
A27: Tax Levy | B27: 10 | C27: BAR01 | D27: =+A27&""&E27 -> Tax Levy10377 | E27: 10377 | F27: Dean For Academic Affairs | G27: Acad Aff | H27: 10377 | I27: Dean For Academic Affairs | J27: 10377 | K27: Provost-Faculty Operations | L27: 100 | M27: Instruction | O27: 9999 | Q27: 99999 | S27: 999999 | U27: 9999 | AA27: =A27 -> Tax Levy | AB27: =B27 -> 10 | AC27: =C27 -> BAR01 | AI27: =B27&E27 -> 1010377 | AJ27: =I27 -> Dean For Academic Affairs
A28: Tax Levy | B28: 10 | C28: BAR01 | D28: =+A28&""&E28 -> Tax Levy60024 | E28: 60024 | F28: Center, Computer Visually Imp | G28: Acad Aff | H28: 60024 | I28: Center, Computer Visually Imp | J28: 60024 | K28: Computer Ctr Visually Impaired | L28: 350 | M28: Institutional Support | O28: 9999 | Q28: 99999 | S28: 999999 | U28: 9999 | AA28: =A28 -> Tax Levy | AB28: =B28 -> 10 | AC28: =C28 -> BAR01 | AI28: =B28&E28 -> 1060024 | AJ28: =I28 -> Center, Computer Visually Imp
A29: Tax Levy | B29: 10 | C29: BAR01 | D29: =+A29&""&E29 -> Tax Levy60083 | E29: 60083 | F29: Center, Writing | G29: Acad Aff | H29: 60083 | I29: Center, Writing | J29: 60083 | K29: Writing Center | L29: 100 | M29: Instruction | O29: 9999 | Q29: 99999 | S29: 999999 | U29: 9999 | AA29: =A29 -> Tax Levy | AB29: =B29 -> 10 | AC29: =C29 -> BAR01 | AI29: =B29&E29 -> 1060083 | AJ29: =I29 -> Center, Writing
A30: Tax Levy | B30: 10 | C30: BAR01 | D30: =+A30&""&E30 -> Tax Levy60196 | E30: 60196 | F30: Institute, Schwartz Commun | G30: Acad Aff | H30: 60196 | I30: Institute, Schwartz Commun | J30: 60196 | K30: Schwartz Communication Center | L30: 100 | M30: Instruction | O30: 9999 | Q30: 99999 | S30: 999999 | U30: 9999 | AA30: =A30 -> Tax Levy | AB30: =B30 -> 10 | AC30: =C30 -> BAR01 | AI30: =B30&E30 -> 1060196 | AJ30: =I30 -> Institute, Schwartz Commun
A31: Tax Levy | B31: 10 | C31: BAR01 | D31: =+A31&""&E31 -> Tax Levy65017 | E31: 65017 | F31: College Now Program | G31: Acad Aff | H31: 65017 | I31: College Now Program | J31: 65017 | K31: College Now Program | L31: 100 | M31: Instruction | O31: 9999 | Q31: 99999 | S31: 999999 | U31: 9999 | AA31: =A31 -> Tax Levy | AB31: =B31 -> 10 | AC31: =C31 -> BAR01 | AI31: =B31&E31 -> 1065017 | AJ31: =I31 -> College Now Program
A32: Tax Levy | B32: 10 | C32: BAR01 | D32: =+A32&""&E32 -> Tax Levy65054 | E32: 65054 | F32: Honors/Experimental | G32: Acad Aff | H32: 65054 | I32: Honors/Experimental | J32: 65054 | K32: Honors Program | L32: 100 | M32: Instruction | O32: 9999 | Q32: 99999 | S32: 999999 | U32: 9999 | AA32: =A32 -> Tax Levy | AB32: =B32 -> 10 | AC32: =C32 -> BAR01 | AI32: =B32&E32 -> 1065054 | AJ32: =I32 -> Honors/Experimental
A33: Tax Levy | B33: 10 | C33: BAR01 | D33: =+A33&""&E33 -> Tax Levy70001 | E33: 70001 | F33: Academic Affairs | G33: Acad Aff | H33: 70001 | I33: Academic Affairs | J33: 70001 | K33: Provost-Teaching Operations | L33: 100 | M33: Instruction | O33: 9999 | Q33: 99999 | S33: 999999 | U33: 9999 | AA33: =A33 -> Tax Levy | AB33: =B33 -> 10 | AC33: =C33 -> BAR01 | AI33: =B33&E33 -> 1070001 | AJ33: =I33 -> Academic Affairs
A34: Tax Levy | B34: 10 | C34: BAR01 | D34: =+A34&""&E34 -> Tax Levy70062 | E34: 70062 | F34: Office for Teaching & Learning | G34: Acad Aff | H34: 70062 | I34: Office for Teaching & Learning | J34: 70062 | K34: Ctr. Teaching and Learning | L34: 100 | M34: Instruction | O34: 9999 | Q34: 99999 | S34: 999999 | U34: 9999 | AA34: =A34 -> Tax Levy | AB34: =B34 -> 10 | AC34: =C34 -> BAR01 | AI34: =B34&E34 -> 1070062 | AJ34: =I34 -> Office for Teaching & Learning
A35: Tax Levy | B35: 10 | C35: BAR01 | D35: =+A35&""&E35 -> Tax Levy80170 | E35: 80170 | F35: Grants And Research Admin | G35: Acad Aff | H35: 80170 | I35: Grants And Research Admin | J35: 80170 | K35: Sponsored Prgs/Research (SPAR) | L35: 355 | M35: General Administration | O35: 9999 | Q35: 99999 | S35: 999999 | U35: 9999 | AA35: =A35 -> Tax Levy | AB35: =B35 -> 10 | AC35: =C35 -> BAR01 | AI35: =B35&E35 -> 1080170 | AJ35: =I35 -> Grants And Research Admin
A36: Tax Levy | B36: 10 | C36: BAR01 | D36: =+A36&""&E36 -> Tax Levy80188 | E36: 80188 | F36: Instructional Services | G36: Acad Aff | H36: 80188 | I36: Instructional Services | J36: 80188 | K36: Student Acad Consult Ctr(SACC) | L36: 100 | M36: Instruction | O36: 9999 | Q36: 99999 | S36: 999999 | U36: 9999 | AA36: =A36 -> Tax Levy | AB36: =B36 -> 10 | AC36: =C36 -> BAR01 | AI36: =B36&E36 -> 1080188 | AJ36: =I36 -> Instructional Services
A37: Tax Levy | B37: 10 | C37: BAR01 | D37: =+A37&""&E37 -> Tax Levy80259 | E37: 80259 | F37: Provost Operations | G37: Acad Aff | H37: 80259 | I37: Provost Operations | J37: 80259 | K37: VP Academic Affairs & Provost | L37: 100 | M37: General Administration | O37: 9999 | Q37: 99999 | S37: 999999 | U37: 9999 | AA37: =A37 -> Tax Levy | AB37: =B37 -> 10 | AC37: =C37 -> BAR01 | AI37: =B37&E37 -> 1080259 | AJ37: =I37 -> Provost Operations
A38: Tax Levy | B38: 10 | C38: BAR01 | D38: =+A38&""&E38 -> Tax Levy80522 | E38: 80522 | F38: VP Strategic Planning, Assessm | G38: Acad Aff | H38: 80522 | I38: VP Strategic Planning, Assessm | J38: 80522 | K38: Assmnt, Acred, Inst Effctvness | L38: 355 | O38: 9999 | Q38: 99999 | S38: 999999 | U38: 9999 | AA38: =A38 -> Tax Levy | AB38: =B38 -> 10 | AC38: =C38 -> BAR01 | AI38: =B38&E38 -> 1080522 | AJ38: =I38 -> VP Strategic Planning, Assessm
A39: Tax Levy | B39: 10 | C39: BAR01 | D39: =+A39&""&E39 -> Tax Levy10103 | E39: 10103 | F39: English & Speech | G39: Acad Aff | H39: 10103 | I39: English & Speech | J39: 10103 | K39: Tools for Clear Speech | L39: 100 | O39: 9999 | Q39: 99999 | S39: 999999 | U39: 9999 | AA39: =A39 -> Tax Levy | AB39: =B39 -> 10 | AC39: =C39 -> BAR01 | AI39: =B39&E39 -> 1010103 | AJ39: =I39 -> English & Speech
A40: Tax Levy | B40: 10 | C40: BAR01 | D40: =+A40&""&E40 -> Tax Levy70027 | E40: 70027 | F40: Curric. & Teaching | G40: Acad Aff | H40: 70027 | I40: Curric. & Teaching | J40: 70027 | K40: Assc Provost-Teaching&Learning | L40: 100 | O40: 9999 | Q40: 99999 | S40: 999999 | U40: 9999 | AA40: =A40 -> Tax Levy | AB40: =B40 -> 10 | AC40: =C40 -> BAR01 | AI40: =B40&E40 -> 1070027 | AJ40: =I40 -> Curric. & Teaching
A41: Tax Levy | B41: 10 | C41: BAR01 | D41: =+A41&""&E41 -> Tax Levy10250 | E41: 10250 | F41: Public Affairs | G41: MSPIA | H41: 10250 | I41: Public Affairs | J41: 10250 | K41: Public Affairs | L41: 100 | M41: Instruction | O41: 9999 | Q41: 99999 | S41: 999999 | U41: 9999 | AA41: =A41 -> Tax Levy | AB41: =B41 -> 10 | AC41: =C41 -> BAR01 | AI41: =B41&E41 -> 1010250 | AJ41: =I41 -> Public Affairs
A42: Tax Levy | B42: 10 | C42: BAR01 | D42: =+A42&""&E42 -> Tax Levy10405 | E42: 10405 | F42: Dean School of Public Affairs | G42: MSPIA | H42: 10405 | I42: Dean School of Public Affairs | J42: 10405 | K42: Dean's Office - SPA | L42: 100 | M42: Instruction | O42: 9999 | Q42: 99999 | S42: 999999 | U42: 9999 | AA42: =A42 -> Tax Levy | AB42: =B42 -> 10 | AC42: =C42 -> BAR01 | AI42: =B42&E42 -> 1010405 | AJ42: =I42 -> Dean School of Public Affairs
A43: Tax Levy | B43: 10 | C43: BAR01 | D43: =+A43&""&E43 -> Tax Levy60203 | E43: 60203 | F43: CIDR | G43: MSPIA | H43: 60203 | I43: CIDR | J43: 60203 | K43: Inst-Demographic Resrch (CIDR) | L43: 100 | M43: Instruction | O43: 9999 | Q43: 99999 | S43: 999999 | U43: 9999 | AA43: =A43 -> Tax Levy | AB43: =B43 -> 10 | AC43: =C43 -> BAR01 | AI43: =B43&E43 -> 1060203 | AJ43: =I43 -> CIDR
A44: Tax Levy | B44: 10 | C44: BAR01 | D44: =+A44&""&E44 -> Tax Levy75071 | E44: 75071 | F44: Student Recruitment | G44: MSPIA | H44: 75071 | I44: Student Recruitment | J44: 75071 | K44: Grad Admission/Student Svc-SPA | L44: 300 | M44: Student Services | O44: 9999 | Q44: 99999 | S44: 999999 | U44: 9999 | AA44: =A44 -> Tax Levy | AB44: =B44 -> 10 | AC44: =C44 -> BAR01 | AI44: =B44&E44 -> 1075071 | AJ44: =I44 -> Student Recruitment
A45: Tax Levy | B45: 10 | C45: BAR01 | D45: =+A45&""&E45 -> Tax Levy80070 | E45: 80070 | F45: Communications | G45: OCM | H45: 80070 | I45: Communications | J45: 80070 | K45: OCMPA | L45: 350 | M45: Institutional Support | O45: 9999 | Q45: 99999 | S45: 999999 | U45: 9999 | AA45: =A45 -> Tax Levy | AB45: =B45 -> 10 | AC45: =C45 -> BAR01 | AI45: =B45&E45 -> 1080070 | AJ45: =I45 -> Communications
A46: Tax Levy | B46: 10 | C46: BAR01 | D46: =+A46&""&E46 -> Tax Levy80250 | E46: 80250 | F46: President | G46: President | H46: 80250 | I46: President | J46: 80250 | K46: President's Office | L46: 355 | M46: General Administration | O46: 9999 | Q46: 99999 | S46: 999999 | U46: 9999 | AA46: =A46 -> Tax Levy | AB46: =B46 -> 10 | AC46: =C46 -> BAR01 | AI46: =B46&E46 -> 1080250 | AJ46: =I46 -> President
A47: Tax Levy | B47: 10 | C47: BAR01 | D47: =+A47&""&E47 -> Tax Levy80002 | E47: 80002 | F47: Accounting Operations | G47: VPAF | H47: 80002 | I47: Accounting Operations | J47: 80002 | K47: Controller's Office | L47: 355 | M47: General Administration | O47: 9999 | Q47: 99999 | S47: 999999 | U47: 9999 | AA47: =A47 -> Tax Levy | AB47: =B47 -> 10 | AC47: =C47 -> BAR01 | AI47: =B47&E47 -> 1080002 | AJ47: =I47 -> Accounting Operations
A48: Tax Levy | B48: 10 | C48: BAR01 | D48: =+A48&""&E48 -> Tax Levy80037 | E48: 80037 | F48: Budget and Planning Operations | G48: VPAF | H48: 80037 | I48: Budget and Planning Operations | J48: 80037 | K48: Budget And Planning Operations | L48: 355 | M48: General Administration | O48: 9999 | Q48: 99999 | S48: 999999 | U48: 9999 | AA48: =A48 -> Tax Levy | AB48: =B48 -> 10 | AC48: =C48 -> BAR01 | AI48: =B48&E48 -> 1080037 | AJ48: =I48 -> Budget and Planning Operations
A49: Tax Levy | B49: 10 | C49: BAR01 | D49: =+A49&""&E49 -> Tax Levy80042 | E49: 80042 | F49: Bursar Operations | G49: VPAF | H49: 80042 | I49: Bursar Operations | J49: 80042 | K49: Bursar's Office | L49: 355 | M49: General Administration | O49: 9999 | Q49: 99999 | S49: 999999 | U49: 9999 | AA49: =A49 -> Tax Levy | AB49: =B49 -> 10 | AC49: =C49 -> BAR01 | AI49: =B49&E49 -> 1080042 | AJ49: =I49 -> Bursar Operations
A50: Tax Levy | B50: 10 | C50: BAR01 | D50: =+A50&""&E50 -> Tax Levy80045 | E50: 80045 | F50: Business Office/Fin Operations | G50: VPAF | H50: 80045 | I50: Business Office/Fin Operations | J50: 80045 | K50: Business Office/Fin Operations | L50: 355 | M50: General Administration | O50: 9999 | Q50: 99999 | S50: 999999 | U50: 9999 | AA50: =A50 -> Tax Levy | AB50: =B50 -> 10 | AC50: =C50 -> BAR01 | AI50: =B50&E50 -> 1080045 | AJ50: =I50 -> Business Office/Fin Operations
A51: Tax Levy | B51: 10 | C51: BAR01 | D51: =+A51&""&E51 -> Tax Levy80045 | E51: 80045 | F51: Business Office/Fin Operations | G51: VPAF | H51: 80045 | I51: Business Office/Fin Operations | J51: 80045 | K51: Business Office/Fin Operations | L51: 355 | M51: General Administration | O51: 9999 | P51: Vendor Services | Q51: 10454 | S51: 999999 | U51: 9999 | AA51: =A51 -> Tax Levy | AB51: =B51 -> 10 | AC51: =C51 -> BAR01 | AI51: =B51&E51 -> 1080045 | AJ51: =I51 -> Business Office/Fin Operations
A52: Tax Levy | B52: 10 | C52: BAR01 | D52: =+A52&""&E52 -> Tax Levy80048 | E52: 80048 | F52: Facility Maintenance Operation | G52: VPAF | H52: 80048 | I52: Facility Maintenance Operation | J52: 80048 | K52: Buildings & Grounds | L52: 400 | M52: Operation & Maintence of Plant | O52: 9999 | Q52: 99999 | S52: 999999 | U52: 9999 | AA52: =A52 -> Tax Levy | AB52: =B52 -> 10 | AC52: =C52 -> BAR01 | AI52: =B52&E52 -> 1080048 | AJ52: =I52 -> Facility Maintenance Operation
A53: Tax Levy | B53: 10 | C53: BAR01 | D53: =+A53&""&E53 -> Tax Levy80048 | E53: 80048 | F53: Facility Maintenance Operation | G53: VPAF | H53: 80048 | I53: Facility Maintenance Operation | J53: 80048 | K53: Buildings & Grounds | L53: 403 | M53: Utilities | O53: 9999 | Q53: 99999 | S53: 999999 | U53: 9999 | AA53: =A53 -> Tax Levy | AB53: =B53 -> 10 | AC53: =C53 -> BAR01 | AI53: =B53&E53 -> 1080048 | AJ53: =I53 -> Facility Maintenance Operation
A54: Tax Levy | B54: 10 | C54: BAR01 | D54: =+A54&""&E54 -> Tax Levy80049 | E54: 80049 | F54: Campus Planning & Operations | G54: VPAF | H54: 80049 | I54: Campus Planning & Operations | J54: 80049 | K54: Conference Center | L54: 400 | M54: Operation & Maintence of Plant | O54: 9999 | Q54: 99999 | S54: 999999 | U54: 9999 | AA54: =A54 -> Tax Levy | AB54: =B54 -> 10 | AC54: =C54 -> BAR01 | AI54: =B54&E54 -> 1080049 | AJ54: =I54 -> Campus Planning & Operations
A55: Tax Levy | B55: 10 | C55: BAR01 | D55: =+A55&""&E55 -> Tax Levy80054 | E55: 80054 | F55: Central Receiving and Stores | G55: VPAF | H55: 80054 | I55: Central Receiving and Stores | J55: 80054 | K55: Receiving & Stores | L55: 350 | M55: Institutional Support | O55: 9999 | Q55: 99999 | S55: 999999 | U55: 9999 | AA55: =A55 -> Tax Levy | AB55: =B55 -> 10 | AC55: =C55 -> BAR01 | AI55: =B55&E55 -> 1080054 | AJ55: =I55 -> Central Receiving and Stores
A56: Tax Levy | B56: 10 | C56: BAR01 | D56: =+A56&""&E56 -> Tax Levy80149 | E56: 80149 | F56: Facilities Planning Operations | G56: VPAF | H56: 80149 | I56: Facilities Planning Operations | J56: 80149 | K56: Campus Facilities & Operations | L56: 355 | M56: General Administration | O56: 9999 | Q56: 99999 | S56: 999999 | U56: 9999 | AA56: =A56 -> Tax Levy | AB56: =B56 -> 10 | AC56: =C56 -> BAR01 | AI56: =B56&E56 -> 1080149 | AJ56: =I56 -> Facilities Planning Operations
A57: Tax Levy | B57: 10 | C57: BAR01 | D57: =+A57&""&E57 -> Tax Levy80174 | E57: 80174 | F57: Human Resources Operations | G57: VPAF | H57: 80174 | I57: Human Resources Operations | J57: 80174 | K57: Human Resources | L57: 355 | M57: General Administration | O57: 9999 | Q57: 99999 | S57: 999999 | U57: 9999 | AA57: =A57 -> Tax Levy | AB57: =B57 -> 10 | AC57: =C57 -> BAR01 | AI57: =B57&E57 -> 1080174 | AJ57: =I57 -> Human Resources Operations
A58: Tax Levy | B58: 10 | C58: BAR01 | D58: =+A58&""&E58 -> Tax Levy80203 | E58: 80203 | F58: Mail and Messenger Services | G58: VPAF | H58: 80203 | I58: Mail and Messenger Services | J58: 80203 | K58: Mailroom | L58: 350 | M58: Institutional Support | O58: 9999 | Q58: 99999 | S58: 999999 | U58: 9999 | AA58: =A58 -> Tax Levy | AB58: =B58 -> 10 | AC58: =C58 -> BAR01 | AI58: =B58&E58 -> 1080203 | AJ58: =I58 -> Mail and Messenger Services
A59: Tax Levy | B59: 10 | C59: BAR01 | D59: =+A59&""&E59 -> Tax Levy80264 | E59: 80264 | F59: Purchasing | G59: VPAF | H59: 80264 | I59: Purchasing | J59: 80264 | K59: Purchasing | L59: 355 | M59: General Administration | O59: 9999 | Q59: 99999 | S59: 999999 | U59: 9999 | AA59: =A59 -> Tax Levy | AB59: =B59 -> 10 | AC59: =C59 -> BAR01 | AI59: =B59&E59 -> 1080264 | AJ59: =I59 -> Purchasing
A60: Tax Levy | B60: 10 | C60: BAR01 | D60: =+A60&""&E60 -> Tax Levy80274 | E60: 80274 | F60: Security Operations | G60: VPAF | H60: 80274 | I60: Security Operations | J60: 80274 | K60: Public Safety | L60: 350 | M60: Institutional Support | O60: 9999 | Q60: 99999 | S60: 999999 | U60: 9999 | AA60: =A60 -> Tax Levy | AB60: =B60 -> 10 | AC60: =C60 -> BAR01 | AI60: =B60&E60 -> 1080274 | AJ60: =I60 -> Security Operations
A61: Tax Levy | B61: 10 | C61: BAR01 | D61: =+A61&""&E61 -> Tax Levy80299 | E61: 80299 | F61: VP Finance and Administration | G61: VPAF | H61: 80299 | I61: VP Finance and Administration | J61: 80299 | K61: VP for Admin & Finance | L61: 355 | M61: General Administration | O61: 9999 | Q61: 99999 | S61: 999999 | U61: 9999 | AA61: =A61 -> Tax Levy | AB61: =B61 -> 10 | AC61: =C61 -> BAR01 | AI61: =B61&E61 -> 1080299 | AJ61: =I61 -> VP Finance and Administration
A62: Tax Levy | B62: 10 | C62: BAR01 | D62: =+A62&""&E62 -> Tax Levy80069 | E62: 80069 | F62: College Relations Operations | G62: VPCA | H62: 80069 | I62: College Relations Operations | J62: 80069 | K62: College Advancement | L62: 350 | M62: Institutional Support | O62: 9999 | Q62: 99999 | S62: 999999 | U62: 9999 | AA62: =A62 -> Tax Levy | AB62: =B62 -> 10 | AC62: =C62 -> BAR01 | AI62: =B62&E62 -> 1080069 | AJ62: =I62 -> College Relations Operations
A63: Tax Levy | B63: 10 | C63: BAR01 | D63: =+A63&""&E63 -> Tax Levy10393 | E63: 10393 | F63: Dean Of Student Services | G63: VPEM | H63: 10393 | I63: Dean Of Student Services | J63: 10393 | K63: VP for Student Affairs-Enroll | L63: 300 | M63: Student Services | O63: 9999 | Q63: 99999 | S63: 999999 | U63: 9999 | AA63: =A63 -> Tax Levy | AB63: =B63 -> 10 | AC63: =C63 -> BAR01 | AI63: =B63&E63 -> 1010393 | AJ63: =I63 -> Dean Of Student Services
... A66: Tax Levy | B66: 10 | C66: BAR01 | D66: =+A66&""&E66 -> Tax Levy75002 | E66: 75002 | F66: Admissions Services | G66: VPEM | H66: 75002 | I66: Admissions Services | J66: 75002 | K66: Undergraduate Admissions | L66: 300 | M66: Student Services | O66: 9999 | Q66: 99999 | S66: 999999 | U66: 9999 | AA66: =A66 -> Tax Levy | AB66: =B66 -> 10 | AC66: =C66 -> BAR01 | AI66: =B66&E66 -> 1075002 | AJ66: =I66 -> Admissions Services
A67: Tax Levy | B67: 10 | C67: BAR01 | D67: =+A67&""&E67 -> Tax Levy75002 | E67: 75002 | F67: Admissions Services | G67: VPEM | H67: 75002 | I67: Admissions Services | J67: 75002 | K67: Undergraduate Admissions | L67: 300 | M67: Student Services | O67: 9999 | P67: Welcome Center Program | Q67: 10486 | S67: 999999 | U67: 9999 | AA67: =A67 -> Tax Levy | AB67: =B67 -> 10 | AC67: =C67 -> BAR01 | AI67: =B67&E67 -> 1075002 | AJ67: =I67 -> Admissions Services
A68: Tax Levy | B68: 10 | C68: BAR01 | D68: =+A68&""&E68 -> Tax Levy75037 | E68: 75037 | F68: International Student Services | G68: VPEM | H68: 75037 | I68: International Student Services | J68: 75037 | K68: International Student Services | L68: 300 | M68: Student Services | O68: 9999 | Q68: 99999 | S68: 999999 | U68: 9999 | AA68: =A68 -> Tax Levy | AB68: =B68 -> 10 | AC68: =C68 -> BAR01 | AI68: =B68&E68 -> 1075037 | AJ68: =I68 -> International Student Services
A69: Tax Levy | B69: 10 | C69: BAR01 | D69: =+A69&""&E69 -> Tax Levy75065 | E69: 75065 | F69: Student Financial Aid | G69: VPEM | H69: 75065 | I69: Student Financial Aid | J69: 75065 | K69: Financial Aid | L69: 300 | M69: Student Services | O69: 9999 | Q69: 99999 | S69: 999999 | U69: 9999 | AA69: =A69 -> Tax Levy | AB69: =B69 -> 10 | AC69: =C69 -> BAR01 | AI69: =B69&E69 -> 1075065 | AJ69: =I69 -> Student Financial Aid
A70: Tax Levy | B70: 10 | C70: BAR01 | D70: =+A70&""&E70 -> Tax Levy75078 | E70: 75078 | F70: Testing and Evaluation | G70: VPEM | H70: 75078 | I70: Testing and Evaluation | J70: 75078 | K70: Skills Assessment Testing | L70: 300 | M70: Student Services | O70: 9999 | Q70: 99999 | S70: 999999 | U70: 9999 | AA70: =A70 -> Tax Levy | AB70: =B70 -> 10 | AC70: =C70 -> BAR01 | AI70: =B70&E70 -> 1075078 | AJ70: =I70 -> Testing and Evaluation
A71: Tax Levy | B71: 10 | C71: BAR01 | D71: =+A71&""&E71 -> Tax Levy80268 | E71: 80268 | F71: Registrar | G71: VPEM | H71: 80268 | I71: Registrar | J71: 80268 | K71: Office of the Registrar | L71: 300 | M71: Student Services | O71: 9999 | Q71: 99999 | S71: 999999 | U71: 9999 | AA71: =A71 -> Tax Levy | AB71: =B71 -> 10 | AC71: =C71 -> BAR01 | AI71: =B71&E71 -> 1080268 | AJ71: =I71 -> Registrar
A72: Tax Levy | B72: 10 | C72: BAR01 | D72: =+A72&""&E72 -> Tax Levy70054 | E72: 70054 | F72: Library | G72: VPISD | H72: 70054 | I72: Library | J72: 70054 | K72: Library | L72: 251 | M72: Library | O72: 9999 | Q72: 99999 | S72: 999999 | U72: 9999 | AA72: =A72 -> Tax Levy | AB72: =B72 -> 10 | AC72: =C72 -> BAR01 | AI72: =B72&E72 -> 1070054 | AJ72: =I72 -> Library
A73: Tax Levy | B73: 10 | C73: BAR01 | D73: =+A73&""&E73 -> Tax Levy80022 | E73: 80022 | F73: Information Services Admin | G73: VPISD | H73: 80022 | I73: Information Services Admin | J73: 80022 | K73: VP Information Svcs/Dn Library | L73: 350 | M73: Institutional Support | O73: 9999 | Q73: 99999 | S73: 999999 | U73: 9999 | AA73: =A73 -> Tax Levy | AB73: =B73 -> 10 | AC73: =C73 -> BAR01 | AI73: =B73&E73 -> 1080022 | AJ73: =I73 -> Information Services Admin
A74: Tax Levy | B74: 10 | C74: BAR01 | D74: =+A74&""&E74 -> Tax Levy80073 | E74: 80073 | F74: Computer Center Operations | G74: VPISD | H74: 80073 | I74: Computer Center Operations | J74: 80073 | K74: BCTC - Computing & Tech Ctr | L74: 350 | M74: Institutional Support | O74: 9999 | Q74: 99999 | S74: 999999 | U74: 9999 | AA74: =A74 -> Tax Levy | AB74: =B74 -> 10 | AC74: =C74 -> BAR01 | AI74: =B74&E74 -> 1080073 | AJ74: =I74 -> Computer Center Operations
A75: Tax Levy | B75: 10 | C75: BAR01 | D75: =+A75&""&E75 -> Tax Levy80185 | E75: 80185 | F75: Institutional Research/Analys | G75: VPISD | H75: 80185 | I75: Institutional Research/Analys | J75: 80185 | K75: Institutional Research & Analy | L75: 350 | M75: Institutional Support | O75: 9999 | Q75: 99999 | S75: 999999 | U75: 9999 | AA75: =A75 -> Tax Levy | AB75: =B75 -> 10 | AC75: =C75 -> BAR01 | AI75: =B75&E75 -> 1080185 | AJ75: =I75 -> Institutional Research/Analys
A76: Tax Levy | B76: 10 | C76: BAR01 | D76: =+A76&""&E76 -> Tax Levy10071 | E76: 10071 | F76: Counseling & Comm Skills | G76: VPSA | H76: 10071 | I76: Counseling & Comm Skills | J76: 10071 | K76: Student Development/Counseling | L76: 100 | M76: Instruction | O76: 9999 | Q76: 99999 | S76: 999999 | U76: 9999 | AA76: =A76 -> Tax Levy | AB76: =B76 -> 10 | AC76: =C76 -> BAR01 | AI76: =B76&E76 -> 1010071 | AJ76: =I76 -> Counseling & Comm Skills
A77: Tax Levy | B77: 10 | C77: BAR01 | D77: =+A77&""&E77 -> Tax Levy10134 | E77: 10134 | F77: Physical Education | G77: VPSA | H77: 10134 | I77: Physical Education | J77: 10134 | K77: Physical Education | L77: 100 | M77: Instruction | O77: 9999 | Q77: 99999 | S77: 999999 | U77: 9999 | AA77: =A77 -> Tax Levy | AB77: =B77 -> 10 | AC77: =C77 -> BAR01 | AI77: =B77&E77 -> 1010134 | AJ77: =I77 -> Physical Education
A78: Tax Levy | B78: 10 | C78: BAR01 | D78: =+A78&""&E78 -> Tax Levy60021 | E78: 60021 | F78: Center, Child Care | G78: VPSA | H78: 60021 | I78: Center, Child Care | J78: 60021 | K78: Early Learning Center (ELC) | L78: 300 | M78: Student Services | O78: 9999 | Q78: 99999 | S78: 999999 | U78: 9999 | AA78: =A78 -> Tax Levy | AB78: =B78 -> 10 | AC78: =C78 -> BAR01 | AI78: =B78&E78 -> 1060021 | AJ78: =I78 -> Center, Child Care
A79: Tax Levy | B79: 10 | C79: BAR01 | D79: =+A79&""&E79 -> Tax Levy75012 | E79: 75012 | F79: Athletics & Recreation | G79: VPSA | H79: 75012 | I79: Athletics & Recreation | J79: 75012 | K79: Athletic & Recreation (ARC) | L79: 300 | M79: Student Services | O79: 9999 | Q79: 99999 | S79: 999999 | U79: 9999 | AA79: =A79 -> Tax Levy | AB79: =B79 -> 10 | AC79: =C79 -> BAR01 | AI79: =B79&E79 -> 1075012 | AJ79: =I79 -> Athletics & Recreation
... A116: Tax Levy | B116: 10 | C116: BAR01 | D116: =+A116&""&E116 -> Tax Levy65040 | E116: 65040 | F116: Executive Programs | G116: ZSB | H116: 65040 | I116: Executive Programs | J116: 65040 | K116: Executive Programs - ZSB | L116: 100 | M116: Instruction | O116: 9999 | Q116: 99999 | S116: 999999 | U116: 9999 | AA116: =A116 -> Tax Levy | AB116: =B116 -> 10 | AC116: =C116 -> BAR01 | AI116: =B116&E116 -> 1065040 | AJ116: =I116 -> Executive Programs
A117: Tax Levy | B117: 10 | C117: BAR01 | D117: =+A117&""&E117 -> Tax Levy65040 | E117: 65040 | F117: Executive Programs | G117: ZSB | H117: 65040 | I117: Executive Programs | J117: 65040 | K117: Executive Programs - ZSB | L117: 100 | M117: Instruction | O117: 9999 | Q117: 99999 | R117: Exe & Global Zicklin | S117: 302500 | U117: 9999 | AA117: =A117 -> Tax Levy | AB117: =B117 -> 10 | AC117: =C117 -> BAR01 | AI117: =B117&E117 -> 1065040 | AJ117: =I117 -> Executive Programs
A118: Tax Levy | B118: 10 | C118: BAR01 | D118: =+A118&""&E118 -> Tax Levy75018 | E118: 75018 | F118: Career Services Operations | G118: ZSB | H118: 75018 | I118: Career Services Operations | J118: 75018 | K118: Career Services Operations | L118: 300 | M118: Student Services | O118: 9999 | Q118: 99999 | S118: 999999 | U118: 9999 | AA118: =A118 -> Tax Levy | AB118: =B118 -> 10 | AC118: =C118 -> BAR01 | AI118: =B118&E118 -> 1075018 | AJ118: =I118 -> Career Services Operations
A119: Tax Levy | B119: 10 | C119: BAR01 | D119: =+A119&""&E119 -> Tax Levy75023 | E119: 75023 | F119: Counseling-Academic | G119: ZSB | H119: 75023 | I119: Counseling-Academic | J119: 75023 | K119: Curricular Guidance - ZSB | L119: 300 | M119: Student Services | O119: 9999 | Q119: 99999 | S119: 999999 | U119: 9999 | AA119: =A119 -> Tax Levy | AB119: =B119 -> 10 | AC119: =C119 -> BAR01 | AI119: =B119&E119 -> 1075023 | AJ119: =I119 -> Counseling-Academic
A120: Tax Levy | B120: 10 | C120: BAR01 | D120: =+A120&""&E120 -> Tax Levy75055 | E120: 75055 | F120: Student Affairs Administration | G120: ZSB | H120: 75055 | I120: Student Affairs Administration | J120: 75055 | K120: Graduate Admissions - ZSB | L120: 300 | M120: Student Services | O120: 9999 | Q120: 99999 | S120: 999999 | U120: 9999 | AA120: =A120 -> Tax Levy | AB120: =B120 -> 10 | AC120: =C120 -> BAR01 | AI120: =B120&E120 -> 1075055 | AJ120: =I120 -> Student Affairs Administration
A121: Tax Levy | B121: 10 | C121: BAR01 | D121: =+A121&""&E121 -> Tax Levy80101 | E121: 80101 | F121: Graduate Programs | G121: ZSB | H121: 80101 | I121: Graduate Programs | J121: 80101 | K121: Graduate Programs - ZSB | L121: 100 | M121: Instruction | O121: 9999 | Q121: 99999 | S121: 999999 | U121: 9999 | AA121: =A121 -> Tax Levy | AB121: =B121 -> 10 | AC121: =C121 -> BAR01 | AI121: =B121&E121 -> 1080101 | AJ121: =I121 -> Graduate Programs
A122: Tax Levy | B122: 10 | C122: BAR01 | D122: =+A122&""&E122 -> Tax Levy80122 | E122: 80122 | F122: Credit Card | G122: Coll. Wide* | H122: 80122 | I122: Credit Card | J122: 80122 | K122: Credit Card | L122: 100 | O122: 9999 | Q122: 99999 | S122: 999999 | U122: 9999 | AA122: =A122 -> Tax Levy | AB122: =B122 -> 10 | AC122: =C122 -> BAR01 | AI122: =B122&E122 -> 1080122 | AJ122: =I122 -> Credit Card
A123: Tax Levy | B123: 10 | C123: BAR01 | D123: =+A123&""&E123 -> Tax Levy80291 | E123: 80291 | F123: UWI | G123: UWI | H123: 80291 | I123: UWI | J123: 80291 | K123: UWI | L123: 352 | O123: 9999 | Q123: 99999 | S123: 999999 | U123: 108 | AA123: =A123 -> Tax Levy | AB123: =B123 -> 10 | AC123: =C123 -> BAR01 | AI123: =B123&E123 -> 1080291 | AJ123: =I123 -> UWI
A124: Tax Levy | B124: 10 | C124: BAR01 | D124: =+A124&""&E124 -> Tax LevyLabor Reserve | E124: Labor Reserve | F124: Labor Reserve | G124: Labor Reserve | H124: Labor Reserve | I124: Labor Reserve | J124: Labor Reserve | K124: Labor Reserve | L124: NA | M124: NA | N124: NA | O124: 9999 | Q124: 99999 | S124: 999999 | U124: 9999 | AA124: =A124 -> Tax Levy | AB124: =B124 -> 10 | AC124: =C124 -> BAR01 | AI124: =B124&E124 -> 10Labor Reserve | AJ124: =I124 -> Labor Reserve
A125: Tax Levy | B125: 10 | C125: BAR01 | D125: =+A125&""&E125 -> Tax LevyTBA | E125: TBA | F125: TBA | G125: TBA | H125: TBA | I125: TBA | J125: TBA | K125: NA | L125: NA | M125: NA | N125: NA | O125: NA | P125: NA | Q125: NA | R125: NA | S125: NA | T125: NA | U125: NA | AA125: =A125 -> Tax Levy | AB125: =B125 -> 10 | AC125: =C125 -> BAR01 | AI125: =B125&E125 -> 10TBA | AJ125: =I125 -> TBA
A126: Tax Levy | B126: 10 | C126: BAR01 | D126: =+A126&""&E126 -> Tax LevyUnassigned | E126: Unassigned | F126: Unassigned | G126: Unassigned | H126: Unassigned | I126: Unassigned | J126: Unassigned | K126: NA | L126: NA | M126: NA | N126: NA | O126: NA | P126: NA | Q126: NA | R126: NA | S126: NA | T126: NA | U126: NA | AA126: =A126 -> Tax Levy | AB126: =B126 -> 10 | AC126: =C126 -> BAR01 | AI126: =B126&E126 -> 10Unassigned | AJ126: =I126 -> Unassigned
A127: Tax Levy | B127: 10 | C127: BAR01 | D127: =+A127&""&E127 -> Tax Levy65011 | E127: 65011 | F127: Black Male Initiative | G127: VPEM | H127: 65011 | I127: Black Male Initiative | J127: 65011 | K127: Black Male Initiative | L127: 300 | M127: Student Services | O127: 9999 | Q127: 99999 | S127: 999999 | U127: 102 | Z127: Adj | AA127: =A127 -> Tax Levy | AB127: =B127 -> 10 | AC127: =C127 -> BAR01 | AD127: 80029 | AE127: =AF127&AG127 -> BAR01Adj | AF127: BAR01 | AG127: Adj | AH127: 80029 | AI127: =B127&E127 -> 1065011 | AJ127: =I127 -> Black Male Initiative
A128: Tax Levy | B128: 10 | C128: BAR01 | D128: =+A128&""&E128 -> Tax Levy75012 | E128: 75012 | F128: Athletics & Recreation | G128: VPSA | H128: 75012 | I128: Athletics & Recreation | J128: 75012 | K128: Athletic & Recreation (ARC) | L128: 300 | M128: Student Services | N128: IFR High Schools | O128: 3017 | Q128: 99999 | S128: 999999 | U128: 9999 | AA128: =A128 -> Tax Levy | AB128: =B128 -> 10 | AC128: =C128 -> BAR01 | AE128: =AF128&AG128 -> BAR04PSR | AF128: BAR04 | AG128: PSR | AH128: 80002 | AI128: =B128&E128 -> 1075012 | AJ128: =I128 -> Athletics & Recreation
A129: Tax Levy | B129: 10 | C129: BAR01 | D129: =+A129&""&E129 -> Tax LevyNA | E129: NA | F129: NA | G129: NA | H129: NA | I129: NA | J129: NA | K129: NA | L129: NA | M129: NA | N129: NA | O129: NA | P129: Assessment | Q129: 10489 | R129: NA | S129: NA | T129: NA | U129: NA | AA129: =A129 -> Tax Levy | AB129: =B129 -> 10 | AC129: =C129 -> BAR01 | AI129: =B129&E129 -> 10NA | AJ129: =I129 -> NA
A130: Tax Levy | B130: 10 | C130: BAR01 | D130: =+A130&""&E130 -> Tax LevyNA | E130: NA | F130: NA | G130: NA | H130: NA | I130: NA | J130: NA | K130: NA | L130: NA | M130: NA | N130: NA | O130: NA | P130: Coordinated Undergraduate Education | Q130: 10483 | R130: NA | S130: NA | T130: NA | U130: NA | AA130: =A130 -> Tax Levy | AB130: =B130 -> 10 | AC130: =C130 -> BAR01 | AI130: =B130&E130 -> 10NA | AJ130: =I130 -> NA
A131: Tax Levy | B131: 10 | C131: BAR01 | D131: =+A131&""&E131 -> Tax LevyNA | E131: NA | F131: NA | G131: NA | H131: NA | I131: NA | J131: NA | K131: NA | L131: NA | M131: NA | N131: NA | O131: NA | P131: Credit Card Fee | Q131: 10482 | R131: NA | S131: NA | T131: NA | U131: NA | AA131: =A131 -> Tax Levy | AB131: =B131 -> 10 | AC131: =C131 -> BAR01 | AI131: =B131&E131 -> 10NA | AJ131: =I131 -> NA
A132: Tax Levy | B132: 10 | C132: BAR01 | D132: =+A132&""&E132 -> Tax LevyNA | E132: NA | F132: NA | G132: NA | H132: NA | I132: NA | J132: NA | K132: NA | L132: NA | M132: NA | N132: NA | O132: NA | P132: Global Initiatives | Q132: 10481 | R132: NA | S132: NA | T132: NA | U132: NA | AA132: =A132 -> Tax Levy | AB132: =B132 -> 10 | AC132: =C132 -> BAR01 | AI132: =B132&E132 -> 10NA | AJ132: =I132 -> NA
A133: Tax Levy | B133: 10 | C133: BAR01 | D133: =+A133&""&E133 -> Tax LevyNA | E133: NA | F133: NA | G133: NA | H133: NA | I133: NA | J133: NA | K133: NA | L133: NA | M133: NA | N133: NA | O133: NA | P133: Human Research Protection Prog | Q133: 10487 | R133: NA | S133: NA | T133: NA | U133: NA | AA133: =A133 -> Tax Levy | AB133: =B133 -> 10 | AC133: =C133 -> BAR01 | AI133: =B133&E133 -> 10NA | AJ133: =I133 -> NA
A134: Tax Levy | B134: 10 | C134: BAR01 | D134: =+A134&""&E134 -> Tax LevyNA | E134: NA | F134: NA | G134: NA | H134: NA | I134: NA | J134: NA | K134: NA | L134: NA | M134: NA | N134: NA | O134: NA | P134: Membership dues | Q134: 10310 | R134: NA | S134: NA | T134: NA | U134: NA | AA134: =A134 -> Tax Levy | AB134: =B134 -> 10 | AC134: =C134 -> BAR01 | AI134: =B134&E134 -> 10NA | AJ134: =I134 -> NA
A135: Tax Levy | B135: 10 | C135: BAR01 | D135: =+A135&""&E135 -> Tax LevyNA | E135: NA | F135: NA | G135: NA | H135: NA | I135: NA | J135: NA | K135: NA | L135: NA | M135: NA | N135: NA | O135: NA | P135: Research Integrity Officer | Q135: 10488 | R135: NA | S135: NA | T135: NA | U135: NA | AA135: =A135 -> Tax Levy | AB135: =B135 -> 10 | AC135: =C135 -> BAR01 | AI135: =B135&E135 -> 10NA | AJ135: =I135 -> NA
A136: Tax Levy | B136: 10 | C136: BAR01 | D136: =+A136&""&E136 -> Tax LevyNA | E136: NA | F136: NA | G136: NA | H136: NA | I136: NA | J136: NA | K136: NA | L136: NA | M136: NA | N136: NA | O136: NA | P136: Tools for Clear Speech | Q136: 10490 | R136: NA | S136: NA | T136: NA | U136: NA | AA136: =A136 -> Tax Levy | AB136: =B136 -> 10 | AC136: =C136 -> BAR01 | AI136: =B136&E136 -> 10NA | AJ136: =I136 -> NA
A137: Tax Levy | B137: 10 | C137: BAR01 | D137: =+A137&""&E137 -> Tax LevyNA | E137: NA | F137: NA | G137: NA | H137: NA | I137: NA | J137: NA | K137: NA | L137: NA | M137: NA | N137: NA | O137: NA | P137: Vendor Services | Q137: 10454 | R137: NA | S137: NA | T137: NA | U137: NA | AA137: =A137 -> Tax Levy | AB137: =B137 -> 10 | AC137: =C137 -> BAR01 | AI137: =B137&E137 -> 10NA | AJ137: =I137 -> NA
A138: Tax Levy | B138: 10 | C138: BAR01 | D138: =+A138&""&E138 -> Tax LevyNA | E138: NA | F138: NA | G138: NA | H138: NA | I138: NA | J138: NA | K138: NA | L138: NA | M138: NA | N138: NA | O138: NA | P138: Welcome Center Program | Q138: 10486 | R138: NA | S138: NA | T138: NA | U138: NA | AA138: =A138 -> Tax Levy | AB138: =B138 -> 10 | AC138: =C138 -> BAR01 | AI138: =B138&E138 -> 10NA | AJ138: =I138 -> NA
...

Sheet Budget form-ALL
M1: Send all Budget Change Requests to: | P1: BudgetChangeRequest@baruch.cuny.edu
M2: All requests will be processed ASAP, and an updated Budget file will be saved in the Tax-Levy_&_IFR Resources drive at the end of the day.
O3: FY20 BUDGET CHANGE REQUEST | Z3: Ledger | AB3: Action | AC3: Business Unit | AD3: Division | AE3: Account Type | AF3: Affected Fiscal year(s): | AG3: Allocation | AH3: Date
O4: (Tax-Levy, IFR, and Non Tax-Levy)
Z5: IFR | AB5: Modification | AC5: Bar 01 | AD5: Acad. Aff. | AE5: Adjunct | AF5: Current YR only | AG5: Base | AH5: 43592
Z6: Tax Levy | AB6: New CUNY Funding | AC6: Bar 55 | AD6: OCM | AE6: Non-Teaching Adjuncts | AF6: Permanent | AG6: Excellence Fee | AH6: 43593
A7: 1. | B7: Ledger: | C7: IFR | N7: *Requested By: | O7: Type your name here | Z7: Non Tax-Levy | AC7: Bar 04 | AD7: President | AE7: OTPS | AG7: Lump Sum | AH7: 43594
A8: 2. | B8: Business Unit: | C8: =IF(C7="IFR", "BAR01", IF(C7="Tax Levy", "BAR01", IF(C7="Non Tax-Levy", "BAR55", " "))) -> BAR01 | N8: *Date | AB8: Adjustment | AD8: MSPIA | AE8: PS Regular | AG8: Intra-Univ | AH8: 43595
A9: 3. | B9: Action: | C9: Modification | AB9: Initial Allocation | AD9: VPAF | AE9: Temp Services | AH9: 43596
A10: 4. | B10: Allocation: | C10: Intra-Univ | F10: Required for Tax-Levy ONLY | Z10: IFR-BAR01 | AB10: Permanent Mods | AD10: VPCA | AE10: Unassigned | AH10: 43597
Z11: Tax Levy-BAR01 | AB11: Mods & Non Recurring | AD11: VPEM | AH11: 43598
B12: 5. Select a Division | E12: CUNYFIRST Dept. Code | I12: 6. Department Description | K12: 7. Program Description | L12: Program Code | M12: Major Purpose Code | N12: Funding Source | O12: Special Initiatives | P12: Operating Unit | Q12: Fund Code | R12: 8. Account Type | S12: 9. Increase/ (Decrease) | V12: 10. Current YR only or Permanent | X12: Comments (Optional) | Z12: Non Tax-Levy-BAR55 | AB12: Reversal | AD12: VPISD | AH12: 43599
A13: 1 | B13: IFR_VPEM | E13: =IFERROR(IF($C$7="Tax Levy",VLOOKUP(I13,'Tax Levy'!C:E,3,FALSE), IF($C$7="IFR", VLOOKUP(I13,IFR!F:H,3,FALSE), IF($C$7="Non Tax-Levy",VLOOKUP(K13,'Non Tax-Levy'!B:D,3,FALSE),"−−−−−−−►"))), "−−−−−−−►") -> 65011 | I13: Black Male Initiative | L13: =IFERROR(IF($C$7="Tax Levy",VLOOKUP(E13,'BAR Dept Tree-old'!D:K,8,FALSE),IF($C$7="Non Tax-Levy",VLOOKUP(K13,'Non Tax-Levy'!B:G,6,FALSE), IF(AND($C$7="IFR", E13="75018"), VLOOKUP(E13,'BAR Dept Tree-old'!D:K,8,FALSE), VLOOKUP(E13,IFR!H:M,6,FALSE)))), "−−−−−−−►") -> 99999 | M13: =IFERROR(IF($C$7="Tax Levy", VLOOKUP(E13,'BAR Dept Tree-old'!D:H,5,FALSE), IF($C$7="Non Tax-Levy", VLOOKUP(K13,'Non Tax-Levy'!B:H,7,FALSE), IF(AND($C$7="IFR", E13="75018"), VLOOKUP(E13,'BAR Dept Tree-old'!D:H,5,FALSE), VLOOKUP(E13,IFR!H:P,9,FALSE)))), "−−−−−−−►") -> 300 | N13: =IFERROR(IF($C$7="Tax Levy", VLOOKUP(E13,'BAR Dept Tree-old'!D:L,9,FALSE), IF($C$7="Non Tax-Levy", VLOOKUP(K13,'Non Tax-Levy'!B:J,9,FALSE), IF(AND($C$7="IFR", E13="75018"), VLOOKUP(E13,'BAR Dept Tree-old'!D:L,9,FALSE), VLOOKUP(E13,IFR!H:N,7,FALSE)))), "−−−−−−−►") -> 999999 | O13: =IFERROR(IF($C$7="Tax Levy", VLOOKUP(E13,'BAR Dept Tree-old'!D:M,10,FALSE), IF($C$7="Non Tax-Levy", VLOOKUP(K13,'Non Tax-Levy'!B:I,8,FALSE), IF(AND($C$7="IFR", E13="75018"), VLOOKUP(E13,'BAR Dept Tree-old'!D:M,10,FALSE), VLOOKUP(E13,IFR!H:O,8,FALSE)))), "−−−−−−−►") -> 102 | P13: =IFERROR(IF($C$7="Tax Levy", VLOOKUP(C$7&E13,'BAR Dept Tree-old'!U:W,3,FALSE), IF($C$7="Non Tax-Levy", VLOOKUP(K13,'Non Tax-Levy'!B:K,10,FALSE), IF(AND($C$7="IFR", E13="75018"), VLOOKUP(E13,'BAR Dept Tree-old'!D:J,7,FALSE), VLOOKUP(E13,IFR!H:Q, 10,FALSE)))), "−−−−−−−►") -> 3012- IFR Baruch | Q13: =IFERROR(IF($C$7="Tax Levy", VLOOKUP($C$7&$E13, 'BAR Dept Tree-old'!U:V,2,FALSE), IF($C$7="IFR", VLOOKUP(E13,IFR!H:I,2,FALSE), IF($C$7="Non Tax-Levy", VLOOKUP(K13,'Non Tax-Levy'!B:L,11,FALSE), "−−−−−−−►"))), "−−−−−−−►") -> 11 | S13: $ | AB13: Budget Realignment | AD13: VPSA | AH13: 43600
A14: 2 | B14: IFR_VPAF | E14: =IFERROR(IF($C$7="Tax Levy",VLOOKUP(I14,'Tax Levy'!C:E,3,FALSE), IF($C$7="IFR", VLOOKUP(I14,IFR!F:H,3,FALSE), IF($C$7="Non Tax-Levy",VLOOKUP(K14,'Non Tax-Levy'!B:D,3,FALSE),"−−−−−−−►"))), "−−−−−−−►") -> 80048 | I14: Facility Maintenance Operation | L14: =IFERROR(IF($C$7="Tax Levy",VLOOKUP(E14,'BAR Dept Tree-old'!D:K,8,FALSE),IF($C$7="Non Tax-Levy",VLOOKUP(K14,'Non Tax-Levy'!B:G,6,FALSE), IF(AND($C$7="IFR", E14="75018"), VLOOKUP(E14,'BAR Dept Tree-old'!D:K,8,FALSE), VLOOKUP(E14,IFR!H:M,6,FALSE)))), "−−−−−−−►") -> 99999 | M14: =IFERROR(IF($C$7="Tax Levy", VLOOKUP(E14,'BAR Dept Tree-old'!D:H,5,FALSE), IF($C$7="Non Tax-Levy", VLOOKUP(K14,'Non Tax-Levy'!B:H,7,FALSE), IF(AND($C$7="IFR", E14="75018"), VLOOKUP(E14,'BAR Dept Tree-old'!D:H,5,FALSE), VLOOKUP(E14,IFR!H:P,9,FALSE)))), "−−−−−−−►") -> 400 | N14: =IFERROR(IF($C$7="Tax Levy", VLOOKUP(E14,'BAR Dept Tree-old'!D:L,9,FALSE),IF($C$7="Non Tax-Levy", VLOOKUP(K14,'Non Tax-Levy'!B:J,9,FALSE), IF(AND($C$7="IFR", E14="75018"), VLOOKUP(E14,'BAR Dept Tree-old'!D:L,9,FALSE), VLOOKUP(E14,IFR!H:N,7,FALSE)))), "−−−−−−−►") -> 999999 | O14: =IFERROR(IF($C$7="Tax Levy", VLOOKUP(E14,'BAR Dept Tree-old'!D:M,10,FALSE), IF($C$7="Non Tax-Levy", VLOOKUP(K14,'Non Tax-Levy'!B:I,8,FALSE), IF(AND($C$7="IFR", E14="75018"), VLOOKUP(E14,'BAR Dept Tree-old'!D:M,10,FALSE), VLOOKUP(E14,IFR!H:O,8,FALSE)))), "−−−−−−−►") -> 9999 | P14: =IFERROR(IF($C$7="Tax Levy", VLOOKUP(C$7&E14,'BAR Dept Tree-old'!U:W,3,FALSE), IF($C$7="Non Tax-Levy", VLOOKUP(K14,'Non Tax-Levy'!B:K,10,FALSE), IF(AND($C$7="IFR", E14="75018"), VLOOKUP(E14,'BAR Dept Tree-old'!D:J,7,FALSE), VLOOKUP(E14,IFR!H:Q, 10,FALSE)))), "−−−−−−−►") -> 3012- IFR Baruch | Q14: =IFERROR(IF($C$7="Tax Levy", VLOOKUP($C7&$E14, 'BAR Dept Tree-old'!U:V,2,FALSE), IF($C$7="IFR", VLOOKUP(E14,IFR!H:I,2,FALSE), IF($C$7="Non Tax-Levy", VLOOKUP(K14,'Non Tax-Levy'!B:L,11,FALSE), "−−−−−−−►"))), "−−−−−−−►") -> 11 | S14: $ | AD14: WSAS | AH14: 43601
A15: 3 | E15: =IFERROR(IF($C$7="Tax Levy",VLOOKUP(I15,'Tax Levy'!C:E,3,FALSE), IF($C$7="IFR", VLOOKUP(I15,IFR!F:H,3,FALSE), IF($C$7="Non Tax-Levy",VLOOKUP(K15,'Non Tax-Levy'!B:D,3,FALSE),"−−−−−−−►"))), "−−−−−−−►") -> −−−−−−−► | L15: =IFERROR(IF($C$7="Tax Levy",VLOOKUP(E15,'BAR Dept Tree-old'!D:K,8,FALSE),IF($C$7="Non Tax-Levy",VLOOKUP(K15,'Non Tax-Levy'!B:G,6,FALSE), IF(AND($C$7="IFR", E15="75018"), VLOOKUP(E15,'BAR Dept Tree-old'!D:K,8,FALSE), VLOOKUP(E15,IFR!H:M,6,FALSE)))), "−−−−−−−►") -> −−−−−−−► | M15: =IFERROR(IF($C$7="Tax Levy", VLOOKUP(E15,'BAR Dept Tree-old'!D:H,5,FALSE), IF($C$7="Non Tax-Levy", VLOOKUP(K15,'Non Tax-Levy'!B:H,7,FALSE), IF(AND($C$7="IFR", E15="75018"), VLOOKUP(E15,'BAR Dept Tree-old'!D:H,5,FALSE), VLOOKUP(E15,IFR!H:P,9,FALSE)))), "−−−−−−−►") -> −−−−−−−► | N15: =IFERROR(IF($C$7="Tax Levy", VLOOKUP(E15,'BAR Dept Tree-old'!D:L,9,FALSE),IF($C$7="Non Tax-Levy", VLOOKUP(K15,'Non Tax-Levy'!B:J,9,FALSE), IF(AND($C$7="IFR", E15="75018"), VLOOKUP(E15,'BAR Dept Tree-old'!D:L,9,FALSE), VLOOKUP(E15,IFR!H:N,7,FALSE)))), "−−−−−−−►") -> −−−−−−−► | O15: =IFERROR(IF($C$7="Tax Levy", VLOOKUP(E15,'BAR Dept Tree-old'!D:M,10,FALSE), IF($C$7="Non Tax-Levy", VLOOKUP(K15,'Non Tax-Levy'!B:I,8,FALSE), IF(AND($C$7="IFR", E15="75018"), VLOOKUP(E15,'BAR Dept Tree-old'!D:M,10,FALSE), VLOOKUP(E15,IFR!H:O,8,FALSE)))), "−−−−−−−►") -> −−−−−−−► | P15: =IFERROR(IF($C$7="Tax Levy", VLOOKUP(C$7&E15,'BAR Dept Tree-old'!U:W,3,FALSE), IF($C$7="Non Tax-Levy", VLOOKUP(K15,'Non Tax-Levy'!B:K,10,FALSE), IF(AND($C$7="IFR", E15="75018"), VLOOKUP(E15,'BAR Dept Tree-old'!D:J,7,FALSE), VLOOKUP(E15,IFR!H:Q, 10,FALSE)))), "−−−−−−−►") -> −−−−−−−► | Q15: =IFERROR(IF($C$7="Tax Levy", VLOOKUP($C7&E15, 'BAR Dept Tree-old'!U:V,2,FALSE), IF($C$7="IFR", VLOOKUP(E15,IFR!H:I,2,FALSE), IF($C$7="Non Tax-Levy", VLOOKUP(K15,'Non Tax-Levy'!B:L,11,FALSE), "−−−−−−−►"))), "−−−−−−−►") -> −−−−−−−► | S15: $ | AD15: ZSB | AH15: 43602
A16: 4 | E16: =IFERROR(IF($C$7="Tax Levy",VLOOKUP(I16,'Tax Levy'!C:E,3,FALSE), IF($C$7="IFR", VLOOKUP(I16,IFR!F:H,3,FALSE), IF($C$7="Non Tax-Levy",VLOOKUP(K16,'Non Tax-Levy'!B:D,3,FALSE),"−−−−−−−►"))), "−−−−−−−►") -> −−−−−−−► | L16: =IFERROR(IF($C$7="Tax Levy",VLOOKUP(E16,'BAR Dept Tree-old'!D:K,8,FALSE),IF($C$7="Non Tax-Levy",VLOOKUP(K16,'Non Tax-Levy'!B:G,6,FALSE), IF(AND($C$7="IFR", E16="75018"), VLOOKUP(E16,'BAR Dept Tree-old'!D:K,8,FALSE), VLOOKUP(E16,IFR!H:M,6,FALSE)))), "−−−−−−−►") -> −−−−−−−► | M16: =IFERROR(IF($C$7="Tax Levy", VLOOKUP(E16,'BAR Dept Tree-old'!D:H,5,FALSE), IF($C$7="Non Tax-Levy", VLOOKUP(K16,'Non Tax-Levy'!B:H,7,FALSE), IF(AND($C$7="IFR", E16="75018"), VLOOKUP(E16,'BAR Dept Tree-old'!D:H,5,FALSE), VLOOKUP(E16,IFR!H:P,9,FALSE)))), "−−−−−−−►") -> −−−−−−−► | N16: =IFERROR(IF($C$7="Tax Levy", VLOOKUP(E16,'BAR Dept Tree-old'!D:L,9,FALSE),IF($C$7="Non Tax-Levy", VLOOKUP(K16,'Non Tax-Levy'!B:J,9,FALSE), IF(AND($C$7="IFR", E16="75018"), VLOOKUP(E16,'BAR Dept Tree-old'!D:L,9,FALSE), VLOOKUP(E16,IFR!H:N,7,FALSE)))), "−−−−−−−►") -> −−−−−−−► | O16: =IFERROR(IF($C$7="Tax Levy", VLOOKUP(E16,'BAR Dept Tree-old'!D:M,10,FALSE), IF($C$7="Non Tax-Levy", VLOOKUP(K16,'Non Tax-Levy'!B:I,8,FALSE), IF(AND($C$7="IFR", E16="75018"), VLOOKUP(E16,'BAR Dept Tree-old'!D:M,10,FALSE), VLOOKUP(E16,IFR!H:O,8,FALSE)))), "−−−−−−−►") -> −−−−−−−► | P16: =IFERROR(IF($C$7="Tax Levy", VLOOKUP(C$7&E16,'BAR Dept Tree-old'!U:W,3,FALSE), IF($C$7="Non Tax-Levy", VLOOKUP(K16,'Non Tax-Levy'!B:K,10,FALSE), IF(AND($C$7="IFR", E16="75018"), VLOOKUP(E16,'BAR Dept Tree-old'!D:J,7,FALSE), VLOOKUP(E16,IFR!H:Q, 10,FALSE)))), "−−−−−−−►") -> −−−−−−−► | Q16: =IFERROR(IF($C$7="Tax Levy", VLOOKUP(C7&E16,'BAR Dept Tree-old'!U:V,2,FALSE), IF($C$7="IFR", VLOOKUP(E16,IFR!H:I,2,FALSE), IF($C$7="Non Tax-Levy", VLOOKUP(K16,'Non Tax-Levy'!B:L,11,FALSE), "−−−−−−−►"))), "−−−−−−−►") -> −−−−−−−► | S16: $ | AD16: College | AH16: 43603
A17: 5 | E17: =IFERROR(IF($C$7="Tax Levy",VLOOKUP(I17,'Tax Levy'!C:E,3,FALSE), IF($C$7="IFR", VLOOKUP(I17,IFR!F:H,3,FALSE), IF($C$7="Non Tax-Levy",VLOOKUP(K17,'Non Tax-Levy'!B:D,3,FALSE),"−−−−−−−►"))), "−−−−−−−►") -> −−−−−−−► | L17: =IFERROR(IF($C$7="Tax Levy",VLOOKUP(E17,'BAR Dept Tree-old'!D:K,8,FALSE),IF($C$7="Non Tax-Levy",VLOOKUP(K17,'Non Tax-Levy'!B:G,6,FALSE), IF(AND($C$7="IFR", E17="75018"), VLOOKUP(E17,'BAR Dept Tree-old'!D:K,8,FALSE), VLOOKUP(E17,IFR!H:M,6,FALSE)))), "−−−−−−−►") -> −−−−−−−► | M17: =IFERROR(IF($C$7="Tax Levy", VLOOKUP(E17,'BAR Dept Tree-old'!D:H,5,FALSE), IF($C$7="Non Tax-Levy", VLOOKUP(K17,'Non Tax-Levy'!B:H,7,FALSE), IF(AND($C$7="IFR", E17="75018"), VLOOKUP(E17,'BAR Dept Tree-old'!D:H,5,FALSE), VLOOKUP(E17,IFR!H:P,9,FALSE)))), "−−−−−−−►") -> −−−−−−−► | N17: =IFERROR(IF($C$7="Tax Levy", VLOOKUP(E17,'BAR Dept Tree-old'!D:L,9,FALSE),IF($C$7="Non Tax-Levy", VLOOKUP(K17,'Non Tax-Levy'!B:J,9,FALSE), IF(AND($C$7="IFR", E17="75018"), VLOOKUP(E17,'BAR Dept Tree-old'!D:L,9,FALSE), VLOOKUP(E17,IFR!H:N,7,FALSE)))), "−−−−−−−►") -> −−−−−−−► | O17: =IFERROR(IF($C$7="Tax Levy", VLOOKUP(E17,'BAR Dept Tree-old'!D:M,10,FALSE), IF($C$7="Non Tax-Levy", VLOOKUP(K17,'Non Tax-Levy'!B:I,8,FALSE), IF(AND($C$7="IFR", E17="75018"), VLOOKUP(E17,'BAR Dept Tree-old'!D:M,10,FALSE), VLOOKUP(E17,IFR!H:O,8,FALSE)))), "−−−−−−−►") -> −−−−−−−► | P17: =IFERROR(IF($C$7="Tax Levy", VLOOKUP(C$7&E17,'BAR Dept Tree-old'!U:W,3,FALSE), IF($C$7="Non Tax-Levy", VLOOKUP(K17,'Non Tax-Levy'!B:K,10,FALSE), IF(AND($C$7="IFR", E17="75018"), VLOOKUP(E17,'BAR Dept Tree-old'!D:J,7,FALSE), VLOOKUP(E17,IFR!H:Q, 10,FALSE)))), "−−−−−−−►") -> −−−−−−−► | Q17: =IFERROR(IF($C$7="Tax Levy", VLOOKUP(C7&E17, 'BAR Dept Tree-old'!U:V,2,FALSE), IF($C$7="IFR", VLOOKUP(E17,IFR!H:I,2,FALSE), IF($C$7="Non Tax-Levy", VLOOKUP(K17,'Non Tax-Levy'!B:L,11,FALSE), "−−−−−−−►"))), "−−−−−−−►") -> −−−−−−−► | S17: $ | AH17: 43604
A18: 6 | E18: =IFERROR(IF($C$7="Tax Levy",VLOOKUP(I18,'Tax Levy'!C:E,3,FALSE), IF($C$7="IFR", VLOOKUP(I18,IFR!F:H,3,FALSE), IF($C$7="Non Tax-Levy",VLOOKUP(K18,'Non Tax-Levy'!B:D,3,FALSE),"−−−−−−−►"))), "−−−−−−−►") -> −−−−−−−► | L18: =IFERROR(IF($C$7="Tax Levy",VLOOKUP(E18,'BAR Dept Tree-old'!D:K,8,FALSE),IF($C$7="Non Tax-Levy",VLOOKUP(K18,'Non Tax-Levy'!B:G,6,FALSE), IF(AND($C$7="IFR", E18="75018"), VLOOKUP(E18,'BAR Dept Tree-old'!D:K,8,FALSE), VLOOKUP(E18,IFR!H:M,6,FALSE)))), "−−−−−−−►") -> −−−−−−−► | M18: =IFERROR(IF($C$7="Tax Levy", VLOOKUP(E18,'BAR Dept Tree-old'!D:H,5,FALSE), IF($C$7="Non Tax-Levy", VLOOKUP(K18,'Non Tax-Levy'!B:H,7,FALSE), IF(AND($C$7="IFR", E18="75018"), VLOOKUP(E18,'BAR Dept Tree-old'!D:H,5,FALSE), VLOOKUP(E18,IFR!H:P,9,FALSE)))), "−−−−−−−►") -> −−−−−−−► | N18: =IFERROR(IF($C$7="Tax Levy", VLOOKUP(E18,'BAR Dept Tree-old'!D:L,9,FALSE),IF($C$7="Non Tax-Levy", VLOOKUP(K18,'Non Tax-Levy'!B:J,9,FALSE), IF(AND($C$7="IFR", E18="75018"), VLOOKUP(E18,'BAR Dept Tree-old'!D:L,9,FALSE), VLOOKUP(E18,IFR!H:N,7,FALSE)))), "−−−−−−−►") -> −−−−−−−► | O18: =IFERROR(IF($C$7="Tax Levy", VLOOKUP(E18,'BAR Dept Tree-old'!D:M,10,FALSE), IF($C$7="Non Tax-Levy", VLOOKUP(K18,'Non Tax-Levy'!B:I,8,FALSE), IF(AND($C$7="IFR", E18="75018"), VLOOKUP(E18,'BAR Dept Tree-old'!D:M,10,FALSE), VLOOKUP(E18,IFR!H:O,8,FALSE)))), "−−−−−−−►") -> −−−−−−−► | P18: =IFERROR(IF($C$7="Tax Levy", VLOOKUP(C$7&E18,'BAR Dept Tree-old'!U:W,3,FALSE), IF($C$7="Non Tax-Levy", VLOOKUP(K18,'Non Tax-Levy'!B:K,10,FALSE), IF(AND($C$7="IFR", E18="75018"), VLOOKUP(E18,'BAR Dept Tree-old'!D:J,7,FALSE), VLOOKUP(E18,IFR!H:Q, 10,FALSE)))), "−−−−−−−►") -> −−−−−−−► | Q18: =IFERROR(IF($C$7="Tax Levy", VLOOKUP(C7&E18, 'BAR Dept Tree-old'!U:V,2,FALSE), IF($C$7="IFR", VLOOKUP(E18,IFR!H:I,2,FALSE), IF($C$7="Non Tax-Levy", VLOOKUP(K18,'Non Tax-Levy'!B:L,11,FALSE), "−−−−−−−►"))), "−−−−−−−►") -> −−−−−−−► | S18: $ | AH18: 43605
A19: 7 | E19: =IFERROR(IF($C$7="Tax Levy",VLOOKUP(I19,'Tax Levy'!C:E,3,FALSE), IF($C$7="IFR", VLOOKUP(I19,IFR!F:H,3,FALSE), IF($C$7="Non Tax-Levy",VLOOKUP(K19,'Non Tax-Levy'!B:D,3,FALSE),"−−−−−−−►"))), "−−−−−−−►") -> −−−−−−−► | L19: =IFERROR(IF($C$7="Tax Levy",VLOOKUP(E19,'BAR Dept Tree-old'!D:K,8,FALSE),IF($C$7="Non Tax-Levy",VLOOKUP(K19,'Non Tax-Levy'!B:G,6,FALSE), IF(AND($C$7="IFR", E19="75018"), VLOOKUP(E19,'BAR Dept Tree-old'!D:K,8,FALSE), VLOOKUP(E19,IFR!H:M,6,FALSE)))), "−−−−−−−►") -> −−−−−−−► | M19: =IFERROR(IF($C$7="Tax Levy", VLOOKUP(E19,'BAR Dept Tree-old'!D:H,5,FALSE), IF($C$7="Non Tax-Levy", VLOOKUP(K19,'Non Tax-Levy'!B:H,7,FALSE), IF(AND($C$7="IFR", E19="75018"), VLOOKUP(E19,'BAR Dept Tree-old'!D:H,5,FALSE), VLOOKUP(E19,IFR!H:P,9,FALSE)))), "−−−−−−−►") -> −−−−−−−► | N19: =IFERROR(IF($C$7="Tax Levy", VLOOKUP(E19,'BAR Dept Tree-old'!D:L,9,FALSE),IF($C$7="Non Tax-Levy", VLOOKUP(K19,'Non Tax-Levy'!B:J,9,FALSE), IF(AND($C$7="IFR", E19="75018"), VLOOKUP(E19,'BAR Dept Tree-old'!D:L,9,FALSE), VLOOKUP(E19,IFR!H:N,7,FALSE)))), "−−−−−−−►") -> −−−−−−−► | O19: =IFERROR(IF($C$7="Tax Levy", VLOOKUP(E19,'BAR Dept Tree-old'!D:M,10,FALSE), IF($C$7="Non Tax-Levy", VLOOKUP(K19,'Non Tax-Levy'!B:I,8,FALSE), IF(AND($C$7="IFR", E19="75018"), VLOOKUP(E19,'BAR Dept Tree-old'!D:M,10,FALSE), VLOOKUP(E19,IFR!H:O,8,FALSE)))), "−−−−−−−►") -> −−−−−−−► | P19: =IFERROR(IF($C$7="Tax Levy", VLOOKUP(C$7&E19,'BAR Dept Tree-old'!U:W,3,FALSE), IF($C$7="Non Tax-Levy", VLOOKUP(K19,'Non Tax-Levy'!B:K,10,FALSE), IF(AND($C$7="IFR", E19="75018"), VLOOKUP(E19,'BAR Dept Tree-old'!D:J,7,FALSE), VLOOKUP(E19,IFR!H:Q, 10,FALSE)))), "−−−−−−−►") -> −−−−−−−► | Q19: =IFERROR(IF($C$7="Tax Levy", VLOOKUP(C7&E19, 'BAR Dept Tree-old'!U:V,2,FALSE), IF($C$7="IFR", VLOOKUP(E19,IFR!H:I,2,FALSE), IF($C$7="Non Tax-Levy", VLOOKUP(K19,'Non Tax-Levy'!B:L,11,FALSE), "−−−−−−−►"))), "−−−−−−−►") -> −−−−−−−► | S19: $ | AH19: 43606
A20: 8 | E20: =IFERROR(IF($C$7="Tax Levy",VLOOKUP(I20,'Tax Levy'!C:E,3,FALSE), IF($C$7="IFR", VLOOKUP(I20,IFR!F:H,3,FALSE), IF($C$7="Non Tax-Levy",VLOOKUP(K20,'Non Tax-Levy'!B:D,3,FALSE),"−−−−−−−►"))), "−−−−−−−►") -> −−−−−−−► | L20: =IFERROR(IF($C$7="Tax Levy",VLOOKUP(E20,'BAR Dept Tree-old'!D:K,8,FALSE),IF($C$7="Non Tax-Levy",VLOOKUP(K20,'Non Tax-Levy'!B:G,6,FALSE), IF(AND($C$7="IFR", E20="75018"), VLOOKUP(E20,'BAR Dept Tree-old'!D:K,8,FALSE), VLOOKUP(E20,IFR!H:M,6,FALSE)))), "−−−−−−−►") -> −−−−−−−► | M20: =IFERROR(IF($C$7="Tax Levy", VLOOKUP(E20,'BAR Dept Tree-old'!D:H,5,FALSE), IF($C$7="Non Tax-Levy", VLOOKUP(K20,'Non Tax-Levy'!B:H,7,FALSE), IF(AND($C$7="IFR", E20="75018"), VLOOKUP(E20,'BAR Dept Tree-old'!D:H,5,FALSE), VLOOKUP(E20,IFR!H:P,9,FALSE)))), "−−−−−−−►") -> −−−−−−−► | N20: =IFERROR(IF($C$7="Tax Levy", VLOOKUP(E20,'BAR Dept Tree-old'!D:L,9,FALSE),IF($C$7="Non Tax-Levy", VLOOKUP(K20,'Non Tax-Levy'!B:J,9,FALSE), IF(AND($C$7="IFR", E20="75018"), VLOOKUP(E20,'BAR Dept Tree-old'!D:L,9,FALSE), VLOOKUP(E20,IFR!H:N,7,FALSE)))), "−−−−−−−►") -> −−−−−−−► | O20: =IFERROR(IF($C$7="Tax Levy", VLOOKUP(E20,'BAR Dept Tree-old'!D:M,10,FALSE), IF($C$7="Non Tax-Levy", VLOOKUP(K20,'Non Tax-Levy'!B:I,8,FALSE), IF(AND($C$7="IFR", E20="75018"), VLOOKUP(E20,'BAR Dept Tree-old'!D:M,10,FALSE), VLOOKUP(E20,IFR!H:O,8,FALSE)))), "−−−−−−−►") -> −−−−−−−► | P20: =IFERROR(IF($C$7="Tax Levy", VLOOKUP(C$7&E20,'BAR Dept Tree-old'!U:W,3,FALSE), IF($C$7="Non Tax-Levy", VLOOKUP(K20,'Non Tax-Levy'!B:K,10,FALSE), IF(AND($C$7="IFR", E20="75018"), VLOOKUP(E20,'BAR Dept Tree-old'!D:J,7,FALSE), VLOOKUP(E20,IFR!H:Q, 10,FALSE)))), "−−−−−−−►") -> −−−−−−−► | Q20: =IFERROR(IF($C$7="Tax Levy", VLOOKUP(C7&E20, 'BAR Dept Tree-old'!U:V,2,FALSE), IF($C$7="IFR", VLOOKUP(E20,IFR!H:I,2,FALSE), IF($C$7="Non Tax-Levy", VLOOKUP(K20,'Non Tax-Levy'!B:L,11,FALSE), "−−−−−−−►"))), "−−−−−−−►") -> −−−−−−−► | S20: $ | AH20: 43607
AH21: 43608
R22: Total: | S22: ="$"&SUM(S13:S20) -> $0 | AH22: 43609
AH23: 43610
AH24: 43611
AH25: 43612
A26: * | B26: Modification: Must Net to "0", with the same Allocation | AH26: 43613
A27: * | B27: New CUNY Funding: Must Provide Budget Document | AH27: 43614
A28: ** | B28: Intra-University: Funds Provided by other CUNY Entities on a One-time Basis. | AH28: 43615
A29: *** | B29: N/A Means that the HCM Dept. is not active in CUNYfirst | AH29: 43616
AH30: 43617
AH31: 43618
AH32: 43619
AH33: 43620
AH34: 43621
AH35: 43622
AH36: 43623
AH37: 43624
AH38: 43625
AH39: 43626
AH40: 43627
AH41: 43628
... AH425: 44012

Sheet IFR
A3: Operating Unit | B3: Division & Ledger | C3: Division | D3: CUNYFIRST HCM Local Dept. Description | E3: CUNYFIRST DEPT | F3: DEPT NAME (LOCAL usage) | G3: Division | H3: CUNYFIRST DEPT | J3: Operating Unit
D4: Please Select a Department | E4: −−−−► | F4: Please Select a Department | G4: −−−−► | H4: −−−−►
A5: 3012- IFR Baruch | B5: ="IFR_"&C5 -> IFR_Acad Aff | C5: Acad Aff | I5: Fund Code | J5: 3012- IFR Baruch | K5: Fund&Dept Code | L5: OU | M5: Program | N5: Fund Src | O5: Spec Init | P5: MP
A6: 3017- IFR High School | B6: ="IFR_"&C6 -> IFR_VPAF | C6: VPAF | J6: 3017- IFR High School
A7: 3019- Tech Fees | B7: ="IFR_"&C7 -> IFR_VPEM | C7: VPEM | D7: Continuing & Profl Studies | E7: 15004 | F7: Continuing & Profl Studies | G7: Acad Aff | H7: 15004 | I7: 11 | J7: 3019- Tech Fees | K7: =H7&I7 -> 1500411 | L7: =VLOOKUP(K7,'BAR Dept Tree-old'!O:P,2,FALSE) -> 4001 | M7: =VLOOKUP(K7,'BAR Dept Tree-old'!O:Q,3,FALSE) -> 99999 | N7: =VLOOKUP(K7,'BAR Dept Tree-old'!O:R,4,FALSE) -> 999999 | O7: =VLOOKUP(K7,'BAR Dept Tree-old'!O:S,5,FALSE) -> 9999 | P7: =VLOOKUP(K7,'BAR Dept Tree-old'!O:T,6,FALSE) -> 100 | Q7: 4001- ACE
A8: 4001- ACE | B8: ="IFR_"&C8 -> IFR_VPISD | C8: VPISD | D8: Continuing Education | E8: 10396 | F8: Continuing Education | G8: Coll. Wide | H8: 10396 | I8: 11 | J8: 4001- ACE | K8: =H8&I8 -> 1039611 | L8: =VLOOKUP(K8,'BAR Dept Tree-old'!O:P,2,FALSE) -> 3012 | M8: =VLOOKUP(K8,'BAR Dept Tree-old'!O:Q,3,FALSE) -> 99999 | N8: =VLOOKUP(K8,'BAR Dept Tree-old'!O:R,4,FALSE) -> 999999 | O8: =VLOOKUP(K8,'BAR Dept Tree-old'!O:S,5,FALSE) -> 9999 | P8: =VLOOKUP(K8,'BAR Dept Tree-old'!O:T,6,FALSE) -> 100 | Q8: 3012- IFR Baruch
B9: ="IFR_"&C9 -> IFR_VPSA | C9: VPSA | D9: Business Office/Fin Operations | E9: 80045 | F9: Business Office/Fin Operations | G9: VPAF | H9: 80045 | I9: 11 | K9: =H9&I9 -> 8004511 | L9: =VLOOKUP(K9,'BAR Dept Tree-old'!O:P,2,FALSE) -> 3012 | M9: =VLOOKUP(K9,'BAR Dept Tree-old'!O:Q,3,FALSE) -> 99999 | N9: =VLOOKUP(K9,'BAR Dept Tree-old'!O:R,4,FALSE) -> 999999 | O9: =VLOOKUP(K9,'BAR Dept Tree-old'!O:S,5,FALSE) -> 9999 | P9: =VLOOKUP(K9,'BAR Dept Tree-old'!O:T,6,FALSE) -> 355 | Q9: 3012- IFR Baruch
B10: ="IFR_"&C10 -> IFR_WSAS | C10: WSAS | D10: Facility Maintenance Operation | E10: 80048 | F10: Facility Maintenance Operation | G10: VPAF | H10: 80048 | I10: 11 | K10: =H10&I10 -> 8004811 | L10: =VLOOKUP(K10,'BAR Dept Tree-old'!O:P,2,FALSE) -> 3012 | M10: =VLOOKUP(K10,'BAR Dept Tree-old'!O:Q,3,FALSE) -> 99999 | N10: =VLOOKUP(K10,'BAR Dept Tree-old'!O:R,4,FALSE) -> 999999 | O10: =VLOOKUP(K10,'BAR Dept Tree-old'!O:S,5,FALSE) -> 9999 | P10: =VLOOKUP(K10,'BAR Dept Tree-old'!O:T,6,FALSE) -> 400 | Q10: 3012- IFR Baruch
B11: ="IFR_"&C11 -> IFR_ZSB | C11: ZSB | D11: Conference Center | E11: 80049 | F11: Conference Center | G11: VPAF | H11: 80049 | I11: 11 | K11: =H11&I11 -> 8004911 | L11: =VLOOKUP(K11,'BAR Dept Tree-old'!O:P,2,FALSE) -> 4001 | M11: =VLOOKUP(K11,'BAR Dept Tree-old'!O:Q,3,FALSE) -> 99999 | N11: =VLOOKUP(K11,'BAR Dept Tree-old'!O:R,4,FALSE) -> 999999 | O11: =VLOOKUP(K11,'BAR Dept Tree-old'!O:S,5,FALSE) -> 9999 | P11: =VLOOKUP(K11,'BAR Dept Tree-old'!O:T,6,FALSE) -> 400 | Q11: 4001- ACE
D12: Black Male Initiative | E12: 65011 | F12: Black Male Initiative | G12: VPEM | H12: 65011 | I12: 11 | K12: =H12&I12 -> 6501111 | L12: =VLOOKUP(K12,'BAR Dept Tree-old'!O:P,2,FALSE) -> 3012 | M12: =VLOOKUP(K12,'BAR Dept Tree-old'!O:Q,3,FALSE) -> 99999 | N12: =VLOOKUP(K12,'BAR Dept Tree-old'!O:R,4,FALSE) -> 999999 | O12: =VLOOKUP(K12,'BAR Dept Tree-old'!O:S,5,FALSE) -> 102 | P12: =VLOOKUP(K12,'BAR Dept Tree-old'!O:T,6,FALSE) -> 300 | Q12: 3012- IFR Baruch
D13: High school | E13: 65146 | F13: High school | G13: VPISD | H13: 65146 | I13: 11 | K13: =H13&I13 -> 6514611 | L13: =VLOOKUP(K13,'BAR Dept Tree-old'!O:P,2,FALSE) -> 3017 | M13: =VLOOKUP(K13,'BAR Dept Tree-old'!O:Q,3,FALSE) -> 99999 | N13: =VLOOKUP(K13,'BAR Dept Tree-old'!O:R,4,FALSE) -> 999999 | O13: =VLOOKUP(K13,'BAR Dept Tree-old'!O:S,5,FALSE) -> 9999 | P13: =VLOOKUP(K13,'BAR Dept Tree-old'!O:T,6,FALSE) -> 101 | Q13: 3017- IFR High School
D14: BCTC - Computing & Tech Ctr | E14: 80073 | F14: BCTC - Computing & Tech Ctr | G14: VPISD | H14: 80073 | I14: 11 | K14: =H14&I14 -> 8007311 | L14: =VLOOKUP(K14,'BAR Dept Tree-old'!O:P,2,FALSE) -> 3019 | M14: =VLOOKUP(K14,'BAR Dept Tree-old'!O:Q,3,FALSE) -> 99999 | N14: =VLOOKUP(K14,'BAR Dept Tree-old'!O:R,4,FALSE) -> 999999 | O14: =VLOOKUP(K14,'BAR Dept Tree-old'!O:S,5,FALSE) -> 9999 | P14: =VLOOKUP(K14,'BAR Dept Tree-old'!O:T,6,FALSE) -> 300 | Q14: 3019- Tech Fees
D15: Early Learning Center (ELC) | E15: 60021 | F15: Early Learning Center (ELC) | G15: VPSA | H15: 60021 | I15: 11 | K15: =H15&I15 -> 6002111 | L15: =VLOOKUP(K15,'BAR Dept Tree-old'!O:P,2,FALSE) -> 3012 | M15: =VLOOKUP(K15,'BAR Dept Tree-old'!O:Q,3,FALSE) -> 99999 | N15: =VLOOKUP(K15,'BAR Dept Tree-old'!O:R,4,FALSE) -> 999999 | O15: =VLOOKUP(K15,'BAR Dept Tree-old'!O:S,5,FALSE) -> 9999 | P15: =VLOOKUP(K15,'BAR Dept Tree-old'!O:T,6,FALSE) -> 200 | Q15: 3012- IFR Baruch
D16: Mathematics | E16: 10195 | F16: Mathematics | G16: WSAS | H16: 10195 | I16: 11 | K16: =H16&I16 -> 1019511 | L16: =VLOOKUP(K16,'BAR Dept Tree-old'!O:P,2,FALSE) -> 3012 | M16: =VLOOKUP(K16,'BAR Dept Tree-old'!O:Q,3,FALSE) -> 99999 | N16: =VLOOKUP(K16,'BAR Dept Tree-old'!O:R,4,FALSE) -> 999999 | O16: =VLOOKUP(K16,'BAR Dept Tree-old'!O:S,5,FALSE) -> 9999 | P16: =VLOOKUP(K16,'BAR Dept Tree-old'!O:T,6,FALSE) -> 100 | Q16: 3012- IFR Baruch
D17: Natural Sciences | E17: 10208 | F17: Natural Sciences | G17: WSAS | H17: 10208 | I17: 11 | K17: =H17&I17 -> 1020811 | L17: =VLOOKUP(K17,'BAR Dept Tree-old'!O:P,2,FALSE) -> 3012 | M17: =VLOOKUP(K17,'BAR Dept Tree-old'!O:Q,3,FALSE) -> 99999 | N17: =VLOOKUP(K17,'BAR Dept Tree-old'!O:R,4,FALSE) -> 999999 | O17: =VLOOKUP(K17,'BAR Dept Tree-old'!O:S,5,FALSE) -> 9999 | P17: =VLOOKUP(K17,'BAR Dept Tree-old'!O:T,6,FALSE) -> 100 | Q17: 3012- IFR Baruch
D18: Dean's Office - ZSB | E18: 10381 | F18: Dean's Office - ZSB | G18: ZSB | H18: 10381 | I18: 11 | K18: =H18&I18 -> 1038111 | L18: =VLOOKUP(K18,'BAR Dept Tree-old'!O:P,2,FALSE) -> 4001 | M18: =VLOOKUP(K18,'BAR Dept Tree-old'!O:Q,3,FALSE) -> 99999 | N18: =VLOOKUP(K18,'BAR Dept Tree-old'!O:R,4,FALSE) -> 999999 | O18: =VLOOKUP(K18,'BAR Dept Tree-old'!O:S,5,FALSE) -> 9999 | P18: =VLOOKUP(K18,'BAR Dept Tree-old'!O:T,6,FALSE) -> 100 | Q18: 4001- ACE
D19: Career Services Operations | E19: 75018 | F19: Career Services Operations | G19: ZSB | H19: 75018 | I19: 11 | K19: =H19&I19 -> 7501811 | L19: =VLOOKUP(K19,'BAR Dept Tree-old'!O:P,2,FALSE) -> #N/A | M19: =VLOOKUP(K19,'BAR Dept Tree-old'!O:Q,3,FALSE) -> #N/A | N19: =VLOOKUP(K19,'BAR Dept Tree-old'!O:R,4,FALSE) -> #N/A | O19: =VLOOKUP(K19,'BAR Dept Tree-old'!O:S,5,FALSE) -> #N/A | P19: =VLOOKUP(K19,'BAR Dept Tree-old'!O:T,6,FALSE) -> #N/A | Q19: #N/A
D20: Graduate Programs - ZSB | E20: 80101 | F20: Graduate Programs - ZSB | G20: ZSB | H20: 80101 | I20: 11 | K20: =H20&I20 -> 8010111 | L20: =VLOOKUP(K20,'BAR Dept Tree-old'!O:P,2,FALSE) -> 4001 | M20: =VLOOKUP(K20,'BAR Dept Tree-old'!O:Q,3,FALSE) -> 99999 | N20: =VLOOKUP(K20,'BAR Dept Tree-old'!O:R,4,FALSE) -> 999999 | O20: =VLOOKUP(K20,'BAR Dept Tree-old'!O:S,5,FALSE) -> 9999 | P20: =VLOOKUP(K20,'BAR Dept Tree-old'!O:T,6,FALSE) -> 100 | Q20: 4001- ACE
K21: =H21&I21
K22: =H22&I22
K23: =H23&I23
K24: =H24&I24
K25: =H25&I25
K26: =H26&I26
K27: =H27&I27
K28: =H28&I28
K29: =H29&I29
K30: =H30&I30
K31: =H31&I31
K32: =H32&I32
... K51: =H51&I51

Sheet Tax Levy
B3: CUNYFIRST DEPT | C3: DEPT NAME (LOCAL usage) | D3: Division | E3: CUNYFIRST DEPT | G3: Optional | H3: fund src codes | I3: Special Initiative Descriptions | J3: Special Initiative Codes
A4: TL_Acad Aff | B4: −−−−► | C4: Please Select a Department | D4: −−−−► | E4: −−−−► | H4: 999999 | I4: Spec. Initiative: Open Education Rsrc.- 116 | J4: 116
A5: TL_OCM | B5: 10377 | C5: Provost-Faculty Operations | D5: Acad Aff | E5: 10377 | G5: Spec. Initiative: Open Education Rsrc.- 116 | H5: 116 | I5: Spec. Initiative: Strategic Investment- 114 | J5: 114
A6: TL_President | B6: 60024 | C6: Computer Ctr Visually Impaired | D6: Acad Aff | E6: 60024 | G6: Spec. Initiative: Black Male Initiative-102 | H6: 102
A7: TL_MSPIA | B7: 60083 | C7: Writing Center | D7: Acad Aff | E7: 60083 | G7: Operating Unit: High School-3017 | H7: 3017
A8: TL_VPAF | B8: 60196 | C8: Schwartz Communication Center | D8: Acad Aff | E8: 60196 | G8: Program: Tutor Corp-30040 | H8: 30040 | I8: Program Options
A9: TL_VPCA | B9: 65017 | C9: College Now Program | D9: Acad Aff | E9: 65017 | G9: Program: CARES | H9: 80431
A10: TL_VPEM | B10: 65054 | C10: Honors Program | D10: Acad Aff | E10: 65054 | G10: Special Coding Not Mentioned Award Confirmation | H10: 999999
A11: TL_VPISD | B11: 70001 | C11: Provost-Teaching Operations | D11: Acad Aff | E11: 70001 | G11: Special Coding Needs Provided in Attached Award Confirmation | H11: 999999
A12: TL_VPSA | B12: 70062 | C12: Ctr. Teaching and Learning | D12: Acad Aff | E12: 70062
A13: TL_WSAS | B13: 80170 | C13: Sponsored Prgs/Research (SPAR) | D13: Acad Aff | E13: 80170
A14: TL_ZSB | B14: 80188 | C14: Student Acad Consult Ctr(SACC) | D14: Acad Aff | E14: 80188
B15: 80259 | C15: VP Academic Affairs & Provost | D15: Acad Aff | E15: 80259
B16: 80522 | C16: Assmnt, Acred, Inst Effctvness | D16: Acad Aff | E16: 80522
B17: 10103 | C17: Tools for Clear Speech | D17: Acad Aff | E17: 10103 | G17: Spec. Initiative: Academic Affairs Initiatives-100 | H17: 100
B18: 70027 | C18: Assc Provost-Teaching&Learning | D18: Acad Aff | E18: 70027
B19: 80070 | C19: Communications & Marketing | D19: OCM | E19: 80070 | G19: Program: Assessment- 10489 | H19: 10489
B20: 80250 | C20: Presidents Office | D20: President | E20: 80250 | G20: Program: Coordinated UGRD Education- 10483 | H20: 10483
B21: 10250 | C21: Public Affairs | D21: MSPIA | E21: 10250 | G21: Program: Credit Card Fee- 10482 | H21: 10482
B22: 10405 | C22: Dean's Office - MSPIA | D22: MSPIA | E22: 10405 | G22: Program: Global Initiatives- 10481 | H22: 10481
B23: 60203 | C23: Inst-Demographic Resrch (CIDR) | D23: MSPIA | E23: 60203 | G23: Program: Human Research Protection- 10487 | H23: 10487
B24: 75071 | C24: Grad Admission/Student Svc-MSPIA | D24: MSPIA | E24: 75071 | G24: Program: Membership dues- 10310 | H24: 10310
B25: 60023 | C25: Center, Performing Arts | D25: MSPIA | E25: 60023 | G25: Program: Research Integrity Officer- 10488 | H25: 10488
B26: 75073 | C26: Student Services | D26: MSPIA | E26: 75073 | G26: Program: Tools for Clear Speech- 10490 | H26: 10490
B27: 80002 | C27: Controller's Office | D27: VPAF | E27: 80002 | G27: Program: Vendor Services- 10454 | H27: 10454
B28: 80037 | C28: Budget And Planning Operations | D28: VPAF | E28: 80037 | G28: Program: Welcome Center- 10486 | H28: 10486
B29: 80042 | C29: Bursar's Office | D29: VPAF | E29: 80042 | G29: Spec. Initiative: Strategic Investment- 114 | H29: 114
B30: 80045 | C30: Credit Card Fees | D30: VPAF | E30: 80045 | G30: Funding Src: Excellence Fee- 801066 | H30: 801066
B31: 80045 | C31: Business Office/Fin Operations | D31: VPAF | E31: 80045 | G31: Funding Src: Exe & Global Zicklin-302500 | H31: 302500
B32: 80048 | C32: Buildings & Grounds | D32: VPAF | E32: 80048
B33: 80049 | C33: Conference Center | D33: VPAF | E33: 80049 | G33: Program: International Executive (IEP)- 10485 | H33: 10485
B34: 80054 | C34: Receiving & Stores | D34: VPAF | E34: 80054
B35: 80149 | C35: Campus Facilities & Operations | D35: VPAF | E35: 80149 | G35: Funding Src | H35: =LEN(G35) -> 11
B36: 80174 | C36: Human Resources | D36: VPAF | E36: 80174
B37: 80203 | C37: Mailroom | D37: VPAF | E37: 80203 | G37: VP for Student Affairs-Enroll
B38: 80264 | C38: Purchasing | D38: VPAF | E38: 80264
B39: 80274 | C39: Public Safety | D39: VPAF | E39: 80274
B40: 80299 | C40: VP for Admin & Finance | D40: VPAF | E40: 80299
B41: 80069 | C41: College Advancement | D41: VPCA | E41: 80069
B42: 10393 | C42: VP-Enrollment Management | D42: VPEM | E42: 10393
B43: 65100 | C43: SEEK | D43: VPEM | E43: 65100
B44: 75001 | C44: Academic Advisement | D44: VPEM | E44: 75001
B45: 75002 | C45: Undergraduate Admissions | D45: VPEM | E45: 75002
B46: 75037 | C46: International Student Services | D46: VPEM | E46: 75037
B47: 75065 | C47: Financial Aid | D47: VPEM | E47: 75065
B48: 75078 | C48: Skills Assessment Testing | D48: VPEM | E48: 75078
B49: 80268 | C49: Registrar's Office | D49: VPEM | E49: 80268
... B99: 80101 | C99: Graduate Programs - ZSB | D99: ZSB | E99: 80101

Sheet Budget form_SAMPLE PAGE
G1: Send all Budget Change Requests to: | J1: BudgetChangeRequest@baruch.cuny.edu
G2: All requests will be processed ASAP, and an updated Budget file will be saved in the All-Funds Budget & Budget Information drive at the end of the day.
L3: FY20 BUDGET CHANGE REQUEST | V3: Ledger | X3: Action | Y3: Business Unit | Z3: Division | AA3: Account Type | AB3: Affected Fiscal year(s): | AC3: Allocation | AD3: Date
L4: (Tax-Levy, IFR, and Non Tax-Levy)
V5: IFR | X5: Modification | Y5: Bar 01 | Z5: Acad. Aff. | AA5: Adjunct | AB5: Current YR only | AC5: Base | AD5: 43592
J6: *Requested By: | K6: Jane Deaux | V6: Tax Levy | X6: New CUNY Funding | Y6: Bar 55 | Z6: OCM | AA6: Non-Teaching Adjuncts | AB6: Permanent | AC6: Excellence Fee | AD6: 43593
A7: 1. | B7: Ledger: | C7: Tax Levy | J7: *Date | K7: 43875 | V7: Non Tax-Levy | X7: Permanent Mods | Y7: Bar 04 | Z7: President | AA7: OTPS | AC7: Intra-Univ | AD7: 43594
A8: 2. | B8: Business Unit: | C8: =IF(C7="IFR", "BAR01", IF(C7="Tax Levy", "BAR01", IF(C7="Non Tax-Levy", "BAR55", " "))) -> BAR01 | X8: Initial Allocation | Z8: MSPIA | AA8: PS Regular | AD8: 43595
A9: 3. | B9: Action: | C9: Modification | X9: Budget Realignment | Z9: VPAF | AA9: Temp Services | AD9: 43596
A10: 4. | B10: Allocation: | C10: Base | F10: Required for Tax-Levy ONLY | Z10: VPCA | AA10: Unassigned | AD10: 43597
Z11: VPEM | AD11: 43598
B12: 5. Select a Division | E12: 6. Department Description | F12: 7. Program, Special Initiative Description, or Funding Source | G12: 8. Account Type | H12: 9. Increase/ (Decrease) | J12: Comments (Optional) | K12: CUNYFIRST Dept. Code | M12: Program Code | N12: Major Purpose Code | O12: Funding Source | P12: Special Initiatives | Q12: Operating Unit | R12: Fund Code | Z12: VPISD | AD12: 43599
A13: 1 | B13: TL_Acad Aff | E13: Provost-Faculty Operations | G13: Temp Services | H13: -100 | J13: Budget mod form test | K13: =IFERROR(IF($C$7="Tax Levy",VLOOKUP(E13,'Tax Levy'!C:E,3,FALSE), IF($C$7="IFR", VLOOKUP(E13,IFR!F:H,3,FALSE), IF($C$7="Non Tax-Levy",VLOOKUP(F13,'Non Tax-Levy'!B:D,3,FALSE),"−−−−−−−►"))), "−−−−−−−►") -> 10377 | M13: =IFERROR(IF(OR(K13="", E13=""), "−−−−−−−►", IF(OR(P13=114, P13=116), 99999,IF(AND(K13=65040, LEFT(F13,11) ="Funding Src"), 40300,IF(AND(F13="", $C$7="Tax Levy"), 99999,IF($C$7="Tax Levy",VLOOKUP(F13,'Tax Levy'!$G$7:$H$31,2,FALSE),IF($C$7="Non Tax-Levy",VLOOKUP(F13,'Non Tax-Levy'!B:G,6,FALSE), IF(AND($C$7="IFR", K13="75018"), VLOOKUP(K13,'Budget Tree updated'!E:Q,13,FALSE), VLOOKUP(K13,IFR!H:M,6,FALSE)))))))), "−−−−−−−►") -> 99999 | N13: =IFERROR(IF($C$7="Tax Levy", VLOOKUP(K13,'BAR Dept Tree-old'!D:H,5,FALSE), IF($C$7="Non Tax-Levy", VLOOKUP(F13,'Non Tax-Levy'!B:H,7,FALSE), IF(AND($C$7="IFR", K13="75018"), VLOOKUP(K13,'BAR Dept Tree-old'!D:H,5,FALSE), VLOOKUP(K13,IFR!H:P,9,FALSE)))), "−−−−−−−►") -> 100 | O13: =IFERROR( IF(AND(C$10="Excellence Fee", B13<>""),801066, IF(AND(M13=40300, K13=65040), VLOOKUP(M13,'Budget Tree updated'!Q:S,3,FALSE),IF($C$7="Tax Levy", VLOOKUP(K13,'Budget Tree updated'!E:S,15,FALSE), IF($C$7="Non Tax-Levy", VLOOKUP(F13,'Non Tax-Levy'!B:J,9,FALSE), IF(AND($C$7="IFR", K13="75018"), VLOOKUP(K13,'Budget Tree updated'!E:S,15,FALSE), VLOOKUP(K13,IFR!H:N,7,FALSE)))))), "−−−−−−−►") -> 999999 | P13: =IFERROR(IF(OR(F13="Spec. Initiative: Open Education Rsrc.- 116", F13="Spec. Initiative: Strategic Investment- 114"), VLOOKUP(F13,'Tax Levy'!$I$3:$J$5,2,FALSE), IF($C$7="Tax Levy", VLOOKUP(K13,'BAR Dept Tree-old'!D:M,10,FALSE), IF($C$7="Non Tax-Levy", VLOOKUP(F13,'Non Tax-Levy'!B:I,8,FALSE), IF(AND($C$7="IFR", K13="75018"), VLOOKUP(K13,'BAR Dept Tree-old'!D:M,10,FALSE), VLOOKUP(K13,IFR!H:O,8,FALSE))))), "−−−−−−−►") -> 9999 | Q13: =IFERROR(IF($C$7="Tax Levy", VLOOKUP(C$7&K13,'BAR Dept Tree-old'!U:W,3,FALSE), IF($C$7="Non Tax-Levy", VLOOKUP(F13,'Non Tax-Levy'!B:K,10,FALSE), IF(AND($C$7="IFR", K13="75018"), VLOOKUP(K13,'BAR Dept Tree-old'!D:J,7,FALSE), VLOOKUP(K13,IFR!H:Q, 10,FALSE)))), "−−−−−−−►") -> 9999 | R13: =IFERROR(IF($C$7="Tax Levy", VLOOKUP($C$7&$K13, 'BAR Dept Tree-old'!U:V,2,FALSE), IF($C$7="IFR", VLOOKUP(K13,IFR!H:I,2,FALSE), IF($C$7="Non Tax-Levy", VLOOKUP(F13,'Non Tax-Levy'!B:L,11,FALSE), "−−−−−−−►"))), "−−−−−−−►") -> 10 | Z13: VPSA | AD13: 43600
A14: 2 | B14: TL_Acad Aff | E14: Schwartz Communication Center | G14: OTPS | H14: 100 | J14: Budget mod form test | K14: =IFERROR(IF($C$7="Tax Levy",VLOOKUP(E14,'Tax Levy'!C:E,3,FALSE), IF($C$7="IFR", VLOOKUP(E14,IFR!F:H,3,FALSE), IF($C$7="Non Tax-Levy",VLOOKUP(F14,'Non Tax-Levy'!B:D,3,FALSE),"−−−−−−−►"))), "−−−−−−−►") -> 60196 | M14: =IFERROR(IF(OR(K14="", E14=""), "−−−−−−−►", IF(OR(P14=114, P14=116), 99999,IF(AND(K14=65040, LEFT(F14,11) ="Funding Src"), 40300,IF(AND(F14="", $C$7="Tax Levy"), 99999,IF($C$7="Tax Levy",VLOOKUP(F14,'Tax Levy'!$G$7:$H$31,2,FALSE),IF($C$7="Non Tax-Levy",VLOOKUP(F14,'Non Tax-Levy'!B:G,6,FALSE), IF(AND($C$7="IFR", K14="75018"), VLOOKUP(K14,'Budget Tree updated'!E:Q,13,FALSE), VLOOKUP(K14,IFR!H:M,6,FALSE)))))))), "−−−−−−−►") -> 99999 | N14: =IFERROR(IF($C$7="Tax Levy", VLOOKUP(K14,'BAR Dept Tree-old'!D:H,5,FALSE), IF($C$7="Non Tax-Levy", VLOOKUP(F14,'Non Tax-Levy'!B:H,7,FALSE), IF(AND($C$7="IFR", K14="75018"), VLOOKUP(K14,'BAR Dept Tree-old'!D:H,5,FALSE), VLOOKUP(K14,IFR!H:P,9,FALSE)))), "−−−−−−−►") -> 100 | O14: =IFERROR( IF(AND(C$10="Excellence Fee", B14<>""),801066, IF(AND(M14=40300, K14=65040), VLOOKUP(M14,'Budget Tree updated'!Q:S,3,FALSE),IF($C$7="Tax Levy", VLOOKUP(K14,'Budget Tree updated'!E:S,15,FALSE), IF($C$7="Non Tax-Levy", VLOOKUP(F14,'Non Tax-Levy'!B:J,9,FALSE), IF(AND($C$7="IFR", K14="75018"), VLOOKUP(K14,'Budget Tree updated'!E:S,15,FALSE), VLOOKUP(K14,IFR!H:N,7,FALSE)))))), "−−−−−−−►") -> 999999 | P14: =IFERROR(IF(OR(F14="Spec. Initiative: Open Education Rsrc.- 116", F14="Spec. Initiative: Strategic Investment- 114"), VLOOKUP(F14,'Tax Levy'!$I$3:$J$5,2,FALSE), IF($C$7="Tax Levy", VLOOKUP(K14,'BAR Dept Tree-old'!D:M,10,FALSE), IF($C$7="Non Tax-Levy", VLOOKUP(F14,'Non Tax-Levy'!B:I,8,FALSE), IF(AND($C$7="IFR", K14="75018"), VLOOKUP(K14,'BAR Dept Tree-old'!D:M,10,FALSE), VLOOKUP(K14,IFR!H:O,8,FALSE))))), "−−−−−−−►") -> 9999 | Q14: =IFERROR(IF($C$7="Tax Levy", VLOOKUP(C$7&K14,'BAR Dept Tree-old'!U:W,3,FALSE), IF($C$7="Non Tax-Levy", VLOOKUP(F14,'Non Tax-Levy'!B:K,10,FALSE), IF(AND($C$7="IFR", K14="75018"), VLOOKUP(K14,'BAR Dept Tree-old'!D:J,7,FALSE), VLOOKUP(K14,IFR!H:Q, 10,FALSE)))), "−−−−−−−►") -> 9999 | R14: =IFERROR(IF($C$7="Tax Levy", VLOOKUP($C7&$K14, 'BAR Dept Tree-old'!U:V,2,FALSE), IF($C$7="IFR", VLOOKUP(K14,IFR!H:I,2,FALSE), IF($C$7="Non Tax-Levy", VLOOKUP(F14,'Non Tax-Levy'!B:L,11,FALSE), "−−−−−−−►"))), "−−−−−−−►") -> 10 | Z14: WSAS | AD14: 43601
A15: 3 | B15: TL_VPISD | E15: Library | G15: OTPS | H15: -3000 | J15: Budget mod form test | K15: =IFERROR(IF($C$7="Tax Levy",VLOOKUP(E15,'Tax Levy'!C:E,3,FALSE), IF($C$7="IFR", VLOOKUP(E15,IFR!F:H,3,FALSE), IF($C$7="Non Tax-Levy",VLOOKUP(F15,'Non Tax-Levy'!B:D,3,FALSE),"−−−−−−−►"))), "−−−−−−−►") -> 70054 | M15: =IFERROR(IF(OR(K15="", E15=""), "−−−−−−−►", IF(OR(P15=114, P15=116), 99999,IF(AND(K15=65040, LEFT(F15,11) ="Funding Src"), 40300,IF(AND(F15="", $C$7="Tax Levy"), 99999,IF($C$7="Tax Levy",VLOOKUP(F15,'Tax Levy'!$G$7:$H$31,2,FALSE),IF($C$7="Non Tax-Levy",VLOOKUP(F15,'Non Tax-Levy'!B:G,6,FALSE), IF(AND($C$7="IFR", K15="75018"), VLOOKUP(K15,'Budget Tree updated'!E:Q,13,FALSE), VLOOKUP(K15,IFR!H:M,6,FALSE)))))))), "−−−−−−−►") -> 99999 | N15: =IFERROR(IF($C$7="Tax Levy", VLOOKUP(K15,'BAR Dept Tree-old'!D:H,5,FALSE), IF($C$7="Non Tax-Levy", VLOOKUP(F15,'Non Tax-Levy'!B:H,7,FALSE), IF(AND($C$7="IFR", K15="75018"), VLOOKUP(K15,'BAR Dept Tree-old'!D:H,5,FALSE), VLOOKUP(K15,IFR!H:P,9,FALSE)))), "−−−−−−−►") -> 251 | O15: =IFERROR( IF(AND(C$10="Excellence Fee", B15<>""),801066, IF(AND(M15=40300, K15=65040), VLOOKUP(M15,'Budget Tree updated'!Q:S,3,FALSE),IF($C$7="Tax Levy", VLOOKUP(K15,'Budget Tree updated'!E:S,15,FALSE), IF($C$7="Non Tax-Levy", VLOOKUP(F15,'Non Tax-Levy'!B:J,9,FALSE), IF(AND($C$7="IFR", K15="75018"), VLOOKUP(K15,'Budget Tree updated'!E:S,15,FALSE), VLOOKUP(K15,IFR!H:N,7,FALSE)))))), "−−−−−−−►") -> 999999 | P15: =IFERROR(IF(OR(F15="Spec. Initiative: Open Education Rsrc.- 116", F15="Spec. Initiative: Strategic Investment- 114"), VLOOKUP(F15,'Tax Levy'!$I$3:$J$5,2,FALSE), IF($C$7="Tax Levy", VLOOKUP(K15,'BAR Dept Tree-old'!D:M,10,FALSE), IF($C$7="Non Tax-Levy", VLOOKUP(F15,'Non Tax-Levy'!B:I,8,FALSE), IF(AND($C$7="IFR", K15="75018"), VLOOKUP(K15,'BAR Dept Tree-old'!D:M,10,FALSE), VLOOKUP(K15,IFR!H:O,8,FALSE))))), "−−−−−−−►") -> 9999 | Q15: =IFERROR(IF($C$7="Tax Levy", VLOOKUP(C$7&K15,'BAR Dept Tree-old'!U:W,3,FALSE), IF($C$7="Non Tax-Levy", VLOOKUP(F15,'Non Tax-Levy'!B:K,10,FALSE), IF(AND($C$7="IFR", K15="75018"), VLOOKUP(K15,'BAR Dept Tree-old'!D:J,7,FALSE), VLOOKUP(K15,IFR!H:Q, 10,FALSE)))), "−−−−−−−►") -> 9999 | R15: =IFERROR(IF($C$7="Tax Levy", VLOOKUP($C7&K15, 'BAR Dept Tree-old'!U:V,2,FALSE), IF($C$7="IFR", VLOOKUP(K15,IFR!H:I,2,FALSE), IF($C$7="Non Tax-Levy", VLOOKUP(F15,'Non Tax-Levy'!B:L,11,FALSE), "−−−−−−−►"))), "−−−−−−−►") -> 10 | Z15: ZSB | AD15: 43602
A16: 4 | B16: TL_VPISD | E16: BCTC - Computing & Tech Ctr | G16: Temp Services | H16: 3000 | J16: Budget mod form test | K16: =IFERROR(IF($C$7="Tax Levy",VLOOKUP(E16,'Tax Levy'!C:E,3,FALSE), IF($C$7="IFR", VLOOKUP(E16,IFR!F:H,3,FALSE), IF($C$7="Non Tax-Levy",VLOOKUP(F16,'Non Tax-Levy'!B:D,3,FALSE),"−−−−−−−►"))), "−−−−−−−►") -> 80073 | M16: =IFERROR(IF(OR(K16="", E16=""), "−−−−−−−►", IF(OR(P16=114, P16=116), 99999,IF(AND(K16=65040, LEFT(F16,11) ="Funding Src"), 40300,IF(AND(F16="", $C$7="Tax Levy"), 99999,IF($C$7="Tax Levy",VLOOKUP(F16,'Tax Levy'!$G$7:$H$31,2,FALSE),IF($C$7="Non Tax-Levy",VLOOKUP(F16,'Non Tax-Levy'!B:G,6,FALSE), IF(AND($C$7="IFR", K16="75018"), VLOOKUP(K16,'Budget Tree updated'!E:Q,13,FALSE), VLOOKUP(K16,IFR!H:M,6,FALSE)))))))), "−−−−−−−►") -> 99999 | N16: =IFERROR(IF($C$7="Tax Levy", VLOOKUP(K16,'BAR Dept Tree-old'!D:H,5,FALSE), IF($C$7="Non Tax-Levy", VLOOKUP(F16,'Non Tax-Levy'!B:H,7,FALSE), IF(AND($C$7="IFR", K16="75018"), VLOOKUP(K16,'BAR Dept Tree-old'!D:H,5,FALSE), VLOOKUP(K16,IFR!H:P,9,FALSE)))), "−−−−−−−►") -> 350 | O16: =IFERROR( IF(AND(C$10="Excellence Fee", B16<>""),801066, IF(AND(M16=40300, K16=65040), VLOOKUP(M16,'Budget Tree updated'!Q:S,3,FALSE),IF($C$7="Tax Levy", VLOOKUP(K16,'Budget Tree updated'!E:S,15,FALSE), IF($C$7="Non Tax-Levy", VLOOKUP(F16,'Non Tax-Levy'!B:J,9,FALSE), IF(AND($C$7="IFR", K16="75018"), VLOOKUP(K16,'Budget Tree updated'!E:S,15,FALSE), VLOOKUP(K16,IFR!H:N,7,FALSE)))))), "−−−−−−−►") -> 999999 | P16: =IFERROR(IF(OR(F16="Spec. Initiative: Open Education Rsrc.- 116", F16="Spec. Initiative: Strategic Investment- 114"), VLOOKUP(F16,'Tax Levy'!$I$3:$J$5,2,FALSE), IF($C$7="Tax Levy", VLOOKUP(K16,'BAR Dept Tree-old'!D:M,10,FALSE), IF($C$7="Non Tax-Levy", VLOOKUP(F16,'Non Tax-Levy'!B:I,8,FALSE), IF(AND($C$7="IFR", K16="75018"), VLOOKUP(K16,'BAR Dept Tree-old'!D:M,10,FALSE), VLOOKUP(K16,IFR!H:O,8,FALSE))))), "−−−−−−−►") -> 9999 | Q16: =IFERROR(IF($C$7="Tax Levy", VLOOKUP(C$7&K16,'BAR Dept Tree-old'!U:W,3,FALSE), IF($C$7="Non Tax-Levy", VLOOKUP(F16,'Non Tax-Levy'!B:K,10,FALSE), IF(AND($C$7="IFR", K16="75018"), VLOOKUP(K16,'BAR Dept Tree-old'!D:J,7,FALSE), VLOOKUP(K16,IFR!H:Q, 10,FALSE)))), "−−−−−−−►") -> 9999 | R16: =IFERROR(IF($C$7="Tax Levy", VLOOKUP(C7&K16,'BAR Dept Tree-old'!U:V,2,FALSE), IF($C$7="IFR", VLOOKUP(K16,IFR!H:I,2,FALSE), IF($C$7="Non Tax-Levy", VLOOKUP(F16,'Non Tax-Levy'!B:L,11,FALSE), "−−−−−−−►"))), "−−−−−−−►") -> 10 | Z16: College | AD16: 43603
A17: 5 | H17: $ | K17: =IFERROR(IF($C$7="Tax Levy",VLOOKUP(E17,'Tax Levy'!C:E,3,FALSE), IF($C$7="IFR", VLOOKUP(E17,IFR!F:H,3,FALSE), IF($C$7="Non Tax-Levy",VLOOKUP(F17,'Non Tax-Levy'!B:D,3,FALSE),"−−−−−−−►"))), "−−−−−−−►") -> −−−−−−−► | M17: =IFERROR(IF(OR(K17="", E17=""), "−−−−−−−►", IF(OR(P17=114, P17=116), 99999,IF(AND(K17=65040, LEFT(F17,11) ="Funding Src"), 40300,IF(AND(F17="", $C$7="Tax Levy"), 99999,IF($C$7="Tax Levy",VLOOKUP(F17,'Tax Levy'!$G$7:$H$31,2,FALSE),IF($C$7="Non Tax-Levy",VLOOKUP(F17,'Non Tax-Levy'!B:G,6,FALSE), IF(AND($C$7="IFR", K17="75018"), VLOOKUP(K17,'Budget Tree updated'!E:Q,13,FALSE), VLOOKUP(K17,IFR!H:M,6,FALSE)))))))), "−−−−−−−►") -> −−−−−−−► | N17: =IFERROR(IF($C$7="Tax Levy", VLOOKUP(K17,'BAR Dept Tree-old'!D:H,5,FALSE), IF($C$7="Non Tax-Levy", VLOOKUP(F17,'Non Tax-Levy'!B:H,7,FALSE), IF(AND($C$7="IFR", K17="75018"), VLOOKUP(K17,'BAR Dept Tree-old'!D:H,5,FALSE), VLOOKUP(K17,IFR!H:P,9,FALSE)))), "−−−−−−−►") -> −−−−−−−► | O17: =IFERROR( IF(AND(C$10="Excellence Fee", B17<>""),801066, IF(AND(M17=40300, K17=65040), VLOOKUP(M17,'Budget Tree updated'!Q:S,3,FALSE),IF($C$7="Tax Levy", VLOOKUP(K17,'Budget Tree updated'!E:S,15,FALSE), IF($C$7="Non Tax-Levy", VLOOKUP(F17,'Non Tax-Levy'!B:J,9,FALSE), IF(AND($C$7="IFR", K17="75018"), VLOOKUP(K17,'Budget Tree updated'!E:S,15,FALSE), VLOOKUP(K17,IFR!H:N,7,FALSE)))))), "−−−−−−−►") -> −−−−−−−► | P17: =IFERROR(IF(OR(F17="Spec. Initiative: Open Education Rsrc.- 116", F17="Spec. Initiative: Strategic Investment- 114"), VLOOKUP(F17,'Tax Levy'!$I$3:$J$5,2,FALSE), IF($C$7="Tax Levy", VLOOKUP(K17,'BAR Dept Tree-old'!D:M,10,FALSE), IF($C$7="Non Tax-Levy", VLOOKUP(F17,'Non Tax-Levy'!B:I,8,FALSE), IF(AND($C$7="IFR", K17="75018"), VLOOKUP(K17,'BAR Dept Tree-old'!D:M,10,FALSE), VLOOKUP(K17,IFR!H:O,8,FALSE))))), "−−−−−−−►") -> −−−−−−−► | Q17: =IFERROR(IF($C$7="Tax Levy", VLOOKUP(C$7&K17,'BAR Dept Tree-old'!U:W,3,FALSE), IF($C$7="Non Tax-Levy", VLOOKUP(F17,'Non Tax-Levy'!B:K,10,FALSE), IF(AND($C$7="IFR", K17="75018"), VLOOKUP(K17,'BAR Dept Tree-old'!D:J,7,FALSE), VLOOKUP(K17,IFR!H:Q, 10,FALSE)))), "−−−−−−−►") -> −−−−−−−► | R17: =IFERROR(IF($C$7="Tax Levy", VLOOKUP(C7&K17, 'BAR Dept Tree-old'!U:V,2,FALSE), IF($C$7="IFR", VLOOKUP(K17,IFR!H:I,2,FALSE), IF($C$7="Non Tax-Levy", VLOOKUP(F17,'Non Tax-Levy'!B:L,11,FALSE), "−−−−−−−►"))), "−−−−−−−►") -> −−−−−−−► | AD17: 43604
A18: 6 | H18: $ | K18: =IFERROR(IF($C$7="Tax Levy",VLOOKUP(E18,'Tax Levy'!C:E,3,FALSE), IF($C$7="IFR", VLOOKUP(E18,IFR!F:H,3,FALSE), IF($C$7="Non Tax-Levy",VLOOKUP(F18,'Non Tax-Levy'!B:D,3,FALSE),"−−−−−−−►"))), "−−−−−−−►") -> −−−−−−−► | M18: =IFERROR(IF(OR(K18="", E18=""), "−−−−−−−►", IF(OR(P18=114, P18=116), 99999,IF(AND(K18=65040, LEFT(F18,11) ="Funding Src"), 40300,IF(AND(F18="", $C$7="Tax Levy"), 99999,IF($C$7="Tax Levy",VLOOKUP(F18,'Tax Levy'!$G$7:$H$31,2,FALSE),IF($C$7="Non Tax-Levy",VLOOKUP(F18,'Non Tax-Levy'!B:G,6,FALSE), IF(AND($C$7="IFR", K18="75018"), VLOOKUP(K18,'Budget Tree updated'!E:Q,13,FALSE), VLOOKUP(K18,IFR!H:M,6,FALSE)))))))), "−−−−−−−►") -> −−−−−−−► | N18: =IFERROR(IF($C$7="Tax Levy", VLOOKUP(K18,'BAR Dept Tree-old'!D:H,5,FALSE), IF($C$7="Non Tax-Levy", VLOOKUP(F18,'Non Tax-Levy'!B:H,7,FALSE), IF(AND($C$7="IFR", K18="75018"), VLOOKUP(K18,'BAR Dept Tree-old'!D:H,5,FALSE), VLOOKUP(K18,IFR!H:P,9,FALSE)))), "−−−−−−−►") -> −−−−−−−► | O18: =IFERROR( IF(AND(C$10="Excellence Fee", B18<>""),801066, IF(AND(M18=40300, K18=65040), VLOOKUP(M18,'Budget Tree updated'!Q:S,3,FALSE),IF($C$7="Tax Levy", VLOOKUP(K18,'Budget Tree updated'!E:S,15,FALSE), IF($C$7="Non Tax-Levy", VLOOKUP(F18,'Non Tax-Levy'!B:J,9,FALSE), IF(AND($C$7="IFR", K18="75018"), VLOOKUP(K18,'Budget Tree updated'!E:S,15,FALSE), VLOOKUP(K18,IFR!H:N,7,FALSE)))))), "−−−−−−−►") -> −−−−−−−► | P18: =IFERROR(IF(OR(F18="Spec. Initiative: Open Education Rsrc.- 116", F18="Spec. Initiative: Strategic Investment- 114"), VLOOKUP(F18,'Tax Levy'!$I$3:$J$5,2,FALSE), IF($C$7="Tax Levy", VLOOKUP(K18,'BAR Dept Tree-old'!D:M,10,FALSE), IF($C$7="Non Tax-Levy", VLOOKUP(F18,'Non Tax-Levy'!B:I,8,FALSE), IF(AND($C$7="IFR", K18="75018"), VLOOKUP(K18,'BAR Dept Tree-old'!D:M,10,FALSE), VLOOKUP(K18,IFR!H:O,8,FALSE))))), "−−−−−−−►") -> −−−−−−−► | Q18: =IFERROR(IF($C$7="Tax Levy", VLOOKUP(C$7&K18,'BAR Dept Tree-old'!U:W,3,FALSE), IF($C$7="Non Tax-Levy", VLOOKUP(F18,'Non Tax-Levy'!B:K,10,FALSE), IF(AND($C$7="IFR", K18="75018"), VLOOKUP(K18,'BAR Dept Tree-old'!D:J,7,FALSE), VLOOKUP(K18,IFR!H:Q, 10,FALSE)))), "−−−−−−−►") -> −−−−−−−► | R18: =IFERROR(IF($C$7="Tax Levy", VLOOKUP(C7&K18, 'BAR Dept Tree-old'!U:V,2,FALSE), IF($C$7="IFR", VLOOKUP(K18,IFR!H:I,2,FALSE), IF($C$7="Non Tax-Levy", VLOOKUP(F18,'Non Tax-Levy'!B:L,11,FALSE), "−−−−−−−►"))), "−−−−−−−►") -> −−−−−−−► | AD18: 43605
A19: 7 | H19: $ | K19: =IFERROR(IF($C$7="Tax Levy",VLOOKUP(E19,'Tax Levy'!C:E,3,FALSE), IF($C$7="IFR", VLOOKUP(E19,IFR!F:H,3,FALSE), IF($C$7="Non Tax-Levy",VLOOKUP(F19,'Non Tax-Levy'!B:D,3,FALSE),"−−−−−−−►"))), "−−−−−−−►") -> −−−−−−−► | M19: =IFERROR(IF(OR(K19="", E19=""), "−−−−−−−►", IF(OR(P19=114, P19=116), 99999,IF(AND(K19=65040, LEFT(F19,11) ="Funding Src"), 40300,IF(AND(F19="", $C$7="Tax Levy"), 99999,IF($C$7="Tax Levy",VLOOKUP(F19,'Tax Levy'!$G$7:$H$31,2,FALSE),IF($C$7="Non Tax-Levy",VLOOKUP(F19,'Non Tax-Levy'!B:G,6,FALSE), IF(AND($C$7="IFR", K19="75018"), VLOOKUP(K19,'Budget Tree updated'!E:Q,13,FALSE), VLOOKUP(K19,IFR!H:M,6,FALSE)))))))), "−−−−−−−►") -> −−−−−−−► | N19: =IFERROR(IF($C$7="Tax Levy", VLOOKUP(K19,'BAR Dept Tree-old'!D:H,5,FALSE), IF($C$7="Non Tax-Levy", VLOOKUP(F19,'Non Tax-Levy'!B:H,7,FALSE), IF(AND($C$7="IFR", K19="75018"), VLOOKUP(K19,'BAR Dept Tree-old'!D:H,5,FALSE), VLOOKUP(K19,IFR!H:P,9,FALSE)))), "−−−−−−−►") -> −−−−−−−► | O19: =IFERROR( IF(AND(C$10="Excellence Fee", B19<>""),801066, IF(AND(M19=40300, K19=65040), VLOOKUP(M19,'Budget Tree updated'!Q:S,3,FALSE),IF($C$7="Tax Levy", VLOOKUP(K19,'Budget Tree updated'!E:S,15,FALSE), IF($C$7="Non Tax-Levy", VLOOKUP(F19,'Non Tax-Levy'!B:J,9,FALSE), IF(AND($C$7="IFR", K19="75018"), VLOOKUP(K19,'Budget Tree updated'!E:S,15,FALSE), VLOOKUP(K19,IFR!H:N,7,FALSE)))))), "−−−−−−−►") -> −−−−−−−► | P19: =IFERROR(IF(OR(F19="Spec. Initiative: Open Education Rsrc.- 116", F19="Spec. Initiative: Strategic Investment- 114"), VLOOKUP(F19,'Tax Levy'!$I$3:$J$5,2,FALSE), IF($C$7="Tax Levy", VLOOKUP(K19,'BAR Dept Tree-old'!D:M,10,FALSE), IF($C$7="Non Tax-Levy", VLOOKUP(F19,'Non Tax-Levy'!B:I,8,FALSE), IF(AND($C$7="IFR", K19="75018"), VLOOKUP(K19,'BAR Dept Tree-old'!D:M,10,FALSE), VLOOKUP(K19,IFR!H:O,8,FALSE))))), "−−−−−−−►") -> −−−−−−−► | Q19: =IFERROR(IF($C$7="Tax Levy", VLOOKUP(C$7&K19,'BAR Dept Tree-old'!U:W,3,FALSE), IF($C$7="Non Tax-Levy", VLOOKUP(F19,'Non Tax-Levy'!B:K,10,FALSE), IF(AND($C$7="IFR", K19="75018"), VLOOKUP(K19,'BAR Dept Tree-old'!D:J,7,FALSE), VLOOKUP(K19,IFR!H:Q, 10,FALSE)))), "−−−−−−−►") -> −−−−−−−► | R19: =IFERROR(IF($C$7="Tax Levy", VLOOKUP(C7&K19, 'BAR Dept Tree-old'!U:V,2,FALSE), IF($C$7="IFR", VLOOKUP(K19,IFR!H:I,2,FALSE), IF($C$7="Non Tax-Levy", VLOOKUP(F19,'Non Tax-Levy'!B:L,11,FALSE), "−−−−−−−►"))), "−−−−−−−►") -> −−−−−−−► | AD19: 43606
A20: 8 | H20: $ | K20: =IFERROR(IF($C$7="Tax Levy",VLOOKUP(E20,'Tax Levy'!C:E,3,FALSE), IF($C$7="IFR", VLOOKUP(E20,IFR!F:H,3,FALSE), IF($C$7="Non Tax-Levy",VLOOKUP(F20,'Non Tax-Levy'!B:D,3,FALSE),"−−−−−−−►"))), "−−−−−−−►") -> −−−−−−−► | M20: =IFERROR(IF(OR(K20="", E20=""), "−−−−−−−►", IF(OR(P20=114, P20=116), 99999,IF(AND(K20=65040, LEFT(F20,11) ="Funding Src"), 40300,IF(AND(F20="", $C$7="Tax Levy"), 99999,IF($C$7="Tax Levy",VLOOKUP(F20,'Tax Levy'!$G$7:$H$31,2,FALSE),IF($C$7="Non Tax-Levy",VLOOKUP(F20,'Non Tax-Levy'!B:G,6,FALSE), IF(AND($C$7="IFR", K20="75018"), VLOOKUP(K20,'Budget Tree updated'!E:Q,13,FALSE), VLOOKUP(K20,IFR!H:M,6,FALSE)))))))), "−−−−−−−►") -> −−−−−−−► | N20: =IFERROR(IF($C$7="Tax Levy", VLOOKUP(K20,'BAR Dept Tree-old'!D:H,5,FALSE), IF($C$7="Non Tax-Levy", VLOOKUP(F20,'Non Tax-Levy'!B:H,7,FALSE), IF(AND($C$7="IFR", K20="75018"), VLOOKUP(K20,'BAR Dept Tree-old'!D:H,5,FALSE), VLOOKUP(K20,IFR!H:P,9,FALSE)))), "−−−−−−−►") -> −−−−−−−► | O20: =IFERROR( IF(AND(C$10="Excellence Fee", B20<>""),801066, IF(AND(M20=40300, K20=65040), VLOOKUP(M20,'Budget Tree updated'!Q:S,3,FALSE),IF($C$7="Tax Levy", VLOOKUP(K20,'Budget Tree updated'!E:S,15,FALSE), IF($C$7="Non Tax-Levy", VLOOKUP(F20,'Non Tax-Levy'!B:J,9,FALSE), IF(AND($C$7="IFR", K20="75018"), VLOOKUP(K20,'Budget Tree updated'!E:S,15,FALSE), VLOOKUP(K20,IFR!H:N,7,FALSE)))))), "−−−−−−−►") -> −−−−−−−► | P20: =IFERROR(IF(OR(F20="Spec. Initiative: Open Education Rsrc.- 116", F20="Spec. Initiative: Strategic Investment- 114"), VLOOKUP(F20,'Tax Levy'!$I$3:$J$5,2,FALSE), IF($C$7="Tax Levy", VLOOKUP(K20,'BAR Dept Tree-old'!D:M,10,FALSE), IF($C$7="Non Tax-Levy", VLOOKUP(F20,'Non Tax-Levy'!B:I,8,FALSE), IF(AND($C$7="IFR", K20="75018"), VLOOKUP(K20,'BAR Dept Tree-old'!D:M,10,FALSE), VLOOKUP(K20,IFR!H:O,8,FALSE))))), "−−−−−−−►") -> −−−−−−−► | Q20: =IFERROR(IF($C$7="Tax Levy", VLOOKUP(C$7&K20,'BAR Dept Tree-old'!U:W,3,FALSE), IF($C$7="Non Tax-Levy", VLOOKUP(F20,'Non Tax-Levy'!B:K,10,FALSE), IF(AND($C$7="IFR", K20="75018"), VLOOKUP(K20,'BAR Dept Tree-old'!D:J,7,FALSE), VLOOKUP(K20,IFR!H:Q, 10,FALSE)))), "−−−−−−−►") -> −−−−−−−► | R20: =IFERROR(IF($C$7="Tax Levy", VLOOKUP(C7&K20, 'BAR Dept Tree-old'!U:V,2,FALSE), IF($C$7="IFR", VLOOKUP(K20,IFR!H:I,2,FALSE), IF($C$7="Non Tax-Levy", VLOOKUP(F20,'Non Tax-Levy'!B:L,11,FALSE), "−−−−−−−►"))), "−−−−−−−►") -> −−−−−−−► | AD20: 43607
AD21: 43608
G22: Total: | H22: ="$"&SUM(H13:H20) -> $0 | AD22: 43609
AD23: 43610
AD24: 43611
AD25: 43612
A26: * | B26: Modification: Must Net to "0", with the same Allocation | AD26: 43613
A27: * | B27: New CUNY Funding: Must Provide Budget Document | AD27: 43614
A28: ** | B28: Intra-University: Funds Provided by other CUNY Entities on a One-time Basis. | AD28: 43615
A29: *** | B29: N/A Means that the HCM Dept. is not active in CUNYfirst | AD29: 43616
AD30: 43617
AD31: 43618
AD32: 43619
AD33: 43620
AD34: 43621
AD35: 43622
AD36: 43623
AD37: 43624
AD38: 43625
AD39: 43626
AD40: 43627
AD41: 43628
... AD425: 44012

Sheet budg form data 
M1: Send all Budget Change Requests to: | R1: BudgetChangeRequest@baruch.cuny.edu
M2: All requests will be processed ASAP, and an updated Budget file will be saved in the Tax-Levy_&_IFR Resources drive at the end of the day.
O3: FY20 BUDGET CHANGE REQUEST
O4: (Tax-Levy, IFR, and Non Tax-Levy)
A7: 1. | B7: Ledger: | C7: =#REF! -> #REF! | N7: *Requested By: | O7: =IF(#REF!="", "Type your name here",#REF!) -> #REF!
A8: 2. | B8: Action: | C8: =#REF! -> #REF! | N8: *Date | O8: =IF(#REF!="", " ",#REF!) -> #REF!
A9: 3. | B9: Allocation: | C9: =IF(#REF!="", " ",#REF!) -> #REF!
B12: 4. Select a Division | E12: CUNYFIRST Dept. Code | I12: 5. Department Description | K12: 6. Program Description | L12: Program Code | M12: Major Purpose Code | N12: Funding Source | O12: Special Initiatives | P12: Operating Unit | Q12: Fund Code | R12: 6. Account Type | S12: 8. Increase/ (Decrease) | V12: 9. Current YR only or Permanent | W12: Comments (Optional)
A13: 1 | B13: =IF(#REF!="", " ",#REF!) -> #REF! | E13: =IFERROR(IF($C$7="Tax Levy",VLOOKUP(I13,'Tax Levy'!C:E,3,FALSE), IF($C$7="IFR", VLOOKUP(I13,IFR!F:H,3,FALSE), IF($C$7="Non Tax-Levy",VLOOKUP(K13,'Non Tax-Levy'!B:D,3,FALSE),"−−−−−−−►"))), "−−−−−−−►") -> −−−−−−−► | I13: =IF(#REF!="", " ",#REF!) -> #REF! | K13: =IF(#REF!="", " ",#REF!) -> #REF! | L13: =IFERROR(IF($C$7="Tax Levy",VLOOKUP(E13,'BAR Dept Tree-old'!D:K,8,FALSE),IF($C$7="Non Tax-Levy",VLOOKUP(K13,'Non Tax-Levy'!B:G,6,FALSE), IF(AND($C$7="IFR", E13="75018"), VLOOKUP(E13,'BAR Dept Tree-old'!D:K,8,FALSE), VLOOKUP(E13,IFR!H:M,6,FALSE)))), "−−−−−−−►") -> −−−−−−−► | M13: =IFERROR(IF($C$7="Tax Levy", VLOOKUP(E13,'BAR Dept Tree-old'!D:H,5,FALSE), IF($C$7="Non Tax-Levy", VLOOKUP(K13,'Non Tax-Levy'!B:H,7,FALSE), IF(AND($C$7="IFR", E13="75018"), VLOOKUP(E13,'BAR Dept Tree-old'!D:H,5,FALSE), VLOOKUP(E13,IFR!H:P,9,FALSE)))), "−−−−−−−►") -> −−−−−−−► | N13: =IFERROR(IF($C$7="Tax Levy", VLOOKUP(E13,'BAR Dept Tree-old'!D:L,9,FALSE),IF($C$7="Non Tax-Levy", VLOOKUP(K13,'Non Tax-Levy'!B:J,9,FALSE), IF(AND($C$7="IFR", E13="75018"), VLOOKUP(E13,'BAR Dept Tree-old'!D:L,9,FALSE), VLOOKUP(E13,IFR!H:N,7,FALSE)))), "−−−−−−−►") -> −−−−−−−► | O13: =IFERROR(IF($C$7="Tax Levy", VLOOKUP(E13,'BAR Dept Tree-old'!D:M,10,FALSE), IF($C$7="Non Tax-Levy", VLOOKUP(K13,'Non Tax-Levy'!B:I,8,FALSE), IF(AND($C$7="IFR", E13="75018"), VLOOKUP(E13,'BAR Dept Tree-old'!D:M,10,FALSE), VLOOKUP(E13,IFR!H:O,8,FALSE)))), "−−−−−−−►") -> −−−−−−−► | P13: =IFERROR(IF($C$7="Tax Levy", VLOOKUP(E13,'BAR Dept Tree-old'!D:J,7,FALSE), IF($C$7="Non Tax-Levy", VLOOKUP(K13,'Non Tax-Levy'!B:K,10,FALSE), IF(AND($C$7="IFR", E13="75018"), VLOOKUP(E13,'BAR Dept Tree-old'!D:J,7,FALSE), VLOOKUP(E13,IFR!H:Q, 10,FALSE)))), "−−−−−−−►") -> −−−−−−−► | Q13: =IFERROR(IF($C$7="Tax Levy", VLOOKUP(E13,'BAR Dept Tree-old'!D:N,11,FALSE), IF($C$7="IFR", VLOOKUP(E13,IFR!H:I,2,FALSE), IF($C$7="Non Tax-Levy", VLOOKUP(K13,'Non Tax-Levy'!B:L,11,FALSE), "−−−−−−−►"))), "−−−−−−−►") -> −−−−−−−► | R13: =IF(#REF!="", " ",#REF!) -> #REF! | S13: =IF(#REF!="", "$ ",#REF!) -> #REF! | V13: =IF(#REF!="", " ",#REF!) -> #REF! | W13: =IF(#REF!="", " ",#REF!) -> #REF!
A14: 2 | B14: =IF(#REF!="", " ",#REF!) -> #REF! | E14: =IFERROR(IF($C$7="Tax Levy",VLOOKUP(I14,'Tax Levy'!C:E,3,FALSE), IF($C$7="IFR", VLOOKUP(I14,IFR!F:H,3,FALSE), IF($C$7="Non Tax-Levy",VLOOKUP(K14,'Non Tax-Levy'!B:D,3,FALSE),"−−−−−−−►"))), "−−−−−−−►") -> −−−−−−−► | I14: =IF(#REF!="", " ",#REF!) -> #REF! | K14: =IF(#REF!="", " ",#REF!) -> #REF! | L14: =IFERROR(IF($C$7="Tax Levy",VLOOKUP(E14,'BAR Dept Tree-old'!D:K,8,FALSE),IF($C$7="Non Tax-Levy",VLOOKUP(K14,'Non Tax-Levy'!B:G,6,FALSE), IF(AND($C$7="IFR", E14="75018"), VLOOKUP(E14,'BAR Dept Tree-old'!D:K,8,FALSE), VLOOKUP(E14,IFR!H:M,6,FALSE)))), "−−−−−−−►") -> −−−−−−−► | M14: =IFERROR(IF($C$7="Tax Levy", VLOOKUP(E14,'BAR Dept Tree-old'!D:H,5,FALSE), IF($C$7="Non Tax-Levy", VLOOKUP(K14,'Non Tax-Levy'!B:H,7,FALSE), IF(AND($C$7="IFR", E14="75018"), VLOOKUP(E14,'BAR Dept Tree-old'!D:H,5,FALSE), VLOOKUP(E14,IFR!H:P,9,FALSE)))), "−−−−−−−►") -> −−−−−−−► | N14: =IFERROR(IF($C$7="Tax Levy", VLOOKUP(E14,'BAR Dept Tree-old'!D:L,9,FALSE),IF($C$7="Non Tax-Levy", VLOOKUP(K14,'Non Tax-Levy'!B:J,9,FALSE), IF(AND($C$7="IFR", E14="75018"), VLOOKUP(E14,'BAR Dept Tree-old'!D:L,9,FALSE), VLOOKUP(E14,IFR!H:N,7,FALSE)))), "−−−−−−−►") -> −−−−−−−► | O14: =IFERROR(IF($C$7="Tax Levy", VLOOKUP(E14,'BAR Dept Tree-old'!D:M,10,FALSE), IF($C$7="Non Tax-Levy", VLOOKUP(K14,'Non Tax-Levy'!B:I,8,FALSE), IF(AND($C$7="IFR", E14="75018"), VLOOKUP(E14,'BAR Dept Tree-old'!D:M,10,FALSE), VLOOKUP(E14,IFR!H:O,8,FALSE)))), "−−−−−−−►") -> −−−−−−−► | P14: =IFERROR(IF($C$7="Tax Levy", VLOOKUP(E14,'BAR Dept Tree-old'!D:J,7,FALSE), IF($C$7="Non Tax-Levy", VLOOKUP(K14,'Non Tax-Levy'!B:K,10,FALSE), IF(AND($C$7="IFR", E14="75018"), VLOOKUP(E14,'BAR Dept Tree-old'!D:J,7,FALSE), VLOOKUP(E14,IFR!H:Q, 10,FALSE)))), "−−−−−−−►") -> −−−−−−−► | Q14: =IFERROR(IF($C$7="Tax Levy", VLOOKUP(E14,'BAR Dept Tree-old'!D:N,11,FALSE), IF($C$7="IFR", VLOOKUP(E14,IFR!H:I,2,FALSE), IF($C$7="Non Tax-Levy", VLOOKUP(K14,'Non Tax-Levy'!B:L,11,FALSE), "−−−−−−−►"))), "−−−−−−−►") -> −−−−−−−► | R14: =IF(#REF!="", " ",#REF!) -> #REF! | S14: =IF(#REF!="", "$ ",#REF!) -> #REF! | V14: =IF(#REF!="", " ",#REF!) -> #REF! | W14: =IF(#REF!="", " ",#REF!) -> #REF!
A15: 3 | B15: =IF(#REF!="", " ",#REF!) -> #REF! | E15: =IFERROR(IF($C$7="Tax Levy",VLOOKUP(I15,'Tax Levy'!C:E,3,FALSE), IF($C$7="IFR", VLOOKUP(I15,IFR!F:H,3,FALSE), IF($C$7="Non Tax-Levy",VLOOKUP(K15,'Non Tax-Levy'!B:D,3,FALSE),"−−−−−−−►"))), "−−−−−−−►") -> −−−−−−−► | I15: =IF(#REF!="", " ",#REF!) -> #REF! | K15: =IF(#REF!="", " ",#REF!) -> #REF! | L15: =IFERROR(IF($C$7="Tax Levy",VLOOKUP(E15,'BAR Dept Tree-old'!D:K,8,FALSE),IF($C$7="Non Tax-Levy",VLOOKUP(K15,'Non Tax-Levy'!B:G,6,FALSE), IF(AND($C$7="IFR", E15="75018"), VLOOKUP(E15,'BAR Dept Tree-old'!D:K,8,FALSE), VLOOKUP(E15,IFR!H:M,6,FALSE)))), "−−−−−−−►") -> −−−−−−−► | M15: =IFERROR(IF($C$7="Tax Levy", VLOOKUP(E15,'BAR Dept Tree-old'!D:H,5,FALSE), IF($C$7="Non Tax-Levy", VLOOKUP(K15,'Non Tax-Levy'!B:H,7,FALSE), IF(AND($C$7="IFR", E15="75018"), VLOOKUP(E15,'BAR Dept Tree-old'!D:H,5,FALSE), VLOOKUP(E15,IFR!H:P,9,FALSE)))), "−−−−−−−►") -> −−−−−−−► | N15: =IFERROR(IF($C$7="Tax Levy", VLOOKUP(E15,'BAR Dept Tree-old'!D:L,9,FALSE),IF($C$7="Non Tax-Levy", VLOOKUP(K15,'Non Tax-Levy'!B:J,9,FALSE), IF(AND($C$7="IFR", E15="75018"), VLOOKUP(E15,'BAR Dept Tree-old'!D:L,9,FALSE), VLOOKUP(E15,IFR!H:N,7,FALSE)))), "−−−−−−−►") -> −−−−−−−► | O15: =IFERROR(IF($C$7="Tax Levy", VLOOKUP(E15,'BAR Dept Tree-old'!D:M,10,FALSE), IF($C$7="Non Tax-Levy", VLOOKUP(K15,'Non Tax-Levy'!B:I,8,FALSE), IF(AND($C$7="IFR", E15="75018"), VLOOKUP(E15,'BAR Dept Tree-old'!D:M,10,FALSE), VLOOKUP(E15,IFR!H:O,8,FALSE)))), "−−−−−−−►") -> −−−−−−−► | P15: =IFERROR(IF($C$7="Tax Levy", VLOOKUP(E15,'BAR Dept Tree-old'!D:J,7,FALSE), IF($C$7="Non Tax-Levy", VLOOKUP(K15,'Non Tax-Levy'!B:K,10,FALSE), IF(AND($C$7="IFR", E15="75018"), VLOOKUP(E15,'BAR Dept Tree-old'!D:J,7,FALSE), VLOOKUP(E15,IFR!H:Q, 10,FALSE)))), "−−−−−−−►") -> −−−−−−−► | Q15: =IFERROR(IF($C$7="Tax Levy", VLOOKUP(E15,'BAR Dept Tree-old'!D:N,11,FALSE), IF($C$7="IFR", VLOOKUP(E15,IFR!H:I,2,FALSE), IF($C$7="Non Tax-Levy", VLOOKUP(K15,'Non Tax-Levy'!B:L,11,FALSE), "−−−−−−−►"))), "−−−−−−−►") -> −−−−−−−► | R15: =IF(#REF!="", " ",#REF!) -> #REF! | S15: =IF(#REF!="", "$ ",#REF!) -> #REF! | V15: =IF(#REF!="", " ",#REF!) -> #REF! | W15: =IF(#REF!="", " ",#REF!) -> #REF!
A16: 4 | B16: =IF(#REF!="", " ",#REF!) -> #REF! | E16: =IFERROR(IF($C$7="Tax Levy",VLOOKUP(I16,'Tax Levy'!C:E,3,FALSE), IF($C$7="IFR", VLOOKUP(I16,IFR!F:H,3,FALSE), IF($C$7="Non Tax-Levy",VLOOKUP(K16,'Non Tax-Levy'!B:D,3,FALSE),"−−−−−−−►"))), "−−−−−−−►") -> −−−−−−−► | I16: =IF(#REF!="", " ",#REF!) -> #REF! | K16: =IF(#REF!="", " ",#REF!) -> #REF! | L16: =IFERROR(IF($C$7="Tax Levy",VLOOKUP(E16,'BAR Dept Tree-old'!D:K,8,FALSE),IF($C$7="Non Tax-Levy",VLOOKUP(K16,'Non Tax-Levy'!B:G,6,FALSE), IF(AND($C$7="IFR", E16="75018"), VLOOKUP(E16,'BAR Dept Tree-old'!D:K,8,FALSE), VLOOKUP(E16,IFR!H:M,6,FALSE)))), "−−−−−−−►") -> −−−−−−−► | M16: =IFERROR(IF($C$7="Tax Levy", VLOOKUP(E16,'BAR Dept Tree-old'!D:H,5,FALSE), IF($C$7="Non Tax-Levy", VLOOKUP(K16,'Non Tax-Levy'!B:H,7,FALSE), IF(AND($C$7="IFR", E16="75018"), VLOOKUP(E16,'BAR Dept Tree-old'!D:H,5,FALSE), VLOOKUP(E16,IFR!H:P,9,FALSE)))), "−−−−−−−►") -> −−−−−−−► | N16: =IFERROR(IF($C$7="Tax Levy", VLOOKUP(E16,'BAR Dept Tree-old'!D:L,9,FALSE),IF($C$7="Non Tax-Levy", VLOOKUP(K16,'Non Tax-Levy'!B:J,9,FALSE), IF(AND($C$7="IFR", E16="75018"), VLOOKUP(E16,'BAR Dept Tree-old'!D:L,9,FALSE), VLOOKUP(E16,IFR!H:N,7,FALSE)))), "−−−−−−−►") -> −−−−−−−► | O16: =IFERROR(IF($C$7="Tax Levy", VLOOKUP(E16,'BAR Dept Tree-old'!D:M,10,FALSE), IF($C$7="Non Tax-Levy", VLOOKUP(K16,'Non Tax-Levy'!B:I,8,FALSE), IF(AND($C$7="IFR", E16="75018"), VLOOKUP(E16,'BAR Dept Tree-old'!D:M,10,FALSE), VLOOKUP(E16,IFR!H:O,8,FALSE)))), "−−−−−−−►") -> −−−−−−−► | P16: =IFERROR(IF($C$7="Tax Levy", VLOOKUP(E16,'BAR Dept Tree-old'!D:J,7,FALSE), IF($C$7="Non Tax-Levy", VLOOKUP(K16,'Non Tax-Levy'!B:K,10,FALSE), IF(AND($C$7="IFR", E16="75018"), VLOOKUP(E16,'BAR Dept Tree-old'!D:J,7,FALSE), VLOOKUP(E16,IFR!H:Q, 10,FALSE)))), "−−−−−−−►") -> −−−−−−−► | Q16: =IFERROR(IF($C$7="Tax Levy", VLOOKUP(E16,'BAR Dept Tree-old'!D:N,11,FALSE), IF($C$7="IFR", VLOOKUP(E16,IFR!H:I,2,FALSE), IF($C$7="Non Tax-Levy", VLOOKUP(K16,'Non Tax-Levy'!B:L,11,FALSE), "−−−−−−−►"))), "−−−−−−−►") -> −−−−−−−► | R16: =IF(#REF!="", " ",#REF!) -> #REF! | S16: =IF(#REF!="", "$ ",#REF!) -> #REF! | V16: =IF(#REF!="", " ",#REF!) -> #REF! | W16: =IF(#REF!="", " ",#REF!) -> #REF!
A17: 5 | B17: =IF(#REF!="", " ",#REF!) -> #REF! | E17: =IFERROR(IF($C$7="Tax Levy",VLOOKUP(I17,'Tax Levy'!C:E,3,FALSE), IF($C$7="IFR", VLOOKUP(I17,IFR!F:H,3,FALSE), IF($C$7="Non Tax-Levy",VLOOKUP(K17,'Non Tax-Levy'!B:D,3,FALSE),"−−−−−−−►"))), "−−−−−−−►") -> −−−−−−−► | I17: =IF(#REF!="", " ",#REF!) -> #REF! | K17: =IF(#REF!="", " ",#REF!) -> #REF! | L17: =IFERROR(IF($C$7="Tax Levy",VLOOKUP(E17,'BAR Dept Tree-old'!D:K,8,FALSE),IF($C$7="Non Tax-Levy",VLOOKUP(K17,'Non Tax-Levy'!B:G,6,FALSE), IF(AND($C$7="IFR", E17="75018"), VLOOKUP(E17,'BAR Dept Tree-old'!D:K,8,FALSE), VLOOKUP(E17,IFR!H:M,6,FALSE)))), "−−−−−−−►") -> −−−−−−−► | M17: =IFERROR(IF($C$7="Tax Levy", VLOOKUP(E17,'BAR Dept Tree-old'!D:H,5,FALSE), IF($C$7="Non Tax-Levy", VLOOKUP(K17,'Non Tax-Levy'!B:H,7,FALSE), IF(AND($C$7="IFR", E17="75018"), VLOOKUP(E17,'BAR Dept Tree-old'!D:H,5,FALSE), VLOOKUP(E17,IFR!H:P,9,FALSE)))), "−−−−−−−►") -> −−−−−−−► | N17: =IFERROR(IF($C$7="Tax Levy", VLOOKUP(E17,'BAR Dept Tree-old'!D:L,9,FALSE),IF($C$7="Non Tax-Levy", VLOOKUP(K17,'Non Tax-Levy'!B:J,9,FALSE), IF(AND($C$7="IFR", E17="75018"), VLOOKUP(E17,'BAR Dept Tree-old'!D:L,9,FALSE), VLOOKUP(E17,IFR!H:N,7,FALSE)))), "−−−−−−−►") -> −−−−−−−► | O17: =IFERROR(IF($C$7="Tax Levy", VLOOKUP(E17,'BAR Dept Tree-old'!D:M,10,FALSE), IF($C$7="Non Tax-Levy", VLOOKUP(K17,'Non Tax-Levy'!B:I,8,FALSE), IF(AND($C$7="IFR", E17="75018"), VLOOKUP(E17,'BAR Dept Tree-old'!D:M,10,FALSE), VLOOKUP(E17,IFR!H:O,8,FALSE)))), "−−−−−−−►") -> −−−−−−−► | P17: =IFERROR(IF($C$7="Tax Levy", VLOOKUP(E17,'BAR Dept Tree-old'!D:J,7,FALSE), IF($C$7="Non Tax-Levy", VLOOKUP(K17,'Non Tax-Levy'!B:K,10,FALSE), IF(AND($C$7="IFR", E17="75018"), VLOOKUP(E17,'BAR Dept Tree-old'!D:J,7,FALSE), VLOOKUP(E17,IFR!H:Q, 10,FALSE)))), "−−−−−−−►") -> −−−−−−−► | Q17: =IFERROR(IF($C$7="Tax Levy", VLOOKUP(E17,'BAR Dept Tree-old'!D:N,11,FALSE), IF($C$7="IFR", VLOOKUP(E17,IFR!H:I,2,FALSE), IF($C$7="Non Tax-Levy", VLOOKUP(K17,'Non Tax-Levy'!B:L,11,FALSE), "−−−−−−−►"))), "−−−−−−−►") -> −−−−−−−► | R17: =IF(#REF!="", " ",#REF!) -> #REF! | S17: =IF(#REF!="", "$ ",#REF!) -> #REF! | V17: =IF(#REF!="", " ",#REF!) -> #REF! | W17: =IF(#REF!="", " ",#REF!) -> #REF!
A18: 6 | B18: =IF(#REF!="", " ",#REF!) -> #REF! | E18: =IFERROR(IF($C$7="Tax Levy",VLOOKUP(I18,'Tax Levy'!C:E,3,FALSE), IF($C$7="IFR", VLOOKUP(I18,IFR!F:H,3,FALSE), IF($C$7="Non Tax-Levy",VLOOKUP(K18,'Non Tax-Levy'!B:D,3,FALSE),"−−−−−−−►"))), "−−−−−−−►") -> −−−−−−−► | I18: =IF(#REF!="", " ",#REF!) -> #REF! | K18: =IF(#REF!="", " ",#REF!) -> #REF! | L18: =IFERROR(IF($C$7="Tax Levy",VLOOKUP(E18,'BAR Dept Tree-old'!D:K,8,FALSE),IF($C$7="Non Tax-Levy",VLOOKUP(K18,'Non Tax-Levy'!B:G,6,FALSE), IF(AND($C$7="IFR", E18="75018"), VLOOKUP(E18,'BAR Dept Tree-old'!D:K,8,FALSE), VLOOKUP(E18,IFR!H:M,6,FALSE)))), "−−−−−−−►") -> −−−−−−−► | M18: =IFERROR(IF($C$7="Tax Levy", VLOOKUP(E18,'BAR Dept Tree-old'!D:H,5,FALSE), IF($C$7="Non Tax-Levy", VLOOKUP(K18,'Non Tax-Levy'!B:H,7,FALSE), IF(AND($C$7="IFR", E18="75018"), VLOOKUP(E18,'BAR Dept Tree-old'!D:H,5,FALSE), VLOOKUP(E18,IFR!H:P,9,FALSE)))), "−−−−−−−►") -> −−−−−−−► | N18: =IFERROR(IF($C$7="Tax Levy", VLOOKUP(E18,'BAR Dept Tree-old'!D:L,9,FALSE),IF($C$7="Non Tax-Levy", VLOOKUP(K18,'Non Tax-Levy'!B:J,9,FALSE), IF(AND($C$7="IFR", E18="75018"), VLOOKUP(E18,'BAR Dept Tree-old'!D:L,9,FALSE), VLOOKUP(E18,IFR!H:N,7,FALSE)))), "−−−−−−−►") -> −−−−−−−► | O18: =IFERROR(IF($C$7="Tax Levy", VLOOKUP(E18,'BAR Dept Tree-old'!D:M,10,FALSE), IF($C$7="Non Tax-Levy", VLOOKUP(K18,'Non Tax-Levy'!B:I,8,FALSE), IF(AND($C$7="IFR", E18="75018"), VLOOKUP(E18,'BAR Dept Tree-old'!D:M,10,FALSE), VLOOKUP(E18,IFR!H:O,8,FALSE)))), "−−−−−−−►") -> −−−−−−−► | P18: =IFERROR(IF($C$7="Tax Levy", VLOOKUP(E18,'BAR Dept Tree-old'!D:J,7,FALSE), IF($C$7="Non Tax-Levy", VLOOKUP(K18,'Non Tax-Levy'!B:K,10,FALSE), IF(AND($C$7="IFR", E18="75018"), VLOOKUP(E18,'BAR Dept Tree-old'!D:J,7,FALSE), VLOOKUP(E18,IFR!H:Q, 10,FALSE)))), "−−−−−−−►") -> −−−−−−−► | Q18: =IFERROR(IF($C$7="Tax Levy", VLOOKUP(E18,'BAR Dept Tree-old'!D:N,11,FALSE), IF($C$7="IFR", VLOOKUP(E18,IFR!H:I,2,FALSE), IF($C$7="Non Tax-Levy", VLOOKUP(K18,'Non Tax-Levy'!B:L,11,FALSE), "−−−−−−−►"))), "−−−−−−−►") -> −−−−−−−► | R18: =IF(#REF!="", " ",#REF!) -> #REF! | S18: =IF(#REF!="", "$ ",#REF!) -> #REF! | V18: =IF(#REF!="", " ",#REF!) -> #REF! | W18: =IF(#REF!="", " ",#REF!) -> #REF!
A19: 7 | B19: =IF(#REF!="", " ",#REF!) -> #REF! | E19: =IFERROR(IF($C$7="Tax Levy",VLOOKUP(I19,'Tax Levy'!C:E,3,FALSE), IF($C$7="IFR", VLOOKUP(I19,IFR!F:H,3,FALSE), IF($C$7="Non Tax-Levy",VLOOKUP(K19,'Non Tax-Levy'!B:D,3,FALSE),"−−−−−−−►"))), "−−−−−−−►") -> −−−−−−−► | I19: =IF(#REF!="", " ",#REF!) -> #REF! | K19: =IF(#REF!="", " ",#REF!) -> #REF! | L19: =IFERROR(IF($C$7="Tax Levy",VLOOKUP(E19,'BAR Dept Tree-old'!D:K,8,FALSE),IF($C$7="Non Tax-Levy",VLOOKUP(K19,'Non Tax-Levy'!B:G,6,FALSE), IF(AND($C$7="IFR", E19="75018"), VLOOKUP(E19,'BAR Dept Tree-old'!D:K,8,FALSE), VLOOKUP(E19,IFR!H:M,6,FALSE)))), "−−−−−−−►") -> −−−−−−−► | M19: =IFERROR(IF($C$7="Tax Levy", VLOOKUP(E19,'BAR Dept Tree-old'!D:H,5,FALSE), IF($C$7="Non Tax-Levy", VLOOKUP(K19,'Non Tax-Levy'!B:H,7,FALSE), IF(AND($C$7="IFR", E19="75018"), VLOOKUP(E19,'BAR Dept Tree-old'!D:H,5,FALSE), VLOOKUP(E19,IFR!H:P,9,FALSE)))), "−−−−−−−►") -> −−−−−−−► | N19: =IFERROR(IF($C$7="Tax Levy", VLOOKUP(E19,'BAR Dept Tree-old'!D:L,9,FALSE),IF($C$7="Non Tax-Levy", VLOOKUP(K19,'Non Tax-Levy'!B:J,9,FALSE), IF(AND($C$7="IFR", E19="75018"), VLOOKUP(E19,'BAR Dept Tree-old'!D:L,9,FALSE), VLOOKUP(E19,IFR!H:N,7,FALSE)))), "−−−−−−−►") -> −−−−−−−► | O19: =IFERROR(IF($C$7="Tax Levy", VLOOKUP(E19,'BAR Dept Tree-old'!D:M,10,FALSE), IF($C$7="Non Tax-Levy", VLOOKUP(K19,'Non Tax-Levy'!B:I,8,FALSE), IF(AND($C$7="IFR", E19="75018"), VLOOKUP(E19,'BAR Dept Tree-old'!D:M,10,FALSE), VLOOKUP(E19,IFR!H:O,8,FALSE)))), "−−−−−−−►") -> −−−−−−−► | P19: =IFERROR(IF($C$7="Tax Levy", VLOOKUP(E19,'BAR Dept Tree-old'!D:J,7,FALSE), IF($C$7="Non Tax-Levy", VLOOKUP(K19,'Non Tax-Levy'!B:K,10,FALSE), IF(AND($C$7="IFR", E19="75018"), VLOOKUP(E19,'BAR Dept Tree-old'!D:J,7,FALSE), VLOOKUP(E19,IFR!H:Q, 10,FALSE)))), "−−−−−−−►") -> −−−−−−−► | Q19: =IFERROR(IF($C$7="Tax Levy", VLOOKUP(E19,'BAR Dept Tree-old'!D:N,11,FALSE), IF($C$7="IFR", VLOOKUP(E19,IFR!H:I,2,FALSE), IF($C$7="Non Tax-Levy", VLOOKUP(K19,'Non Tax-Levy'!B:L,11,FALSE), "−−−−−−−►"))), "−−−−−−−►") -> −−−−−−−► | R19: =IF(#REF!="", " ",#REF!) -> #REF! | S19: =IF(#REF!="", "$ ",#REF!) -> #REF! | V19: =IF(#REF!="", " ",#REF!) -> #REF! | W19: =IF(#REF!="", " ",#REF!) -> #REF!
A20: 8 | B20: =IF(#REF!="", " ",#REF!) -> #REF! | E20: =IFERROR(IF($C$7="Tax Levy",VLOOKUP(I20,'Tax Levy'!C:E,3,FALSE), IF($C$7="IFR", VLOOKUP(I20,IFR!F:H,3,FALSE), IF($C$7="Non Tax-Levy",VLOOKUP(K20,'Non Tax-Levy'!B:D,3,FALSE),"−−−−−−−►"))), "−−−−−−−►") -> −−−−−−−► | I20: =IF(#REF!="", " ",#REF!) -> #REF! | K20: =IF(#REF!="", " ",#REF!) -> #REF! | L20: =IFERROR(IF($C$7="Tax Levy",VLOOKUP(E20,'BAR Dept Tree-old'!D:K,8,FALSE),IF($C$7="Non Tax-Levy",VLOOKUP(K20,'Non Tax-Levy'!B:G,6,FALSE), IF(AND($C$7="IFR", E20="75018"), VLOOKUP(E20,'BAR Dept Tree-old'!D:K,8,FALSE), VLOOKUP(E20,IFR!H:M,6,FALSE)))), "−−−−−−−►") -> −−−−−−−► | M20: =IFERROR(IF($C$7="Tax Levy", VLOOKUP(E20,'BAR Dept Tree-old'!D:H,5,FALSE), IF($C$7="Non Tax-Levy", VLOOKUP(K20,'Non Tax-Levy'!B:H,7,FALSE), IF(AND($C$7="IFR", E20="75018"), VLOOKUP(E20,'BAR Dept Tree-old'!D:H,5,FALSE), VLOOKUP(E20,IFR!H:P,9,FALSE)))), "−−−−−−−►") -> −−−−−−−► | N20: =IFERROR(IF($C$7="Tax Levy", VLOOKUP(E20,'BAR Dept Tree-old'!D:L,9,FALSE),IF($C$7="Non Tax-Levy", VLOOKUP(K20,'Non Tax-Levy'!B:J,9,FALSE), IF(AND($C$7="IFR", E20="75018"), VLOOKUP(E20,'BAR Dept Tree-old'!D:L,9,FALSE), VLOOKUP(E20,IFR!H:N,7,FALSE)))), "−−−−−−−►") -> −−−−−−−► | O20: =IFERROR(IF($C$7="Tax Levy", VLOOKUP(E20,'BAR Dept Tree-old'!D:M,10,FALSE), IF($C$7="Non Tax-Levy", VLOOKUP(K20,'Non Tax-Levy'!B:I,8,FALSE), IF(AND($C$7="IFR", E20="75018"), VLOOKUP(E20,'BAR Dept Tree-old'!D:M,10,FALSE), VLOOKUP(E20,IFR!H:O,8,FALSE)))), "−−−−−−−►") -> −−−−−−−► | P20: =IFERROR(IF($C$7="Tax Levy", VLOOKUP(E20,'BAR Dept Tree-old'!D:J,7,FALSE), IF($C$7="Non Tax-Levy", VLOOKUP(K20,'Non Tax-Levy'!B:K,10,FALSE), IF(AND($C$7="IFR", E20="75018"), VLOOKUP(E20,'BAR Dept Tree-old'!D:J,7,FALSE), VLOOKUP(E20,IFR!H:Q, 10,FALSE)))), "−−−−−−−►") -> −−−−−−−► | Q20: =IFERROR(IF($C$7="Tax Levy", VLOOKUP(E20,'BAR Dept Tree-old'!D:N,11,FALSE), IF($C$7="IFR", VLOOKUP(E20,IFR!H:I,2,FALSE), IF($C$7="Non Tax-Levy", VLOOKUP(K20,'Non Tax-Levy'!B:L,11,FALSE), "−−−−−−−►"))), "−−−−−−−►") -> −−−−−−−► | R20: =IF(#REF!="", " ",#REF!) -> #REF! | S20: =IF(#REF!="", "$ ",#REF!) -> #REF! | V20: =IF(#REF!="", " ",#REF!) -> #REF! | W20: =IF(#REF!="", " ",#REF!) -> #REF!
R22: Total: | S22: ="$"&SUM(S13:S20) -> #REF!
A26: * | B26: Modification: Must Net to "0", with the same Allocation
A27: * | B27: New CUNY Funding: Must Provide Budget Document
A28: ** | B28: Intra-University: Funds Provided by other CUNY Entities on a One-time Basis.
A29: *** | B29: N/A Means that the HCM Dept. is not active in CUNYfirst

Sheet BAR Dept Tree-old
A1: Ledger | B1: Fund | C1: Division | D1: CUNYFIRST GL Dept Code | E1: CUNYFIRST GL Dept. Description (University Shared) | F1: CUNYFIRST HCM Dept Code | G1: CUNYFIRST HCM Dept Description | H1: Mp Cross Walk | I1: MP Crosswalk Description | J1: Operating Unit Crosswalk | K1: Program Crosswalk | L1: Funding Source Crosswalk | M1: Special Initiatives Crosswalk | N1: Fund | O1: Fund&Dept Code | P1: Operating Unit Crosswalk | Q1: Program Crosswalk | R1: Funding Source Crosswalk | S1: Special Initiatives Crosswalk | T1: Mp Cross Walk | U1: Ledger&Dept | V1: Fund | W1: Operating Unit Crosswalk
A2: Tax Levy | B2: 10 | C2: Acad Aff | D2: 10377 | E2: Dean For Academic Affairs | F2: 10377 | G2: Provost-Faculty Operations | H2: 100 | I2: Instruction | J2: 9999 | K2: 99999 | L2: 999999 | M2: 9999 | N2: 10 | O2: =D2&N2 -> 1037710 | P2: 9999 | Q2: 99999 | R2: 999999 | S2: 9999 | T2: 100 | U2: =A2&D2 -> Tax Levy10377 | V2: 10 | W2: 9999
A3: IFR | B3: 11 | C3: Acad Aff | D3: 15004 | E3: ACE Administrative | F3: 15004 | G3: Continuing & Profl Studies | H3: 100 | I3: Instruction | J3: 4001 | K3: 99999 | L3: 999999 | M3: 9999 | N3: 11 | O3: =D3&N3 -> 1500411 | P3: 4001 | Q3: 99999 | R3: 999999 | S3: 9999 | T3: 100 | U3: =A3&D3 -> IFR15004 | V3: 11 | W3: 4001
A4: Tax Levy | B4: 10 | C4: Acad Aff | D4: 60024 | E4: Center, Computer Visually Imp | F4: 60024 | G4: Computer Ctr Visually Impaired | H4: 350 | I4: Institutional Support | J4: 9999 | K4: 99999 | L4: 999999 | M4: 9999 | N4: 10 | O4: =D4&N4 -> 6002410 | P4: 9999 | Q4: 99999 | R4: 999999 | S4: 9999 | T4: 350 | U4: =A4&D4 -> Tax Levy60024 | V4: 10 | W4: 9999
A5: Tax Levy | B5: 10 | C5: Acad Aff | D5: 60083 | E5: Center, Writing | F5: 60083 | G5: Writing Center | H5: 100 | I5: Instruction | J5: 9999 | K5: 99999 | L5: 999999 | M5: 9999 | N5: 10 | O5: =D5&N5 -> 6008310 | P5: 9999 | Q5: 99999 | R5: 999999 | S5: 9999 | T5: 100 | U5: =A5&D5 -> Tax Levy60083 | V5: 10 | W5: 9999
A6: Tax Levy | B6: 10 | C6: Acad Aff | D6: 60196 | E6: Institute, Schwartz Commun | F6: 60196 | G6: Schwartz Communication Center | H6: 100 | I6: Instruction | J6: 9999 | K6: 99999 | L6: 999999 | M6: 9999 | N6: 10 | O6: =D6&N6 -> 6019610 | P6: 9999 | Q6: 99999 | R6: 999999 | S6: 9999 | T6: 100 | U6: =A6&D6 -> Tax Levy60196 | V6: 10 | W6: 9999
A7: Tax Levy | B7: 10 | C7: Acad Aff | D7: 65017 | E7: College Now Program | F7: 65017 | G7: College Now Program | H7: 100 | I7: Instruction | J7: 9999 | K7: 99999 | L7: 999999 | M7: 9999 | N7: 10 | O7: =D7&N7 -> 6501710 | P7: 9999 | Q7: 99999 | R7: 999999 | S7: 9999 | T7: 100 | U7: =A7&D7 -> Tax Levy65017 | V7: 10 | W7: 9999
A8: Tax Levy | B8: 10 | C8: Acad Aff | D8: 65054 | E8: Honors/Experimental | F8: 65054 | G8: Honors Program | H8: 100 | I8: Instruction | J8: 9999 | K8: 99999 | L8: 999999 | M8: 9999 | N8: 10 | O8: =D8&N8 -> 6505410 | P8: 9999 | Q8: 99999 | R8: 999999 | S8: 9999 | T8: 100 | U8: =A8&D8 -> Tax Levy65054 | V8: 10 | W8: 9999
A9: Tax Levy | B9: 10 | C9: Acad Aff | D9: 70001 | E9: Academic Affairs | F9: 70001 | G9: Provost-Teaching Operations | H9: 100 | I9: Instruction | J9: 9999 | K9: 99999 | L9: 999999 | M9: 9999 | N9: 10 | O9: =D9&N9 -> 7000110 | P9: 9999 | Q9: 99999 | R9: 999999 | S9: 9999 | T9: 100 | U9: =A9&D9 -> Tax Levy70001 | V9: 10 | W9: 9999
A10: Tax Levy | B10: 10 | C10: Acad Aff | D10: 70062 | E10: Office for Teaching & Learning | F10: 70062 | G10: Ctr. Teaching and Learning | H10: 100 | I10: Instruction | J10: 9999 | K10: 99999 | L10: 999999 | M10: 9999 | N10: 10 | O10: =D10&N10 -> 7006210 | P10: 9999 | Q10: 99999 | R10: 999999 | S10: 9999 | T10: 100 | U10: =A10&D10 -> Tax Levy70062 | V10: 10 | W10: 9999
A11: Tax Levy | B11: 10 | C11: Acad Aff | D11: 70062 | E11: Office for Teaching & Learning- Strategic Investment Initiative | F11: 70062 | G11: Ctr. Teaching and Learning | H11: 100 | I11: Instruction | J11: 9999 | K11: 99999 | L11: 999999 | M11: 114 | N11: 10 | O11: =D11&N11 -> 7006210 | P11: 9999 | Q11: 99999 | R11: 999999 | S11: 114 | T11: 100 | U11: =A11&D11 -> Tax Levy70062 | V11: 10 | W11: 9999
A12: Tax Levy | B12: 10 | C12: Acad Aff | D12: 80170 | E12: Grants And Research Admin | F12: 80170 | G12: Sponsored Prgs/Research (SPAR) | H12: 355 | I12: General Administration | J12: 9999 | K12: 99999 | L12: 999999 | M12: 9999 | N12: 10 | O12: =D12&N12 -> 8017010 | P12: 9999 | Q12: 99999 | R12: 999999 | S12: 9999 | T12: 355 | U12: =A12&D12 -> Tax Levy80170 | V12: 10 | W12: 9999
A13: Tax Levy | B13: 10 | C13: Acad Aff | D13: 80188 | E13: Instructional Services | F13: 80188 | G13: Student Acad Consult Ctr(SACC) | H13: 100 | I13: Instruction | J13: 9999 | K13: 99999 | L13: 999999 | M13: 9999 | N13: 10 | O13: =D13&N13 -> 8018810 | P13: 9999 | Q13: 99999 | R13: 999999 | S13: 9999 | T13: 100 | U13: =A13&D13 -> Tax Levy80188 | V13: 10 | W13: 9999
A14: Tax Levy | B14: 10 | C14: Acad Aff | D14: 80259 | E14: Provost Operations | F14: 80259 | G14: VP Academic Affairs & Provost | H14: 355 | I14: General Administration | J14: 9999 | K14: 99999 | L14: 999999 | M14: 9999 | N14: 10 | O14: =D14&N14 -> 8025910 | P14: 9999 | Q14: 99999 | R14: 999999 | S14: 9999 | T14: 355 | U14: =A14&D14 -> Tax Levy80259 | V14: 10 | W14: 9999
A15: Tax Levy | B15: 10 | C15: Acad Aff | D15: 80522 | E15: VP Strategic Planning, Assessm | F15: 80522 | G15: Assessment | H15: 355 | J15: 9999 | K15: 99999 | L15: 999999 | M15: 9999 | N15: 10 | O15: =D15&N15 -> 8052210 | P15: 9999 | Q15: 99999 | R15: 999999 | S15: 9999 | T15: 355 | U15: =A15&D15 -> Tax Levy80522 | V15: 10 | W15: 9999
A16: Tax Levy | B16: 10 | C16: Acad Aff | D16: 10103 | E16: English & Speech | F16: 10103 | G16: Tools for Clear Speech | H16: 100 | J16: 9999 | K16: 99999 | L16: 999999 | M16: 9999 | N16: 10 | O16: =D16&N16 -> 1010310 | P16: 9999 | Q16: 99999 | R16: 999999 | S16: 9999 | T16: 100 | U16: =A16&D16 -> Tax Levy10103 | V16: 10 | W16: 9999
A17: Tax Levy | B17: 10 | C17: Acad Aff | D17: 70027 | E17: Curric. & Teaching | F17: 70027 | G17: VP for Teaching and Learning | H17: 100 | J17: 9999 | K17: 99999 | L17: 999999 | M17: 9999 | N17: 10 | O17: =D17&N17 -> 7002710 | P17: 9999 | Q17: 99999 | R17: 999999 | S17: 9999 | T17: 100 | U17: =A17&D17 -> Tax Levy70027 | V17: 10 | W17: 9999
A18: Tax Levy | B18: 10 | C18: Coll. Wide* | D18: 80122 | E18: Credit Card | F18: 80122 | G18: Credit Card | H18: 100 | J18: 9999 | K18: 99999 | L18: 999999 | M18: 9999 | N18: 10 | O18: =D18&N18 -> 8012210 | P18: 9999 | Q18: 99999 | R18: 999999 | S18: 9999 | T18: 100 | V18: 10 | W18: 9999
A19: IFR | B19: 11 | C19: Coll. Wide* | D19: 10396 | E19: Continuing Education | F19: Various | G19: Continuing Education | H19: 100 | I19: Instruction | J19: 3012 | K19: 99999 | L19: 999999 | M19: 9999 | N19: 11 | O19: =D19&N19 -> 1039611 | P19: 3012 | Q19: 99999 | R19: 999999 | S19: 9999 | T19: 100 | U19: =A19&D19 -> IFR10396 | V19: 11 | W19: 3012
A20: Tax Levy | B20: 10 | C20: MSPIA | D20: 10250 | E20: Public Affairs | F20: 10250 | G20: Public Affairs | H20: 100 | I20: Instruction | J20: 9999 | K20: 99999 | L20: 999999 | M20: 9999 | N20: 10 | O20: =D20&N20 -> 1025010 | P20: 9999 | Q20: 99999 | R20: 999999 | S20: 9999 | T20: 100 | U20: =A20&D20 -> Tax Levy10250 | V20: 10 | W20: 9999
A21: Tax Levy | B21: 10 | C21: MSPIA | D21: 10405 | E21: Dean School of Public Affairs | F21: 10405 | G21: Dean's Office - MSPIA | H21: 100 | I21: Instruction | J21: 9999 | K21: 99999 | L21: 999999 | M21: 9999 | N21: 10 | O21: =D21&N21 -> 1040510 | P21: 9999 | Q21: 99999 | R21: 999999 | S21: 9999 | T21: 100 | U21: =A21&D21 -> Tax Levy10405 | V21: 10 | W21: 9999
A22: Tax Levy | B22: 10 | C22: MSPIA | D22: 60203 | E22: CIDR | F22: 60203 | G22: Inst-Demographic Resrch (CIDR) | H22: 100 | I22: Instruction | J22: 9999 | K22: 99999 | L22: 999999 | M22: 9999 | N22: 10 | O22: =D22&N22 -> 6020310 | P22: 9999 | Q22: 99999 | R22: 999999 | S22: 9999 | T22: 100 | U22: =A22&D22 -> Tax Levy60203 | V22: 10 | W22: 9999
A23: Tax Levy | B23: 10 | C23: MSPIA | D23: 75071 | E23: Student Recruitment | F23: 75071 | G23: Grad Admission/Student Svc-SPA | H23: 300 | I23: Student Services | J23: 9999 | K23: 99999 | L23: 999999 | M23: 9999 | N23: 10 | O23: =D23&N23 -> 7507110 | P23: 9999 | Q23: 99999 | R23: 999999 | S23: 9999 | T23: 300 | U23: =A23&D23 -> Tax Levy75071 | V23: 10 | W23: 9999
A24: Tax Levy | B24: 10 | C24: OCM | D24: 80070 | E24: Communications | F24: 80070 | G24: Communications & Marketing | H24: 350 | I24: Institutional Support | J24: 9999 | K24: 99999 | L24: 999999 | M24: 9999 | N24: 10 | O24: =D24&N24 -> 8007010 | P24: 9999 | Q24: 99999 | R24: 999999 | S24: 9999 | T24: 350 | U24: =A24&D24 -> Tax Levy80070 | V24: 10 | W24: 9999
A25: Tax Levy | B25: 10 | C25: President | D25: 80250 | E25: President | F25: 80250 | G25: President's Office | H25: 355 | I25: General Administration | J25: 9999 | K25: 99999 | L25: 999999 | M25: 9999 | N25: 10 | O25: =D25&N25 -> 8025010 | P25: 9999 | Q25: 99999 | R25: 999999 | S25: 9999 | T25: 355 | U25: =A25&D25 -> Tax Levy80250 | V25: 10 | W25: 9999
A26: Tax Levy | B26: 10 | C26: VPAF | D26: 80002 | E26: Accounting Operations | F26: 80002 | G26: Controller's Office | H26: 355 | I26: General Administration | J26: 9999 | K26: 99999 | L26: 999999 | M26: 9999 | N26: 10 | O26: =D26&N26 -> 8000210 | P26: 9999 | Q26: 99999 | R26: 999999 | S26: 9999 | T26: 355 | U26: =A26&D26 -> Tax Levy80002 | V26: 10 | W26: 9999
A27: Tax Levy | B27: 10 | C27: VPAF | D27: 80037 | E27: Budget and Planning Operations | F27: 80037 | G27: Budget And Planning Operations | H27: 355 | I27: General Administration | J27: 9999 | K27: 99999 | L27: 999999 | M27: 9999 | N27: 10 | O27: =D27&N27 -> 8003710 | P27: 9999 | Q27: 99999 | R27: 999999 | S27: 9999 | T27: 355 | U27: =A27&D27 -> Tax Levy80037 | V27: 10 | W27: 9999
A28: Tax Levy | B28: 10 | C28: VPAF | D28: 80042 | E28: Bursar Operations | F28: 80042 | G28: Bursar's Office | H28: 355 | I28: General Administration | J28: 9999 | K28: 99999 | L28: 999999 | M28: 9999 | N28: 10 | O28: =D28&N28 -> 8004210 | P28: 9999 | Q28: 99999 | R28: 999999 | S28: 9999 | T28: 355 | U28: =A28&D28 -> Tax Levy80042 | V28: 10 | W28: 9999
A29: Tax Levy | B29: 10 | C29: VPAF | D29: 80045 | E29: Business Office/Fin Operations | F29: 80045 | G29: Business Office/Fin Operations | H29: 355 | I29: General Administration | J29: 9999 | K29: 10482 | L29: 999999 | M29: 9999 | N29: 10 | O29: =D29&N29 -> 8004510 | P29: 9999 | Q29: 10482 | R29: 999999 | S29: 9999 | T29: 355 | U29: =A29&D29 -> Tax Levy80045 | V29: 10 | W29: 9999
A30: Tax Levy | B30: 10 | C30: VPAF | D30: 80045 | E30: Business Office/Fin Operations | F30: 80045 | G30: Business Office/Fin Operations | H30: 355 | I30: General Administration | J30: 9999 | K30: 99999 | L30: 999999 | M30: 9999 | N30: 10 | O30: =D30&N30 -> 8004510 | P30: 9999 | Q30: 99999 | R30: 999999 | S30: 9999 | T30: 355 | U30: =A30&D30 -> Tax Levy80045 | V30: 10 | W30: 9999
A31: Tax Levy | B31: 10 | C31: VPAF | D31: 80045 | E31: Business Office/Fin Operations | F31: 80045 | G31: Business Office/Fin Operations | H31: 355 | I31: General Administration | J31: 9999 | K31: 10454 | L31: 999999 | M31: 9999 | N31: 10 | O31: =D31&N31 -> 8004510 | P31: 9999 | Q31: 10454 | R31: 999999 | S31: 9999 | T31: 355 | U31: =A31&D31 -> Tax Levy80045 | V31: 10 | W31: 9999
... A85: IFR | B85: 11 | C85: WSAS | D85: 10195 | E85: Mathematics | F85: 10195 | G85: Mathematics | H85: 100 | I85: Instruction | J85: 3012 | K85: 99999 | L85: 999999 | M85: 9999 | N85: 11 | O85: =D85&N85 -> 1019511 | P85: 3012 | Q85: 99999 | R85: 999999 | S85: 9999 | T85: 100 | U85: =A85&D85 -> IFR10195 | V85: 11 | W85: 3012
A86: IFR | B86: 11 | C86: WSAS | D86: 10221 | E86: Philosophy | F86: 10221 | G86: Philosophy | H86: 100 | I86: Instruction | J86: 3012 | K86: 99999 | L86: 999999 | M86: 9999 | N86: 11 | O86: 10221 | P86: 3012 | Q86: 99999 | R86: 999999 | S86: 9999 | T86: 100 | U86: =A86&D86 -> IFR10221 | V86: 11 | W86: 3012
A87: IFR | B87: 11 | C87: WSAS | D87: 10148 | E87: History & Contemporary Civil | F87: 10148 | G87: History | H87: 100 | I87: Instruction | J87: 3012 | K87: 99999 | L87: 999999 | M87: 9999 | N87: 11 | O87: 10148 | P87: 3012 | Q87: 99999 | R87: 999999 | S87: 9999 | T87: 100 | U87: =A87&D87 -> IFR10148 | V87: 11 | W87: 3012
A88: Tax Levy | B88: 10 | C88: WSAS | D88: 10204 | E88: Modern Languages & Literatures | F88: 10204 | G88: Modern Languages & Literatures | H88: 100 | I88: Instruction | J88: 9999 | K88: 99999 | L88: 999999 | M88: 9999 | N88: 10 | O88: =D88&N88 -> 1020410 | P88: 9999 | Q88: 99999 | R88: 999999 | S88: 9999 | T88: 100 | U88: =A88&D88 -> Tax Levy10204 | V88: 10 | W88: 9999
A89: Tax Levy | B89: 10 | C89: WSAS | D89: 10208 | E89: Natural Sciences | F89: 10208 | G89: Natural Sciences | H89: 100 | I89: Instruction | J89: 9999 | K89: 99999 | L89: 999999 | M89: 9999 | N89: 10 | O89: =D89&N89 -> 1020810 | P89: 9999 | Q89: 99999 | R89: 999999 | S89: 9999 | T89: 100 | U89: =A89&D89 -> Tax Levy10208 | V89: 10 | W89: 9999
A90: IFR | B90: 11 | C90: WSAS | D90: 10208 | E90: Natural Sciences | F90: 10208 | G90: Natural Sciences | H90: 100 | I90: Instruction | J90: 3012 | K90: 99999 | L90: 999999 | M90: 9999 | N90: 11 | O90: =D90&N90 -> 1020811 | P90: 3012 | Q90: 99999 | R90: 999999 | S90: 9999 | T90: 100 | U90: =A90&D90 -> IFR10208 | V90: 11 | W90: 3012
A91: Tax Levy | B91: 10 | C91: WSAS | D91: 10221 | E91: Philosophy | F91: 10221 | G91: Philosophy | H91: 100 | I91: Instruction | J91: 9999 | K91: 99999 | L91: 999999 | M91: 9999 | N91: 10 | O91: =D91&N91 -> 1022110 | P91: 9999 | Q91: 99999 | R91: 999999 | S91: 9999 | T91: 100 | U91: =A91&D91 -> Tax Levy10221 | V91: 10 | W91: 9999
A92: Tax Levy | B92: 10 | C92: WSAS | D92: 10236 | E92: Political Science/Government | F92: 10236 | G92: Political Science | H92: 100 | I92: Instruction | J92: 9999 | K92: 99999 | L92: 999999 | M92: 9999 | N92: 10 | O92: =D92&N92 -> 1023610 | P92: 9999 | Q92: 99999 | R92: 999999 | S92: 9999 | T92: 100 | U92: =A92&D92 -> Tax Levy10236 | V92: 10 | W92: 9999
A93: Tax Levy | B93: 10 | C93: WSAS | D93: 10245 | E93: Psychology | F93: 10245 | G93: Psychology | H93: 100 | I93: Instruction | J93: 9999 | K93: 99999 | L93: 999999 | M93: 9999 | N93: 10 | O93: =D93&N93 -> 1024510 | P93: 9999 | Q93: 99999 | R93: 999999 | S93: 9999 | T93: 100 | U93: =A93&D93 -> Tax Levy10245 | V93: 10 | W93: 9999
A94: Tax Levy | B94: 10 | C94: WSAS | D94: 10402 | E94: Black & Hispanic Studies | F94: 10402 | G94: Black and Latino Studies | H94: 100 | I94: Instruction | J94: 9999 | K94: 99999 | L94: 999999 | M94: 9999 | N94: 10 | O94: =D94&N94 -> 1040210 | P94: 9999 | Q94: 99999 | R94: 999999 | S94: 9999 | T94: 100 | U94: =A94&D94 -> Tax Levy10402 | V94: 10 | W94: 9999
A95: Tax Levy | B95: 10 | C95: WSAS | D95: 60023 | E95: Center, Performing Arts | F95: 60023 | G95: Center, Performing Arts | H95: 200 | I95: Public Service | J95: 9999 | K95: 99999 | L95: 999999 | M95: 9999 | N95: 10 | O95: =D95&N95 -> 6002310 | P95: 9999 | Q95: 99999 | R95: 999999 | S95: 9999 | T95: 200 | U95: =A95&D95 -> Tax Levy60023 | V95: 10 | W95: 9999
A96: Tax Levy | B96: 10 | C96: WSAS | D96: 65009 | E96: Art Gallery | F96: 65009 | G96: Mishkin Art Gallery | H96: 355 | I96: General Administration | J96: 9999 | K96: 99999 | L96: 999999 | M96: 9999 | N96: 10 | O96: =D96&N96 -> 6500910 | P96: 9999 | Q96: 99999 | R96: 999999 | S96: 9999 | T96: 355 | U96: =A96&D96 -> Tax Levy65009 | V96: 10 | W96: 9999
A97: Tax Levy | B97: 10 | C97: WSAS | D97: 75073 | E97: Student Services | F97: 75073 | G97: Student Services | H97: 300 | I97: Student Services | J97: 9999 | K97: 99999 | L97: 999999 | M97: 9999 | N97: 10 | O97: =D97&N97 -> 7507310 | P97: 9999 | Q97: 99999 | R97: 999999 | S97: 9999 | T97: 300 | U97: =A97&D97 -> Tax Levy75073 | V97: 10 | W97: 9999
A98: Tax Levy | B98: 10 | C98: WSAS | D98: 80109 | E98: Dean Of Liberal Arts | F98: 80109 | G98: Dean's Office - WSAS | H98: 100 | I98: Instruction | J98: 9999 | K98: 99999 | L98: 999999 | M98: 9999 | N98: 10 | O98: =D98&N98 -> 8010910 | P98: 9999 | Q98: 99999 | R98: 999999 | S98: 9999 | T98: 100 | U98: =A98&D98 -> Tax Levy80109 | V98: 10 | W98: 9999
A99: Tax Levy | B99: 10 | C99: ZSB | D99: 10005 | E99: Accounting | F99: 10005 | G99: Stan Ross Dept Accountancy | H99: 100 | I99: Instruction | J99: 9999 | K99: 99999 | L99: 999999 | M99: 9999 | N99: 10 | O99: =D99&N99 -> 1000510 | P99: 9999 | Q99: 99999 | R99: 999999 | S99: 9999 | T99: 100 | U99: =A99&D99 -> Tax Levy10005 | V99: 10 | W99: 9999
... A120: IFR | B120: 11 | C120: ZSB | D120: 80101 | E120: Graduate Programs | F120: 80101 | G120: Graduate Programs - ZSB | H120: 100 | I120: Instruction | J120: 4001 | K120: 99999 | L120: 999999 | M120: 9999 | N120: 11 | O120: =D120&N120 -> 8010111 | P120: 4001 | Q120: 99999 | R120: 999999 | S120: 9999 | T120: 100 | U120: =A120&D120 -> IFR80101 | V120: 11 | W120: 4001
A121: IFR | B121: 11 | C121: NA | D121: 80291 | E121: UWI | F121: 80291 | G121: UWI | H121: 352 | J121: 3019 | K121: 99999 | L121: 999999 | M121: 108 | N121: 11 | O121: =D121&N121 -> 8029111 | P121: 3019 | Q121: 99999 | R121: 999999 | S121: 108 | T121: 352 | U121: =A121&D121 -> IFR80291 | V121: 11 | W121: 352
A122: Tax Levy | B122: 10 | C122: UWI | D122: 80291 | E122: UWI | F122: 80291 | G122: UWI | H122: 352 | J122: 9999 | K122: 99999 | L122: 999999 | M122: 108 | N122: 10 | O122: =D122&N122 -> 8029110 | P122: 9999 | Q122: 99999 | R122: 999999 | S122: 108 | T122: 352 | U122: =A122&D122 -> Tax Levy80291 | V122: 10 | W122: 352
A123: Tax Levy | B123: 10 | C123: Labor Reserve | D123: Labor Reserve | E123: Labor Reserve | F123: Labor Reserve | G123: Labor Reserve | H123: NA | I123: NA | J123: 9999 | K123: 99999 | L123: 999999 | M123: 9999 | N123: 10 | O123: =D123&N123 -> Labor Reserve10 | P123: 9999 | Q123: 99999 | R123: 999999 | S123: 9999 | T123: NA | U123: =A123&D123 -> Tax LevyLabor Reserve | V123: 10 | W123: NA
A124: Tax Levy | B124: 10 | C124: TBA | D124: TBA | E124: TBA | F124: TBA | G124: NA | H124: NA | I124: NA | J124: NA | K124: NA | L124: NA | M124: NA | N124: 10 | O124: =D124&N124 -> TBA10 | P124: NA | Q124: NA | R124: NA | S124: NA | T124: NA | U124: =A124&D124 -> Tax LevyTBA | V124: 10 | W124: NA
A125: Tax Levy | B125: 10 | C125: Unassigned | D125: Unassigned | E125: Unassigned | F125: Unassigned | G125: NA | H125: NA | I125: NA | J125: NA | K125: NA | L125: NA | M125: NA | N125: 10 | O125: =D125&N125 -> Unassigned10 | P125: NA | Q125: NA | R125: NA | S125: NA | T125: NA | U125: =A125&D125 -> Tax LevyUnassigned | V125: 10 | W125: NA
A128: CF Programs Desciption | C128: Codes
A129: Membership dues | C129: 10310
A130: Vendor Services | C130: 10454
A131: Global Initiatives | C131: 10481
A132: Credit Card Fee | C132: 10482
A133: Coordinated Undergraduate Education | C133: 10483
A134: Welcome Center Program | C134: 10486
A135: Human Research Protection Prog | C135: 10487
A136: Research Integrity Officer | C136: 10488
A137: Assessment | C137: 10489
A138: Tools for Clear Speech | C138: 10490
A141: Funding Source Description | C141: Codes
A142: Academic Excellence Fees | C142: 801066
A144: Operating Unit Description | C144: Codes
A145: IFR Senior Colleges | C145: 3012
A146: IFR High Schools | C146: 3017
